Workbook
Name \0: #REF!
Name \A: #REF!
Name \C: #REF!
Name \P: #REF!
Name \Q: #REF!
Name \V: #REF!
Name \X: #REF!
Name \Z: #REF!
Name ___INDEX_SHEET___ASAP_Utilities: #REF!
Name _1___Data_table_for_graph___Leakage___AR4__AR3__AR2__AR1_and_Ofwat_leakage_targets: #REF!
Name _1__Data_table_for_graph___meter_penetration___AR4__AR3__AR2__and_AR1: #REF!
Name _1__Graph___meter_penetration___AR4__AR3__AR2__and_AR1: #REF!
Name _1_8_4_Step2: #REF!
Name _1st_model_column_flag: #REF!
Name _2__Graph___Leakage_AR4__AR3__AR2__AR1_and_Ofwat_leakage_targets: #REF!
Name _2__Graph___meter_penetration___AR4__AR3__AR2__and_AR1: #REF!
Name _2020_25_RCV___nominal.ADDN1: #REF!
Name _2020_25_RCV___nominal.ADDN1.BEG: #REF!
Name _2020_25_RCV___nominal.ADDN2: #REF!
Name _2020_25_RCV___nominal.ADDN2.BEG: #REF!
Name _2020_25_RCV___nominal.BR: #REF!
Name _2020_25_RCV___nominal.BR.BEG: #REF!
Name _2020_25_RCV___nominal.WN: #REF!
Name _2020_25_RCV___nominal.WN.BEG: #REF!
Name _2020_25_RCV___nominal.WR: #REF!
Name _2020_25_RCV___nominal.WR.BEG: #REF!
Name _2020_25_RCV___nominal.WWN: #REF!
Name _2020_25_RCV___nominal.WWN.BEG: #REF!
Name _2020_25_RCV___not_negative_check.ADDN1: #REF!
Name _2020_25_RCV___not_negative_check.ADDN2: #REF!
Name _2020_25_RCV___not_negative_check.BR: #REF!
Name _2020_25_RCV___not_negative_check.WN: #REF!
Name _2020_25_RCV___not_negative_check.WR: #REF!
Name _2020_25_RCV___not_negative_check.WWN: #REF!
Name _2020_25_RCV___not_negative_check_overall.ADDN1: #REF!
Name _2020_25_RCV___not_negative_check_overall.ADDN2: #REF!
Name _2020_25_RCV___not_negative_check_overall.BR: #REF!
Name _2020_25_RCV___not_negative_check_overall.WN: #REF!
Name _2020_25_RCV___not_negative_check_overall.WR: #REF!
Name _2020_25_RCV___not_negative_check_overall.WWN: #REF!
Name _2020_25_RCV___opening_plus_movement___nominal.ADDN1: #REF!
Name _2020_25_RCV___opening_plus_movement___nominal.ADDN2: #REF!
Name _2020_25_RCV___opening_plus_movement___nominal.BR: #REF!
Name _2020_25_RCV___opening_plus_movement___nominal.WN: #REF!
Name _2020_25_RCV___opening_plus_movement___nominal.WR: #REF!
Name _2020_25_RCV___opening_plus_movement___nominal.WWN: #REF!
Name _2020_25_RCV___real.ADDN1: #REF!
Name _2020_25_RCV___real.ADDN2: #REF!
Name _2020_25_RCV___real.BR: #REF!
Name _2020_25_RCV___real.WN: #REF!
Name _2020_25_RCV___real.WR: #REF!
Name _2020_25_RCV___real.WWN: #REF!
Name _2020_25_RCV_initial_balance___nominal.ADDN1: #REF!
Name _2020_25_RCV_initial_balance___nominal.ADDN2: #REF!
Name _2020_25_RCV_initial_balance___nominal.BR: #REF!
Name _2020_25_RCV_initial_balance___nominal.WN: #REF!
Name _2020_25_RCV_initial_balance___nominal.WR: #REF!
Name _2020_25_RCV_initial_balance___nominal.WWN: #REF!
Name _2020_25_RCV_initial_balance___not_negative_check.ADDN1: #REF!
Name _2020_25_RCV_initial_balance___not_negative_check.ADDN2: #REF!

Sheet Cover
A1: =RIGHT(CELL("filename", $A$1), LEN(CELL("filename", $A$1)) - SEARCH("]", CELL("filename", $A$1))) -> #VALUE!
B3: Sludge treatment - thickening
B5: Model code: | C5: PR24CA80
B6: Version number: | C6: 2
B7: File name: | C7: =MID(CELL("filename"), FIND("[", CELL("filename"), 1) + 1, FIND("]", CELL("filename"), 1) - FIND("[", CELL("filename"), 1) - 1) -> #VALUE!
B8: Date: | C8: 45627
B10: For enquiries please contact: | C10: PR24@ofwat.gov.uk
B31: Contents:
B33: Tab name | C33: Description
B34: Cover | C34: Details of the file and the enhancement assessment approach
B35: Conceptual model | C35: Flow diagram of the high-level enhancement assessment process within models.
B36: Inputs > > | C36: Blank - section header
B37: F_Inputs | C37: Submitted business plan data import from central database
B38: F_Inputs adjusted | C38: Re-organising of input data to take account of transitional / accelerated process expenditure and drivers, and including any reallocations between enhancement lines.
B39: NETTOTEX_WASTE | C39: Water price control net Totex data import from central database used for materiality assessment.
B40: Consolidated Input | C40: Combined input data taking account of any other contributing data, where applicable (eg historical APR data)
B41: Input Override | C41: Manual adjustments to requested data where not corrected in business plan data table resubmissions
B42: Final Input | C42: Final data used for the enhancement assessment
B43: Data_Final_Model_Format | C43: Summary of the expenditure and associated drivers used during the assessment
B44: SPF Validation | C44: Comparison of outputs against validated number of outputs
... B58: DROPDOWN LISTS | C58: Data validation lists used throughout the file
B64: Error Log - subsequent to this model being developed, we identified the following corrections that we will make for final determinations:
B66: Company | C66: Description of error | D66: Sheet(s) in current model

Sheet Conceptual model
A1: =RIGHT(CELL("filename", A1), LEN(CELL("filename", A1)) - SEARCH("]", CELL("filename", A1))) -> #VALUE!
A3: Conceptual model
A49: End of sheet

Sheet Inputs >>

Sheet F_Inputs
A1: =RIGHT(CELL("filename", $A$1), LEN(CELL("filename", $A$1)) - SEARCH("]", CELL("filename", $A$1))) -> #VALUE!
C2: PR24-Enh-WW-sludge-treatment-thickening | E2: Run on 05 Sep 2024 9:43
A3: Acronym | B3: Reference | C3: Item description | D3: Unit | E3: Model | F3: 2020-21 | G3: 2021-22 | H3: 2022-23 | I3: 2023-24 | J3: 2024-25 | K3: 2025-26 | L3: 2026-27 | M3: 2027-28 | N3: 2028-29 | O3: 2029-30
F5: Price Review 2024 | G5: Price Review 2024 | H5: Price Review 2024 | I5: Price Review 2024 | J5: Price Review 2024 | K5: Price Review 2024 | L5: Price Review 2024 | M5: Price Review 2024 | N5: Price Review 2024 | O5: Price Review 2024
F6: Run 11 - PR24 FD Data | G6: Run 11 - PR24 FD Data | H6: Run 11 - PR24 FD Data | I6: Run 11 - PR24 FD Data | J6: Run 11 - PR24 FD Data | K6: Run 11 - PR24 FD Data | L6: Run 11 - PR24 FD Data | M6: Run 11 - PR24 FD Data | N6: Run 11 - PR24 FD Data | O6: Run 11 - PR24 FD Data
F7: Latest | G7: Latest | H7: Latest | I7: Latest | J7: Latest | K7: Latest | L7: Latest | M7: Latest | N7: Latest | O7: Latest
A8: ANH | B8: CWW12_143TOT_PR24 | C8: EA/NRW environmental programme bioresources (WINEP/NEP) - Sludge treatment - Thickening and/or dewatering; (WINEP/NEP) capex - Total | D8: £m | E8: Price Review 2024 | I8: 0 | J8: 0
A9: ANH | B9: CWW12_144TOT_PR24 | C9: EA/NRW environmental programme bioresources (WINEP/NEP) - Sludge treatment -Thickening and/or dewatering; (WINEP/NEP) opex - Total | D9: £m | E9: Price Review 2024 | I9: 0 | J9: 0
A10: ANH | B10: CWW12_145TOT_PR24 | C10: EA/NRW environmental programme bioresources (WINEP/NEP) - Sludge treatment - Thickening and/or dewatering; (WINEP/NEP) totex - Total | D10: £m | E10: Price Review 2024 | I10: 0 | J10: 0
A11: ANH | B11: CWW17_143TOT_PR24 | C11: EA/NRW environmental programme bioresources (WINEP/NEP) - Sludge treatment - Thickening and/or dewatering; (WINEP/NEP) capex - Total | D11: £m | E11: Price Review 2024 | I11: 0 | J11: 0 | K11: 0 | L11: 0 | M11: 0 | N11: 0 | O11: 0
A12: ANH | B12: CWW17_144TOT_PR24 | C12: EA/NRW environmental programme bioresources (WINEP/NEP) - Sludge treatment -Thickening and/or dewatering; (WINEP/NEP) opex - Total | D12: £m | E12: Price Review 2024 | I12: 0 | J12: 0 | K12: 0 | L12: 0 | M12: 0 | N12: 0 | O12: 0
A13: ANH | B13: CWW17_145TOT_PR24 | C13: EA/NRW environmental programme bioresources (WINEP/NEP) - Sludge treatment - Thickening and/or dewatering; (WINEP/NEP) totex - Total | D13: £m | E13: Price Review 2024 | I13: 0 | J13: 0 | K13: 0 | L13: 0 | M13: 0 | N13: 0 | O13: 0
A14: ANH | B14: CWW3_143TOT_PR24 | C14: EA/NRW environmental programme bioresources (WINEP/NEP) - Sludge treatment - Thickening and/or dewatering; (WINEP/NEP) capex - Total | D14: £m | E14: Price Review 2024 | H14: 0 | I14: 0 | J14: 0 | K14: 0 | L14: 1.334 | M14: 3.781 | N14: 6.882 | O14: 5.022
A15: ANH | B15: CWW3_144TOT_PR24 | C15: EA/NRW environmental programme bioresources (WINEP/NEP) - Sludge treatment -Thickening and/or dewatering; (WINEP/NEP) opex - Total | D15: £m | E15: Price Review 2024 | H15: 0 | I15: 0 | J15: 0 | K15: 0 | L15: 0 | M15: 0 | N15: 0 | O15: 0.002
A16: ANH | B16: CWW3_145TOT_PR24 | C16: EA/NRW environmental programme bioresources (WINEP/NEP) - Sludge treatment - Thickening and/or dewatering; (WINEP/NEP) totex - Total | D16: £m | E16: Price Review 2024 | H16: 0 | I16: 0 | J16: 0 | K16: 0 | L16: 1.334 | M16: 3.781 | N16: 6.882 | O16: 5.024
A17: ANH | B17: BIO5_002_PR24 | C17: Bioresources data - Tonnes of dry solids undertaking thickening/dewatering | D17: ttds/yr | E17: Price Review 2024 | H17: 0 | I17: 0 | J17: 0 | K17: 0 | L17: 0 | M17: 0 | N17: 0 | O17: 40
A18: ANH | B18: BIO5_007_PR24 | C18: Bioresources data - Total number of sludge treatment schemes providing sludge thickening and dewatering | D18: nr | E18: Price Review 2024 | H18: 0 | I18: 0 | J18: 0 | K18: 0 | L18: 0 | M18: 0 | N18: 0 | O18: 1
A19: WSH | B19: CWW12_143TOT_PR24 | C19: EA/NRW environmental programme bioresources (WINEP/NEP) - Sludge treatment - Thickening and/or dewatering; (WINEP/NEP) capex - Total | D19: £m | E19: Price Review 2024 | I19: 0 | J19: 0
A20: WSH | B20: CWW12_144TOT_PR24 | C20: EA/NRW environmental programme bioresources (WINEP/NEP) - Sludge treatment -Thickening and/or dewatering; (WINEP/NEP) opex - Total | D20: £m | E20: Price Review 2024 | I20: 0 | J20: 0
A21: WSH | B21: CWW12_145TOT_PR24 | C21: EA/NRW environmental programme bioresources (WINEP/NEP) - Sludge treatment - Thickening and/or dewatering; (WINEP/NEP) totex - Total | D21: £m | E21: Price Review 2024 | I21: 0 | J21: 0
A22: WSH | B22: CWW17_143TOT_PR24 | C22: EA/NRW environmental programme bioresources (WINEP/NEP) - Sludge treatment - Thickening and/or dewatering; (WINEP/NEP) capex - Total | D22: £m | E22: Price Review 2024 | I22: 0 | J22: 0 | K22: 0 | L22: 0 | M22: 0 | N22: 0 | O22: 0
A23: WSH | B23: CWW17_144TOT_PR24 | C23: EA/NRW environmental programme bioresources (WINEP/NEP) - Sludge treatment -Thickening and/or dewatering; (WINEP/NEP) opex - Total | D23: £m | E23: Price Review 2024 | I23: 0 | J23: 0 | K23: 0 | L23: 0 | M23: 0 | N23: 0 | O23: 0
A24: WSH | B24: CWW17_145TOT_PR24 | C24: EA/NRW environmental programme bioresources (WINEP/NEP) - Sludge treatment - Thickening and/or dewatering; (WINEP/NEP) totex - Total | D24: £m | E24: Price Review 2024 | I24: 0 | J24: 0 | K24: 0 | L24: 0 | M24: 0 | N24: 0 | O24: 0
A25: WSH | B25: CWW3_143TOT_PR24 | C25: EA/NRW environmental programme bioresources (WINEP/NEP) - Sludge treatment - Thickening and/or dewatering; (WINEP/NEP) capex - Total | D25: £m | E25: Price Review 2024 | H25: 0 | I25: 0 | J25: 0 | K25: 1.742 | L25: 3.398 | M25: 5.047 | N25: 4.264 | O25: 2.666
A26: WSH | B26: CWW3_144TOT_PR24 | C26: EA/NRW environmental programme bioresources (WINEP/NEP) - Sludge treatment -Thickening and/or dewatering; (WINEP/NEP) opex - Total | D26: £m | E26: Price Review 2024 | H26: 0 | I26: 0 | J26: 0 | K26: 0.191 | L26: 0.383 | M26: 0.575 | N26: 0.767 | O26: 0.962
A27: WSH | B27: CWW3_145TOT_PR24 | C27: EA/NRW environmental programme bioresources (WINEP/NEP) - Sludge treatment - Thickening and/or dewatering; (WINEP/NEP) totex - Total | D27: £m | E27: Price Review 2024 | H27: 0 | I27: 0 | J27: 0 | K27: 1.933 | L27: 3.781 | M27: 5.622 | N27: 5.031 | O27: 3.628
A28: WSH | B28: BIO5_002_PR24 | C28: Bioresources data - Tonnes of dry solids undertaking thickening/dewatering | D28: ttds/yr | E28: Price Review 2024 | H28: 0 | I28: 0 | J28: 0 | K28: 2.187 | L28: 2.187 | M28: 2.187 | N28: 2.187 | O28: 2.187
A29: WSH | B29: BIO5_007_PR24 | C29: Bioresources data - Total number of sludge treatment schemes providing sludge thickening and dewatering | D29: nr | E29: Price Review 2024 | H29: 0 | I29: 0 | J29: 0 | K29: 1 | L29: 1 | M29: 1 | N29: 1 | O29: 1
A30: HDD | B30: CWW12_143TOT_PR24 | C30: EA/NRW environmental programme bioresources (WINEP/NEP) - Sludge treatment - Thickening and/or dewatering; (WINEP/NEP) capex - Total | D30: £m | E30: Price Review 2024 | I30: 0 | J30: 0
A31: HDD | B31: CWW12_144TOT_PR24 | C31: EA/NRW environmental programme bioresources (WINEP/NEP) - Sludge treatment -Thickening and/or dewatering; (WINEP/NEP) opex - Total | D31: £m | E31: Price Review 2024 | I31: 0 | J31: 0
A32: HDD | B32: CWW12_145TOT_PR24 | C32: EA/NRW environmental programme bioresources (WINEP/NEP) - Sludge treatment - Thickening and/or dewatering; (WINEP/NEP) totex - Total | D32: £m | E32: Price Review 2024 | I32: 0 | J32: 0
A33: HDD | B33: CWW17_143TOT_PR24 | C33: EA/NRW environmental programme bioresources (WINEP/NEP) - Sludge treatment - Thickening and/or dewatering; (WINEP/NEP) capex - Total | D33: £m | E33: Price Review 2024 | I33: 0 | J33: 0 | K33: 0 | L33: 0 | M33: 0 | N33: 0 | O33: 0
A34: HDD | B34: CWW17_144TOT_PR24 | C34: EA/NRW environmental programme bioresources (WINEP/NEP) - Sludge treatment -Thickening and/or dewatering; (WINEP/NEP) opex - Total | D34: £m | E34: Price Review 2024 | I34: 0 | J34: 0 | K34: 0 | L34: 0 | M34: 0 | N34: 0 | O34: 0
A35: HDD | B35: CWW17_145TOT_PR24 | C35: EA/NRW environmental programme bioresources (WINEP/NEP) - Sludge treatment - Thickening and/or dewatering; (WINEP/NEP) totex - Total | D35: £m | E35: Price Review 2024 | I35: 0 | J35: 0 | K35: 0 | L35: 0 | M35: 0 | N35: 0 | O35: 0
A36: HDD | B36: CWW3_143TOT_PR24 | C36: EA/NRW environmental programme bioresources (WINEP/NEP) - Sludge treatment - Thickening and/or dewatering; (WINEP/NEP) capex - Total | D36: £m | E36: Price Review 2024 | H36: 0 | I36: 0 | J36: 0 | K36: 0 | L36: 0 | M36: 0 | N36: 0 | O36: 0
A37: HDD | B37: CWW3_144TOT_PR24 | C37: EA/NRW environmental programme bioresources (WINEP/NEP) - Sludge treatment -Thickening and/or dewatering; (WINEP/NEP) opex - Total | D37: £m | E37: Price Review 2024 | H37: 0 | I37: 0 | J37: 0 | K37: 0 | L37: 0 | M37: 0 | N37: 0 | O37: 0
A38: HDD | B38: CWW3_145TOT_PR24 | C38: EA/NRW environmental programme bioresources (WINEP/NEP) - Sludge treatment - Thickening and/or dewatering; (WINEP/NEP) totex - Total | D38: £m | E38: Price Review 2024 | H38: 0 | I38: 0 | J38: 0 | K38: 0 | L38: 0 | M38: 0 | N38: 0 | O38: 0
A39: HDD | B39: BIO5_002_PR24 | C39: Bioresources data - Tonnes of dry solids undertaking thickening/dewatering | D39: ttds/yr | E39: Price Review 2024
A40: HDD | B40: BIO5_007_PR24 | C40: Bioresources data - Total number of sludge treatment schemes providing sludge thickening and dewatering | D40: nr | E40: Price Review 2024
A41: NES | B41: CWW12_143TOT_PR24 | C41: EA/NRW environmental programme bioresources (WINEP/NEP) - Sludge treatment - Thickening and/or dewatering; (WINEP/NEP) capex - Total | D41: £m | E41: Price Review 2024 | I41: 0 | J41: 0
A42: NES | B42: CWW12_144TOT_PR24 | C42: EA/NRW environmental programme bioresources (WINEP/NEP) - Sludge treatment -Thickening and/or dewatering; (WINEP/NEP) opex - Total | D42: £m | E42: Price Review 2024 | I42: 0 | J42: 0
A43: NES | B43: CWW12_145TOT_PR24 | C43: EA/NRW environmental programme bioresources (WINEP/NEP) - Sludge treatment - Thickening and/or dewatering; (WINEP/NEP) totex - Total | D43: £m | E43: Price Review 2024 | I43: 0 | J43: 0
A44: NES | B44: CWW17_143TOT_PR24 | C44: EA/NRW environmental programme bioresources (WINEP/NEP) - Sludge treatment - Thickening and/or dewatering; (WINEP/NEP) capex - Total | D44: £m | E44: Price Review 2024 | I44: 0 | J44: 0 | K44: 0 | L44: 0 | M44: 0 | N44: 0 | O44: 0
A45: NES | B45: CWW17_144TOT_PR24 | C45: EA/NRW environmental programme bioresources (WINEP/NEP) - Sludge treatment -Thickening and/or dewatering; (WINEP/NEP) opex - Total | D45: £m | E45: Price Review 2024 | I45: 0 | J45: 0 | K45: 0 | L45: 0 | M45: 0 | N45: 0 | O45: 0
A46: NES | B46: CWW17_145TOT_PR24 | C46: EA/NRW environmental programme bioresources (WINEP/NEP) - Sludge treatment - Thickening and/or dewatering; (WINEP/NEP) totex - Total | D46: £m | E46: Price Review 2024 | I46: 0 | J46: 0 | K46: 0 | L46: 0 | M46: 0 | N46: 0 | O46: 0
A47: NES | B47: CWW3_143TOT_PR24 | C47: EA/NRW environmental programme bioresources (WINEP/NEP) - Sludge treatment - Thickening and/or dewatering; (WINEP/NEP) capex - Total | D47: £m | E47: Price Review 2024 | H47: 0 | I47: 0 | J47: 0 | K47: 0 | L47: 0 | M47: 8.25 | N47: 8.25 | O47: 0
A48: NES | B48: CWW3_144TOT_PR24 | C48: EA/NRW environmental programme bioresources (WINEP/NEP) - Sludge treatment -Thickening and/or dewatering; (WINEP/NEP) opex - Total | D48: £m | E48: Price Review 2024 | H48: 0 | I48: 0 | J48: 0 | K48: 0.718 | L48: 0.718 | M48: 0.634 | N48: 0.55 | O48: 0.55
A49: NES | B49: CWW3_145TOT_PR24 | C49: EA/NRW environmental programme bioresources (WINEP/NEP) - Sludge treatment - Thickening and/or dewatering; (WINEP/NEP) totex - Total | D49: £m | E49: Price Review 2024 | H49: 0 | I49: 0 | J49: 0 | K49: 0.718 | L49: 0.718 | M49: 8.884 | N49: 8.8 | O49: 0.55
A50: NES | B50: BIO5_002_PR24 | C50: Bioresources data - Tonnes of dry solids undertaking thickening/dewatering | D50: ttds/yr | E50: Price Review 2024 | H50: 0 | I50: 0 | J50: 0 | K50: 0 | L50: 0 | M50: 7.575 | N50: 14.068 | O50: 6.442
A51: NES | B51: BIO5_007_PR24 | C51: Bioresources data - Total number of sludge treatment schemes providing sludge thickening and dewatering | D51: nr | E51: Price Review 2024 | H51: 0 | I51: 0 | J51: 0 | K51: 0 | L51: 0 | M51: 1 | N51: 1 | O51: 0
A52: SVE | B52: CWW12_143TOT_PR24 | C52: EA/NRW environmental programme bioresources (WINEP/NEP) - Sludge treatment - Thickening and/or dewatering; (WINEP/NEP) capex - Total | D52: £m | E52: Price Review 2024 | I52: 0 | J52: 0
A53: SVE | B53: CWW12_144TOT_PR24 | C53: EA/NRW environmental programme bioresources (WINEP/NEP) - Sludge treatment -Thickening and/or dewatering; (WINEP/NEP) opex - Total | D53: £m | E53: Price Review 2024 | I53: 0 | J53: 0
A54: SVE | B54: CWW12_145TOT_PR24 | C54: EA/NRW environmental programme bioresources (WINEP/NEP) - Sludge treatment - Thickening and/or dewatering; (WINEP/NEP) totex - Total | D54: £m | E54: Price Review 2024 | I54: 0 | J54: 0
A55: SVE | B55: CWW17_143TOT_PR24 | C55: EA/NRW environmental programme bioresources (WINEP/NEP) - Sludge treatment - Thickening and/or dewatering; (WINEP/NEP) capex - Total | D55: £m | E55: Price Review 2024 | I55: 0 | J55: 0 | K55: 0 | L55: 0 | M55: 0 | N55: 0 | O55: 0
A56: SVE | B56: CWW17_144TOT_PR24 | C56: EA/NRW environmental programme bioresources (WINEP/NEP) - Sludge treatment -Thickening and/or dewatering; (WINEP/NEP) opex - Total | D56: £m | E56: Price Review 2024 | I56: 0 | J56: 0 | K56: 0 | L56: 0 | M56: 0 | N56: 0 | O56: 0
A57: SVE | B57: CWW17_145TOT_PR24 | C57: EA/NRW environmental programme bioresources (WINEP/NEP) - Sludge treatment - Thickening and/or dewatering; (WINEP/NEP) totex - Total | D57: £m | E57: Price Review 2024 | I57: 0 | J57: 0 | K57: 0 | L57: 0 | M57: 0 | N57: 0 | O57: 0
A58: SVE | B58: CWW3_143TOT_PR24 | C58: EA/NRW environmental programme bioresources (WINEP/NEP) - Sludge treatment - Thickening and/or dewatering; (WINEP/NEP) capex - Total | D58: £m | E58: Price Review 2024 | H58: 0 | I58: 0 | J58: 11.908882 | K58: 31.417841 | L58: 0 | M58: 0 | N58: 0 | O58: 0
A59: SVE | B59: CWW3_144TOT_PR24 | C59: EA/NRW environmental programme bioresources (WINEP/NEP) - Sludge treatment -Thickening and/or dewatering; (WINEP/NEP) opex - Total | D59: £m | E59: Price Review 2024 | H59: 0 | I59: 0 | J59: 0 | K59: 0 | L59: -0.18887354 | M59: -0.19002356 | N59: -0.19118058 | O59: -0.19234465
A60: SVE | B60: CWW3_145TOT_PR24 | C60: EA/NRW environmental programme bioresources (WINEP/NEP) - Sludge treatment - Thickening and/or dewatering; (WINEP/NEP) totex - Total | D60: £m | E60: Price Review 2024 | H60: 0 | I60: 0 | J60: 11.908882 | K60: 31.417841 | L60: -0.18887354 | M60: -0.19002356 | N60: -0.19118058 | O60: -0.19234465
A61: SVE | B61: BIO5_002_PR24 | C61: Bioresources data - Tonnes of dry solids undertaking thickening/dewatering | D61: ttds/yr | E61: Price Review 2024 | H61: 0 | I61: 0 | J61: 0 | K61: 0 | L61: 23.944 | M61: 0 | N61: 0 | O61: 0
A62: SVE | B62: BIO5_007_PR24 | C62: Bioresources data - Total number of sludge treatment schemes providing sludge thickening and dewatering | D62: nr | E62: Price Review 2024 | H62: 0 | I62: 0 | J62: 0 | K62: 5 | L62: 0 | M62: 0 | N62: 0 | O62: 0
A63: SWB | B63: CWW12_143TOT_PR24 | C63: EA/NRW environmental programme bioresources (WINEP/NEP) - Sludge treatment - Thickening and/or dewatering; (WINEP/NEP) capex - Total | D63: £m | E63: Price Review 2024 | I63: 0 | J63: 0
A64: SWB | B64: CWW12_144TOT_PR24 | C64: EA/NRW environmental programme bioresources (WINEP/NEP) - Sludge treatment -Thickening and/or dewatering; (WINEP/NEP) opex - Total | D64: £m | E64: Price Review 2024 | I64: 0 | J64: 0
A65: SWB | B65: CWW12_145TOT_PR24 | C65: EA/NRW environmental programme bioresources (WINEP/NEP) - Sludge treatment - Thickening and/or dewatering; (WINEP/NEP) totex - Total | D65: £m | E65: Price Review 2024 | I65: 0 | J65: 0
A66: SWB | B66: CWW17_143TOT_PR24 | C66: EA/NRW environmental programme bioresources (WINEP/NEP) - Sludge treatment - Thickening and/or dewatering; (WINEP/NEP) capex - Total | D66: £m | E66: Price Review 2024 | I66: 0 | J66: 0 | K66: 0 | L66: 0 | M66: 0 | N66: 0 | O66: 0
A67: SWB | B67: CWW17_144TOT_PR24 | C67: EA/NRW environmental programme bioresources (WINEP/NEP) - Sludge treatment -Thickening and/or dewatering; (WINEP/NEP) opex - Total | D67: £m | E67: Price Review 2024 | I67: 0 | J67: 0 | K67: 0 | L67: 0 | M67: 0 | N67: 0 | O67: 0
A68: SWB | B68: CWW17_145TOT_PR24 | C68: EA/NRW environmental programme bioresources (WINEP/NEP) - Sludge treatment - Thickening and/or dewatering; (WINEP/NEP) totex - Total | D68: £m | E68: Price Review 2024 | I68: 0 | J68: 0 | K68: 0 | L68: 0 | M68: 0 | N68: 0 | O68: 0
A69: SWB | B69: CWW3_143TOT_PR24 | C69: EA/NRW environmental programme bioresources (WINEP/NEP) - Sludge treatment - Thickening and/or dewatering; (WINEP/NEP) capex - Total | D69: £m | E69: Price Review 2024 | H69: 0 | I69: 0 | J69: 0 | K69: 2.532 | L69: 6.33 | M69: 7.596 | N69: 6.33 | O69: 2.53
A70: SWB | B70: CWW3_144TOT_PR24 | C70: EA/NRW environmental programme bioresources (WINEP/NEP) - Sludge treatment -Thickening and/or dewatering; (WINEP/NEP) opex - Total | D70: £m | E70: Price Review 2024 | H70: 0 | I70: 0 | J70: 0 | K70: 0 | L70: 0 | M70: 3.59 | N70: 3.59 | O70: 3.59
A71: SWB | B71: CWW3_145TOT_PR24 | C71: EA/NRW environmental programme bioresources (WINEP/NEP) - Sludge treatment - Thickening and/or dewatering; (WINEP/NEP) totex - Total | D71: £m | E71: Price Review 2024 | H71: 0 | I71: 0 | J71: 0 | K71: 2.532 | L71: 6.33 | M71: 11.186 | N71: 9.92 | O71: 6.12
A72: SWB | B72: BIO5_002_PR24 | C72: Bioresources data - Tonnes of dry solids undertaking thickening/dewatering | D72: ttds/yr | E72: Price Review 2024 | H72: 0 | I72: 0 | J72: 0 | K72: 0 | L72: 6.976 | M72: 7.797 | N72: 1.666 | O72: 2.917
A73: SWB | B73: BIO5_007_PR24 | C73: Bioresources data - Total number of sludge treatment schemes providing sludge thickening and dewatering | D73: nr | E73: Price Review 2024 | H73: 0 | I73: 0 | J73: 0 | K73: 0 | L73: 2 | M73: 3 | N73: 2 | O73: 3
A74: SRN | B74: CWW12_143TOT_PR24 | C74: EA/NRW environmental programme bioresources (WINEP/NEP) - Sludge treatment - Thickening and/or dewatering; (WINEP/NEP) capex - Total | D74: £m | E74: Price Review 2024 | I74: 0 | J74: 0
A75: SRN | B75: CWW12_144TOT_PR24 | C75: EA/NRW environmental programme bioresources (WINEP/NEP) - Sludge treatment -Thickening and/or dewatering; (WINEP/NEP) opex - Total | D75: £m | E75: Price Review 2024 | I75: 0 | J75: 0
A76: SRN | B76: CWW12_145TOT_PR24 | C76: EA/NRW environmental programme bioresources (WINEP/NEP) - Sludge treatment - Thickening and/or dewatering; (WINEP/NEP) totex - Total | D76: £m | E76: Price Review 2024 | I76: 0 | J76: 0
A77: SRN | B77: CWW17_143TOT_PR24 | C77: EA/NRW environmental programme bioresources (WINEP/NEP) - Sludge treatment - Thickening and/or dewatering; (WINEP/NEP) capex - Total | D77: £m | E77: Price Review 2024 | I77: 0 | J77: 0 | K77: 0 | L77: 0 | M77: 0 | N77: 0 | O77: 0
A78: SRN | B78: CWW17_144TOT_PR24 | C78: EA/NRW environmental programme bioresources (WINEP/NEP) - Sludge treatment -Thickening and/or dewatering; (WINEP/NEP) opex - Total | D78: £m | E78: Price Review 2024 | I78: 0 | J78: 0 | K78: 0 | L78: 0 | M78: 0 | N78: 0 | O78: 0
A79: SRN | B79: CWW17_145TOT_PR24 | C79: EA/NRW environmental programme bioresources (WINEP/NEP) - Sludge treatment - Thickening and/or dewatering; (WINEP/NEP) totex - Total | D79: £m | E79: Price Review 2024 | I79: 0 | J79: 0 | K79: 0 | L79: 0 | M79: 0 | N79: 0 | O79: 0
A80: SRN | B80: CWW3_143TOT_PR24 | C80: EA/NRW environmental programme bioresources (WINEP/NEP) - Sludge treatment - Thickening and/or dewatering; (WINEP/NEP) capex - Total | D80: £m | E80: Price Review 2024 | H80: 0 | I80: 0 | J80: 0 | K80: 0 | L80: 0 | M80: 0 | N80: 0 | O80: 0
A81: SRN | B81: CWW3_144TOT_PR24 | C81: EA/NRW environmental programme bioresources (WINEP/NEP) - Sludge treatment -Thickening and/or dewatering; (WINEP/NEP) opex - Total | D81: £m | E81: Price Review 2024 | H81: 0 | I81: 0 | J81: 0 | K81: 0 | L81: 0 | M81: 0 | N81: 0 | O81: 0
A82: SRN | B82: CWW3_145TOT_PR24 | C82: EA/NRW environmental programme bioresources (WINEP/NEP) - Sludge treatment - Thickening and/or dewatering; (WINEP/NEP) totex - Total | D82: £m | E82: Price Review 2024 | H82: 0 | I82: 0 | J82: 0 | K82: 0 | L82: 0 | M82: 0 | N82: 0 | O82: 0
A83: SRN | B83: BIO5_002_PR24 | C83: Bioresources data - Tonnes of dry solids undertaking thickening/dewatering | D83: ttds/yr | E83: Price Review 2024 | H83: 0 | I83: 0 | J83: 0 | K83: 0 | L83: 0 | M83: 0 | N83: 0 | O83: 0
A84: SRN | B84: BIO5_007_PR24 | C84: Bioresources data - Total number of sludge treatment schemes providing sludge thickening and dewatering | D84: nr | E84: Price Review 2024 | H84: 0 | I84: 0 | J84: 0 | K84: 0 | L84: 0 | M84: 0 | N84: 0 | O84: 0
A85: TMS | B85: CWW12_143TOT_PR24 | C85: EA/NRW environmental programme bioresources (WINEP/NEP) - Sludge treatment - Thickening and/or dewatering; (WINEP/NEP) capex - Total | D85: £m | E85: Price Review 2024 | I85: 0 | J85: 0
A86: TMS | B86: CWW12_144TOT_PR24 | C86: EA/NRW environmental programme bioresources (WINEP/NEP) - Sludge treatment -Thickening and/or dewatering; (WINEP/NEP) opex - Total | D86: £m | E86: Price Review 2024 | I86: 0 | J86: 0
A87: TMS | B87: CWW12_145TOT_PR24 | C87: EA/NRW environmental programme bioresources (WINEP/NEP) - Sludge treatment - Thickening and/or dewatering; (WINEP/NEP) totex - Total | D87: £m | E87: Price Review 2024 | I87: 0 | J87: 0
A88: TMS | B88: CWW17_143TOT_PR24 | C88: EA/NRW environmental programme bioresources (WINEP/NEP) - Sludge treatment - Thickening and/or dewatering; (WINEP/NEP) capex - Total | D88: £m | E88: Price Review 2024 | I88: 0 | J88: 0 | K88: 0 | L88: 0 | M88: 0 | N88: 0 | O88: 0
A89: TMS | B89: CWW17_144TOT_PR24 | C89: EA/NRW environmental programme bioresources (WINEP/NEP) - Sludge treatment -Thickening and/or dewatering; (WINEP/NEP) opex - Total | D89: £m | E89: Price Review 2024 | I89: 0 | J89: 0 | K89: 0 | L89: 0 | M89: 0 | N89: 0 | O89: 0
A90: TMS | B90: CWW17_145TOT_PR24 | C90: EA/NRW environmental programme bioresources (WINEP/NEP) - Sludge treatment - Thickening and/or dewatering; (WINEP/NEP) totex - Total | D90: £m | E90: Price Review 2024 | I90: 0 | J90: 0 | K90: 0 | L90: 0 | M90: 0 | N90: 0 | O90: 0
A91: TMS | B91: CWW3_143TOT_PR24 | C91: EA/NRW environmental programme bioresources (WINEP/NEP) - Sludge treatment - Thickening and/or dewatering; (WINEP/NEP) capex - Total | D91: £m | E91: Price Review 2024 | H91: 0 | I91: 0 | J91: 0 | K91: 0 | L91: 0 | M91: 0 | N91: 0 | O91: 0
A92: TMS | B92: CWW3_144TOT_PR24 | C92: EA/NRW environmental programme bioresources (WINEP/NEP) - Sludge treatment -Thickening and/or dewatering; (WINEP/NEP) opex - Total | D92: £m | E92: Price Review 2024 | H92: 0 | I92: 0 | J92: 0 | K92: 0 | L92: 0 | M92: 0 | N92: 0 | O92: 0
A93: TMS | B93: CWW3_145TOT_PR24 | C93: EA/NRW environmental programme bioresources (WINEP/NEP) - Sludge treatment - Thickening and/or dewatering; (WINEP/NEP) totex - Total | D93: £m | E93: Price Review 2024 | H93: 0 | I93: 0 | J93: 0 | K93: 0 | L93: 0 | M93: 0 | N93: 0 | O93: 0
A94: TMS | B94: BIO5_002_PR24 | C94: Bioresources data - Tonnes of dry solids undertaking thickening/dewatering | D94: ttds/yr | E94: Price Review 2024
A95: TMS | B95: BIO5_007_PR24 | C95: Bioresources data - Total number of sludge treatment schemes providing sludge thickening and dewatering | D95: nr | E95: Price Review 2024
A96: NWT | B96: CWW12_143TOT_PR24 | C96: EA/NRW environmental programme bioresources (WINEP/NEP) - Sludge treatment - Thickening and/or dewatering; (WINEP/NEP) capex - Total | D96: £m | E96: Price Review 2024 | I96: 0 | J96: 0
A97: NWT | B97: CWW12_144TOT_PR24 | C97: EA/NRW environmental programme bioresources (WINEP/NEP) - Sludge treatment -Thickening and/or dewatering; (WINEP/NEP) opex - Total | D97: £m | E97: Price Review 2024 | I97: 0 | J97: 0
A98: NWT | B98: CWW12_145TOT_PR24 | C98: EA/NRW environmental programme bioresources (WINEP/NEP) - Sludge treatment - Thickening and/or dewatering; (WINEP/NEP) totex - Total | D98: £m | E98: Price Review 2024 | I98: 0 | J98: 0
A99: NWT | B99: CWW17_143TOT_PR24 | C99: EA/NRW environmental programme bioresources (WINEP/NEP) - Sludge treatment - Thickening and/or dewatering; (WINEP/NEP) capex - Total | D99: £m | E99: Price Review 2024 | I99: 0 | J99: 0 | K99: 0 | L99: 0 | M99: 0 | N99: 0 | O99: 0
A100: NWT | B100: CWW17_144TOT_PR24 | C100: EA/NRW environmental programme bioresources (WINEP/NEP) - Sludge treatment -Thickening and/or dewatering; (WINEP/NEP) opex - Total | D100: £m | E100: Price Review 2024 | I100: 0 | J100: 0 | K100: 0 | L100: 0 | M100: 0 | N100: 0 | O100: 0
A101: NWT | B101: CWW17_145TOT_PR24 | C101: EA/NRW environmental programme bioresources (WINEP/NEP) - Sludge treatment - Thickening and/or dewatering; (WINEP/NEP) totex - Total | D101: £m | E101: Price Review 2024 | I101: 0 | J101: 0 | K101: 0 | L101: 0 | M101: 0 | N101: 0 | O101: 0
...

Sheet F_Inputs_adjusted
A1: =RIGHT(CELL("filename", $A$1), LEN(CELL("filename", $A$1)) - SEARCH("]", CELL("filename", $A$1))) -> #VALUE!
R3: 2023-24 | S3: 2024-25 | T3: 2025-26 | U3: 2026-27 | V3: 2027-28 | W3: 2028-29 | X3: 2029-30
A4: Company Acronym | B4: Item Code | C4: Item Description | D4: Item Unit | E4: Item Table Suite | F4: 2020-21 | G4: 2021-22 | H4: 2022-23 | I4: 2023-24 | J4: 2024-25 | K4: 2025-26 | L4: 2026-27 | M4: 2027-28 | N4: 2028-29 | O4: 2029-30
A5: Company Acronym | B5: Item Code | C5: Item Description | D5: Item Unit | E5: Item Table Suite | F5: Price Review 2024 | G5: Price Review 2024 | H5: Price Review 2024 | I5: Price Review 2024 | J5: Price Review 2024 | K5: Price Review 2024 | L5: Price Review 2024 | M5: Price Review 2024 | N5: Price Review 2024 | O5: Price Review 2024 | R5: Price Review 2024 | S5: Price Review 2024 | T5: Price Review 2024 | U5: Price Review 2024 | V5: Price Review 2024 | W5: Price Review 2024 | X5: Price Review 2024
A6: Company Acronym | B6: Item Code | C6: Item Description | D6: Item Unit | E6: Item Table Suite | F6: Run 11 - PR24 FD Data | G6: Run 11 - PR24 FD Data | H6: Run 11 - PR24 FD Data | I6: Run 11 - PR24 FD Data | J6: Run 11 - PR24 FD Data | K6: Run 11 - PR24 FD Data | L6: Run 11 - PR24 FD Data | M6: Run 11 - PR24 FD Data | N6: Run 11 - PR24 FD Data | O6: Run 11 - PR24 FD Data | R6: Run 11 - PR24 FD Data | S6: Run 11 - PR24 FD Data | T6: Run 11 - PR24 FD Data | U6: Run 11 - PR24 FD Data | V6: Run 11 - PR24 FD Data | W6: Run 11 - PR24 FD Data | X6: Run 11 - PR24 FD Data
A7: Company Acronym | B7: Item Code | C7: Item Description | D7: Item Unit | E7: Item Table Suite | F7: Latest | G7: Latest | H7: Latest | I7: Latest | J7: Latest | K7: Latest | L7: Latest | M7: Latest | N7: Latest | O7: Latest | R7: Latest | S7: Latest | T7: Latest | U7: Latest | V7: Latest | W7: Latest | X7: Latest
A8: =F_Inputs!A8 -> ANH | B8: =F_Inputs!B8 -> CWW12_143TOT_PR24 | C8: =F_Inputs!C8 -> EA/NRW environmental programme bioresources (WINEP/NEP) - Sludge treatment - Thickening and/or dewatering; (WINEP/NEP) capex - Total | D8: =F_Inputs!D8 -> £m | E8: =F_Inputs!E8 -> Price Review 2024 | F8: =F_Inputs!F8 | G8: =F_Inputs!G8 | H8: =F_Inputs!H8 | ... O8: =F_Inputs!O8 | Q8: =LEFT(B8,6) -> CWW12_ | R8: =IF(OR($Q8="CWW12_",$Q8= "CWW17_",$Q8= "CWW20A"),I8,0) -> 0 | S8: =IF(OR($Q8="CWW12_",$Q8= "CWW17_",$Q8= "CWW20A"),J8,0) -> 0 | T8: =IF(OR($Q8="CWW3_0",$Q8="CWW3_1", $Q8= "CWW20_",$Q8="BIO5_0",$Q8="CWW1A_"),K8,0) -> 0 | U8: =IF(OR($Q8="CWW3_0",$Q8="CWW3_1", $Q8= "CWW20_",$Q8="BIO5_0",$Q8="CWW1A_"),L8,0) -> 0 | V8: =IF(OR($Q8="CWW3_0",$Q8="CWW3_1", $Q8= "CWW20_",$Q8="BIO5_0",$Q8="CWW1A_"),M8,0) -> 0 | W8: =IF(OR($Q8="CWW3_0",$Q8="CWW3_1", $Q8= "CWW20_",$Q8="BIO5_0",$Q8="CWW1A_"),N8,0) -> 0 | X8: =IF(OR($Q8="CWW3_0",$Q8="CWW3_1", $Q8= "CWW20_",$Q8="BIO5_0",$Q8="CWW1A_"),O8,0) -> 0
A9: =F_Inputs!A9 -> ANH | B9: =F_Inputs!B9 -> CWW12_144TOT_PR24 | C9: =F_Inputs!C9 -> EA/NRW environmental programme bioresources (WINEP/NEP) - Sludge treatment -Thickening and/or dewatering; (WINEP/NEP) opex - Total | D9: =F_Inputs!D9 -> £m | E9: =F_Inputs!E9 -> Price Review 2024 | F9: =F_Inputs!F9 | G9: =F_Inputs!G9 | H9: =F_Inputs!H9 | ... O9: =F_Inputs!O9 | Q9: =LEFT(B9,6) -> CWW12_ | R9: =IF(OR($Q9="CWW12_",$Q9= "CWW17_",$Q9= "CWW20A"),I9,0) -> 0 | S9: =IF(OR($Q9="CWW12_",$Q9= "CWW17_",$Q9= "CWW20A"),J9,0) -> 0 | T9: =IF(OR($Q9="CWW3_0",$Q9="CWW3_1", $Q9= "CWW20_",$Q9="BIO5_0",$Q9="CWW1A_"),K9,0) -> 0 | U9: =IF(OR($Q9="CWW3_0",$Q9="CWW3_1", $Q9= "CWW20_",$Q9="BIO5_0",$Q9="CWW1A_"),L9,0) -> 0 | V9: =IF(OR($Q9="CWW3_0",$Q9="CWW3_1", $Q9= "CWW20_",$Q9="BIO5_0",$Q9="CWW1A_"),M9,0) -> 0 | W9: =IF(OR($Q9="CWW3_0",$Q9="CWW3_1", $Q9= "CWW20_",$Q9="BIO5_0",$Q9="CWW1A_"),N9,0) -> 0 | X9: =IF(OR($Q9="CWW3_0",$Q9="CWW3_1", $Q9= "CWW20_",$Q9="BIO5_0",$Q9="CWW1A_"),O9,0) -> 0
A10: =F_Inputs!A10 -> ANH | B10: =F_Inputs!B10 -> CWW12_145TOT_PR24 | C10: =F_Inputs!C10 -> EA/NRW environmental programme bioresources (WINEP/NEP) - Sludge treatment - Thickening and/or dewatering; (WINEP/NEP) totex - Total | D10: =F_Inputs!D10 -> £m | E10: =F_Inputs!E10 -> Price Review 2024 | F10: =F_Inputs!F10 | G10: =F_Inputs!G10 | H10: =F_Inputs!H10 | ... O10: =F_Inputs!O10 | Q10: =LEFT(B10,6) -> CWW12_ | R10: =IF(OR($Q10="CWW12_",$Q10= "CWW17_",$Q10= "CWW20A"),I10,0) -> 0 | S10: =IF(OR($Q10="CWW12_",$Q10= "CWW17_",$Q10= "CWW20A"),J10,0) -> 0 | T10: =IF(OR($Q10="CWW3_0",$Q10="CWW3_1", $Q10= "CWW20_",$Q10="BIO5_0",$Q10="CWW1A_"),K10,0) -> 0 | U10: =IF(OR($Q10="CWW3_0",$Q10="CWW3_1", $Q10= "CWW20_",$Q10="BIO5_0",$Q10="CWW1A_"),L10,0) -> 0 | V10: =IF(OR($Q10="CWW3_0",$Q10="CWW3_1", $Q10= "CWW20_",$Q10="BIO5_0",$Q10="CWW1A_"),M10,0) -> 0 | W10: =IF(OR($Q10="CWW3_0",$Q10="CWW3_1", $Q10= "CWW20_",$Q10="BIO5_0",$Q10="CWW1A_"),N10,0) -> 0 | X10: =IF(OR($Q10="CWW3_0",$Q10="CWW3_1", $Q10= "CWW20_",$Q10="BIO5_0",$Q10="CWW1A_"),O10,0) -> 0
A11: =F_Inputs!A11 -> ANH | B11: =F_Inputs!B11 -> CWW17_143TOT_PR24 | C11: =F_Inputs!C11 -> EA/NRW environmental programme bioresources (WINEP/NEP) - Sludge treatment - Thickening and/or dewatering; (WINEP/NEP) capex - Total | D11: =F_Inputs!D11 -> £m | E11: =F_Inputs!E11 -> Price Review 2024 | F11: =F_Inputs!F11 | G11: =F_Inputs!G11 | H11: =F_Inputs!H11 | ... O11: =F_Inputs!O11 -> 0 | Q11: =LEFT(B11,6) -> CWW17_ | R11: =IF(OR($Q11="CWW12_",$Q11= "CWW17_",$Q11= "CWW20A"),I11,0) -> 0 | S11: =IF(OR($Q11="CWW12_",$Q11= "CWW17_",$Q11= "CWW20A"),J11,0) -> 0 | T11: =IF(OR($Q11="CWW3_0",$Q11="CWW3_1", $Q11= "CWW20_",$Q11="BIO5_0",$Q11="CWW1A_"),K11,0) -> 0 | U11: =IF(OR($Q11="CWW3_0",$Q11="CWW3_1", $Q11= "CWW20_",$Q11="BIO5_0",$Q11="CWW1A_"),L11,0) -> 0 | V11: =IF(OR($Q11="CWW3_0",$Q11="CWW3_1", $Q11= "CWW20_",$Q11="BIO5_0",$Q11="CWW1A_"),M11,0) -> 0 | W11: =IF(OR($Q11="CWW3_0",$Q11="CWW3_1", $Q11= "CWW20_",$Q11="BIO5_0",$Q11="CWW1A_"),N11,0) -> 0 | X11: =IF(OR($Q11="CWW3_0",$Q11="CWW3_1", $Q11= "CWW20_",$Q11="BIO5_0",$Q11="CWW1A_"),O11,0) -> 0
A12: =F_Inputs!A12 -> ANH | B12: =F_Inputs!B12 -> CWW17_144TOT_PR24 | C12: =F_Inputs!C12 -> EA/NRW environmental programme bioresources (WINEP/NEP) - Sludge treatment -Thickening and/or dewatering; (WINEP/NEP) opex - Total | D12: =F_Inputs!D12 -> £m | E12: =F_Inputs!E12 -> Price Review 2024 | F12: =F_Inputs!F12 | G12: =F_Inputs!G12 | H12: =F_Inputs!H12 | ... O12: =F_Inputs!O12 -> 0 | Q12: =LEFT(B12,6) -> CWW17_ | R12: =IF(OR($Q12="CWW12_",$Q12= "CWW17_",$Q12= "CWW20A"),I12,0) -> 0 | S12: =IF(OR($Q12="CWW12_",$Q12= "CWW17_",$Q12= "CWW20A"),J12,0) -> 0 | T12: =IF(OR($Q12="CWW3_0",$Q12="CWW3_1", $Q12= "CWW20_",$Q12="BIO5_0",$Q12="CWW1A_"),K12,0) -> 0 | U12: =IF(OR($Q12="CWW3_0",$Q12="CWW3_1", $Q12= "CWW20_",$Q12="BIO5_0",$Q12="CWW1A_"),L12,0) -> 0 | V12: =IF(OR($Q12="CWW3_0",$Q12="CWW3_1", $Q12= "CWW20_",$Q12="BIO5_0",$Q12="CWW1A_"),M12,0) -> 0 | W12: =IF(OR($Q12="CWW3_0",$Q12="CWW3_1", $Q12= "CWW20_",$Q12="BIO5_0",$Q12="CWW1A_"),N12,0) -> 0 | X12: =IF(OR($Q12="CWW3_0",$Q12="CWW3_1", $Q12= "CWW20_",$Q12="BIO5_0",$Q12="CWW1A_"),O12,0) -> 0
A13: =F_Inputs!A13 -> ANH | B13: =F_Inputs!B13 -> CWW17_145TOT_PR24 | C13: =F_Inputs!C13 -> EA/NRW environmental programme bioresources (WINEP/NEP) - Sludge treatment - Thickening and/or dewatering; (WINEP/NEP) totex - Total | D13: =F_Inputs!D13 -> £m | E13: =F_Inputs!E13 -> Price Review 2024 | F13: =F_Inputs!F13 | G13: =F_Inputs!G13 | H13: =F_Inputs!H13 | ... O13: =F_Inputs!O13 -> 0 | Q13: =LEFT(B13,6) -> CWW17_ | R13: =IF(OR($Q13="CWW12_",$Q13= "CWW17_",$Q13= "CWW20A"),I13,0) -> 0 | S13: =IF(OR($Q13="CWW12_",$Q13= "CWW17_",$Q13= "CWW20A"),J13,0) -> 0 | T13: =IF(OR($Q13="CWW3_0",$Q13="CWW3_1", $Q13= "CWW20_",$Q13="BIO5_0",$Q13="CWW1A_"),K13,0) -> 0 | U13: =IF(OR($Q13="CWW3_0",$Q13="CWW3_1", $Q13= "CWW20_",$Q13="BIO5_0",$Q13="CWW1A_"),L13,0) -> 0 | V13: =IF(OR($Q13="CWW3_0",$Q13="CWW3_1", $Q13= "CWW20_",$Q13="BIO5_0",$Q13="CWW1A_"),M13,0) -> 0 | W13: =IF(OR($Q13="CWW3_0",$Q13="CWW3_1", $Q13= "CWW20_",$Q13="BIO5_0",$Q13="CWW1A_"),N13,0) -> 0 | X13: =IF(OR($Q13="CWW3_0",$Q13="CWW3_1", $Q13= "CWW20_",$Q13="BIO5_0",$Q13="CWW1A_"),O13,0) -> 0
A14: =F_Inputs!A14 -> ANH | B14: =F_Inputs!B14 -> CWW3_143TOT_PR24 | C14: =F_Inputs!C14 -> EA/NRW environmental programme bioresources (WINEP/NEP) - Sludge treatment - Thickening and/or dewatering; (WINEP/NEP) capex - Total | D14: =F_Inputs!D14 -> £m | E14: =F_Inputs!E14 -> Price Review 2024 | F14: =F_Inputs!F14 | G14: =F_Inputs!G14 | H14: =F_Inputs!H14 -> 0 | ... O14: =F_Inputs!O14 -> 5.022 | Q14: =LEFT(B14,6) -> CWW3_1 | R14: =IF(OR($Q14="CWW12_",$Q14= "CWW17_",$Q14= "CWW20A"),I14,0) -> 0 | S14: =IF(OR($Q14="CWW12_",$Q14= "CWW17_",$Q14= "CWW20A"),J14,0) -> 0 | T14: =IF(OR($Q14="CWW3_0",$Q14="CWW3_1", $Q14= "CWW20_",$Q14="BIO5_0",$Q14="CWW1A_"),K14,0) -> 0 | U14: =IF(OR($Q14="CWW3_0",$Q14="CWW3_1", $Q14= "CWW20_",$Q14="BIO5_0",$Q14="CWW1A_"),L14,0) -> 1.334 | V14: =IF(OR($Q14="CWW3_0",$Q14="CWW3_1", $Q14= "CWW20_",$Q14="BIO5_0",$Q14="CWW1A_"),M14,0) -> 3.781 | W14: =IF(OR($Q14="CWW3_0",$Q14="CWW3_1", $Q14= "CWW20_",$Q14="BIO5_0",$Q14="CWW1A_"),N14,0) -> 6.882 | X14: =IF(OR($Q14="CWW3_0",$Q14="CWW3_1", $Q14= "CWW20_",$Q14="BIO5_0",$Q14="CWW1A_"),O14,0) -> 5.022
A15: =F_Inputs!A15 -> ANH | B15: =F_Inputs!B15 -> CWW3_144TOT_PR24 | C15: =F_Inputs!C15 -> EA/NRW environmental programme bioresources (WINEP/NEP) - Sludge treatment -Thickening and/or dewatering; (WINEP/NEP) opex - Total | D15: =F_Inputs!D15 -> £m | E15: =F_Inputs!E15 -> Price Review 2024 | F15: =F_Inputs!F15 | G15: =F_Inputs!G15 | H15: =F_Inputs!H15 -> 0 | ... O15: =F_Inputs!O15 -> 0.002 | Q15: =LEFT(B15,6) -> CWW3_1 | R15: =IF(OR($Q15="CWW12_",$Q15= "CWW17_",$Q15= "CWW20A"),I15,0) -> 0 | S15: =IF(OR($Q15="CWW12_",$Q15= "CWW17_",$Q15= "CWW20A"),J15,0) -> 0 | T15: =IF(OR($Q15="CWW3_0",$Q15="CWW3_1", $Q15= "CWW20_",$Q15="BIO5_0",$Q15="CWW1A_"),K15,0) -> 0 | U15: =IF(OR($Q15="CWW3_0",$Q15="CWW3_1", $Q15= "CWW20_",$Q15="BIO5_0",$Q15="CWW1A_"),L15,0) -> 0 | V15: =IF(OR($Q15="CWW3_0",$Q15="CWW3_1", $Q15= "CWW20_",$Q15="BIO5_0",$Q15="CWW1A_"),M15,0) -> 0 | W15: =IF(OR($Q15="CWW3_0",$Q15="CWW3_1", $Q15= "CWW20_",$Q15="BIO5_0",$Q15="CWW1A_"),N15,0) -> 0 | X15: =IF(OR($Q15="CWW3_0",$Q15="CWW3_1", $Q15= "CWW20_",$Q15="BIO5_0",$Q15="CWW1A_"),O15,0) -> 0.002
A16: =F_Inputs!A16 -> ANH | B16: =F_Inputs!B16 -> CWW3_145TOT_PR24 | C16: =F_Inputs!C16 -> EA/NRW environmental programme bioresources (WINEP/NEP) - Sludge treatment - Thickening and/or dewatering; (WINEP/NEP) totex - Total | D16: =F_Inputs!D16 -> £m | E16: =F_Inputs!E16 -> Price Review 2024 | F16: =F_Inputs!F16 | G16: =F_Inputs!G16 | H16: =F_Inputs!H16 -> 0 | ... O16: =F_Inputs!O16 -> 5.024 | Q16: =LEFT(B16,6) -> CWW3_1 | R16: =IF(OR($Q16="CWW12_",$Q16= "CWW17_",$Q16= "CWW20A"),I16,0) -> 0 | S16: =IF(OR($Q16="CWW12_",$Q16= "CWW17_",$Q16= "CWW20A"),J16,0) -> 0 | T16: =IF(OR($Q16="CWW3_0",$Q16="CWW3_1", $Q16= "CWW20_",$Q16="BIO5_0",$Q16="CWW1A_"),K16,0) -> 0 | U16: =IF(OR($Q16="CWW3_0",$Q16="CWW3_1", $Q16= "CWW20_",$Q16="BIO5_0",$Q16="CWW1A_"),L16,0) -> 1.334 | V16: =IF(OR($Q16="CWW3_0",$Q16="CWW3_1", $Q16= "CWW20_",$Q16="BIO5_0",$Q16="CWW1A_"),M16,0) -> 3.781 | W16: =IF(OR($Q16="CWW3_0",$Q16="CWW3_1", $Q16= "CWW20_",$Q16="BIO5_0",$Q16="CWW1A_"),N16,0) -> 6.882 | X16: =IF(OR($Q16="CWW3_0",$Q16="CWW3_1", $Q16= "CWW20_",$Q16="BIO5_0",$Q16="CWW1A_"),O16,0) -> 5.024
A17: =F_Inputs!A17 -> ANH | B17: =F_Inputs!B17 -> BIO5_002_PR24 | C17: =F_Inputs!C17 -> Bioresources data - Tonnes of dry solids undertaking thickening/dewatering | D17: =F_Inputs!D17 -> ttds/yr | E17: =F_Inputs!E17 -> Price Review 2024 | F17: =F_Inputs!F17 | G17: =F_Inputs!G17 | H17: =F_Inputs!H17 -> 0 | ... O17: =F_Inputs!O17 -> 40 | Q17: =LEFT(B17,6) -> BIO5_0 | R17: =IF(OR($Q17="CWW12_",$Q17= "CWW17_",$Q17= "CWW20A"),I17,0) -> 0 | S17: =IF(OR($Q17="CWW12_",$Q17= "CWW17_",$Q17= "CWW20A"),J17,0) -> 0 | T17: =IF(OR($Q17="CWW3_0",$Q17="CWW3_1", $Q17= "CWW20_",$Q17="BIO5_0",$Q17="CWW1A_"),K17,0) -> 0 | U17: =IF(OR($Q17="CWW3_0",$Q17="CWW3_1", $Q17= "CWW20_",$Q17="BIO5_0",$Q17="CWW1A_"),L17,0) -> 0 | V17: =IF(OR($Q17="CWW3_0",$Q17="CWW3_1", $Q17= "CWW20_",$Q17="BIO5_0",$Q17="CWW1A_"),M17,0) -> 0 | W17: =IF(OR($Q17="CWW3_0",$Q17="CWW3_1", $Q17= "CWW20_",$Q17="BIO5_0",$Q17="CWW1A_"),N17,0) -> 0 | X17: =IF(OR($Q17="CWW3_0",$Q17="CWW3_1", $Q17= "CWW20_",$Q17="BIO5_0",$Q17="CWW1A_"),O17,0) -> 40
A18: =F_Inputs!A18 -> ANH | B18: =F_Inputs!B18 -> BIO5_007_PR24 | C18: =F_Inputs!C18 -> Bioresources data - Total number of sludge treatment schemes providing sludge thickening and dewatering | D18: =F_Inputs!D18 -> nr | E18: =F_Inputs!E18 -> Price Review 2024 | F18: =F_Inputs!F18 | G18: =F_Inputs!G18 | H18: =F_Inputs!H18 -> 0 | ... O18: =F_Inputs!O18 -> 1 | Q18: =LEFT(B18,6) -> BIO5_0 | R18: =IF(OR($Q18="CWW12_",$Q18= "CWW17_",$Q18= "CWW20A"),I18,0) -> 0 | S18: =IF(OR($Q18="CWW12_",$Q18= "CWW17_",$Q18= "CWW20A"),J18,0) -> 0 | T18: =IF(OR($Q18="CWW3_0",$Q18="CWW3_1", $Q18= "CWW20_",$Q18="BIO5_0",$Q18="CWW1A_"),K18,0) -> 0 | U18: =IF(OR($Q18="CWW3_0",$Q18="CWW3_1", $Q18= "CWW20_",$Q18="BIO5_0",$Q18="CWW1A_"),L18,0) -> 0 | V18: =IF(OR($Q18="CWW3_0",$Q18="CWW3_1", $Q18= "CWW20_",$Q18="BIO5_0",$Q18="CWW1A_"),M18,0) -> 0 | W18: =IF(OR($Q18="CWW3_0",$Q18="CWW3_1", $Q18= "CWW20_",$Q18="BIO5_0",$Q18="CWW1A_"),N18,0) -> 0 | X18: =IF(OR($Q18="CWW3_0",$Q18="CWW3_1", $Q18= "CWW20_",$Q18="BIO5_0",$Q18="CWW1A_"),O18,0) -> 1
A19: =F_Inputs!A19 -> WSH | B19: =F_Inputs!B19 -> CWW12_143TOT_PR24 | C19: =F_Inputs!C19 -> EA/NRW environmental programme bioresources (WINEP/NEP) - Sludge treatment - Thickening and/or dewatering; (WINEP/NEP) capex - Total | D19: =F_Inputs!D19 -> £m | E19: =F_Inputs!E19 -> Price Review 2024 | F19: =F_Inputs!F19 | G19: =F_Inputs!G19 | H19: =F_Inputs!H19 | ... O19: =F_Inputs!O19 | Q19: =LEFT(B19,6) -> CWW12_ | R19: =IF(OR($Q19="CWW12_",$Q19= "CWW17_",$Q19= "CWW20A"),I19,0) -> 0 | S19: =IF(OR($Q19="CWW12_",$Q19= "CWW17_",$Q19= "CWW20A"),J19,0) -> 0 | T19: =IF(OR($Q19="CWW3_0",$Q19="CWW3_1", $Q19= "CWW20_",$Q19="BIO5_0",$Q19="CWW1A_"),K19,0) -> 0 | U19: =IF(OR($Q19="CWW3_0",$Q19="CWW3_1", $Q19= "CWW20_",$Q19="BIO5_0",$Q19="CWW1A_"),L19,0) -> 0 | V19: =IF(OR($Q19="CWW3_0",$Q19="CWW3_1", $Q19= "CWW20_",$Q19="BIO5_0",$Q19="CWW1A_"),M19,0) -> 0 | W19: =IF(OR($Q19="CWW3_0",$Q19="CWW3_1", $Q19= "CWW20_",$Q19="BIO5_0",$Q19="CWW1A_"),N19,0) -> 0 | X19: =IF(OR($Q19="CWW3_0",$Q19="CWW3_1", $Q19= "CWW20_",$Q19="BIO5_0",$Q19="CWW1A_"),O19,0) -> 0
... A128: =F_Inputs!A128 -> YKY | B128: =F_Inputs!B128 -> BIO5_007_PR24 | C128: =F_Inputs!C128 -> Bioresources data - Total number of sludge treatment schemes providing sludge thickening and dewatering | D128: =F_Inputs!D128 -> nr | E128: =F_Inputs!E128 -> Price Review 2024 | F128: =F_Inputs!F128 | G128: =F_Inputs!G128 | H128: =F_Inputs!H128 -> 0 | ... O128: =F_Inputs!O128 -> 0 | Q128: =LEFT(B128,6) -> BIO5_0 | R128: =IF(OR($Q128="CWW12_",$Q128= "CWW17_",$Q128= "CWW20A"),I128,0) -> 0 | S128: =IF(OR($Q128="CWW12_",$Q128= "CWW17_",$Q128= "CWW20A"),J128,0) -> 0 | T128: =IF(OR($Q128="CWW3_0",$Q128="CWW3_1", $Q128= "CWW20_",$Q128="BIO5_0",$Q128="CWW1A_"),K128,0) -> 0 | U128: =IF(OR($Q128="CWW3_0",$Q128="CWW3_1", $Q128= "CWW20_",$Q128="BIO5_0",$Q128="CWW1A_"),L128,0) -> 3 | V128: =IF(OR($Q128="CWW3_0",$Q128="CWW3_1", $Q128= "CWW20_",$Q128="BIO5_0",$Q128="CWW1A_"),M128,0) -> 0 | W128: =IF(OR($Q128="CWW3_0",$Q128="CWW3_1", $Q128= "CWW20_",$Q128="BIO5_0",$Q128="CWW1A_"),N128,0) -> 0 | X128: =IF(OR($Q128="CWW3_0",$Q128="CWW3_1", $Q128= "CWW20_",$Q128="BIO5_0",$Q128="CWW1A_"),O128,0) -> 0

Sheet Consolidated Input
A1: =RIGHT(CELL("filename", $A$1), LEN(CELL("filename", $A$1)) - SEARCH("]", CELL("filename", $A$1))) -> #VALUE!
A6: Acronym | B6: BON code | C6: Cost Line | D6: Unit | E6: Model | F6: 2023-24 | G6: 2024-25 | H6: 2025-26 | I6: 2026-27 | J6: 2027-28 | K6: 2028-29 | L6: 2029-30 | M6: Total
A7: =F_Inputs!A8 -> ANH | B7: =F_Inputs!B8 -> CWW12_143TOT_PR24 | C7: =F_Inputs!C8 -> EA/NRW environmental programme bioresources (WINEP/NEP) - Sludge treatment - Thickening and/or dewatering; (WINEP/NEP) capex - Total | D7: =F_Inputs_adjusted!D8 -> £m | E7: Price Review 2022 | F7: =SUMIFS(F_Inputs_adjusted!R:R,F_Inputs_adjusted!$A:$A,$A7,F_Inputs_adjusted!$B:$B,$B7) -> 0 | G7: =SUMIFS(F_Inputs_adjusted!S:S,F_Inputs_adjusted!$A:$A,$A7,F_Inputs_adjusted!$B:$B,$B7) -> 0 | H7: =SUMIFS(F_Inputs_adjusted!T:T,F_Inputs_adjusted!$A:$A,$A7,F_Inputs_adjusted!$B:$B,$B7) -> 0 | I7: =SUMIFS(F_Inputs_adjusted!U:U,F_Inputs_adjusted!$A:$A,$A7,F_Inputs_adjusted!$B:$B,$B7) -> 0 | J7: =SUMIFS(F_Inputs_adjusted!V:V,F_Inputs_adjusted!$A:$A,$A7,F_Inputs_adjusted!$B:$B,$B7) -> 0 | K7: =SUMIFS(F_Inputs_adjusted!W:W,F_Inputs_adjusted!$A:$A,$A7,F_Inputs_adjusted!$B:$B,$B7) -> 0 | L7: =SUMIFS(F_Inputs_adjusted!X:X,F_Inputs_adjusted!$A:$A,$A7,F_Inputs_adjusted!$B:$B,$B7) -> 0 | M7: =SUM(Table1[[#This Row],[2023-24]:[2029-30]]) -> 0
A8: =F_Inputs!A9 -> ANH | B8: =F_Inputs!B9 -> CWW12_144TOT_PR24 | C8: =F_Inputs!C9 -> EA/NRW environmental programme bioresources (WINEP/NEP) - Sludge treatment -Thickening and/or dewatering; (WINEP/NEP) opex - Total | D8: =F_Inputs_adjusted!D9 -> £m | E8: Price Review 2023 | F8: =SUMIFS(F_Inputs_adjusted!R:R,F_Inputs_adjusted!$A:$A,$A8,F_Inputs_adjusted!$B:$B,$B8) -> 0 | G8: =SUMIFS(F_Inputs_adjusted!S:S,F_Inputs_adjusted!$A:$A,$A8,F_Inputs_adjusted!$B:$B,$B8) -> 0 | H8: =SUMIFS(F_Inputs_adjusted!T:T,F_Inputs_adjusted!$A:$A,$A8,F_Inputs_adjusted!$B:$B,$B8) -> 0 | I8: =SUMIFS(F_Inputs_adjusted!U:U,F_Inputs_adjusted!$A:$A,$A8,F_Inputs_adjusted!$B:$B,$B8) -> 0 | J8: =SUMIFS(F_Inputs_adjusted!V:V,F_Inputs_adjusted!$A:$A,$A8,F_Inputs_adjusted!$B:$B,$B8) -> 0 | K8: =SUMIFS(F_Inputs_adjusted!W:W,F_Inputs_adjusted!$A:$A,$A8,F_Inputs_adjusted!$B:$B,$B8) -> 0 | L8: =SUMIFS(F_Inputs_adjusted!X:X,F_Inputs_adjusted!$A:$A,$A8,F_Inputs_adjusted!$B:$B,$B8) -> 0 | M8: =SUM(Table1[[#This Row],[2023-24]:[2029-30]]) -> 0
A9: =F_Inputs!A10 -> ANH | B9: =F_Inputs!B10 -> CWW12_145TOT_PR24 | C9: =F_Inputs!C10 -> EA/NRW environmental programme bioresources (WINEP/NEP) - Sludge treatment - Thickening and/or dewatering; (WINEP/NEP) totex - Total | D9: =F_Inputs_adjusted!D10 -> £m | E9: Price Review 2024 | F9: =SUMIFS(F_Inputs_adjusted!R:R,F_Inputs_adjusted!$A:$A,$A9,F_Inputs_adjusted!$B:$B,$B9) -> 0 | G9: =SUMIFS(F_Inputs_adjusted!S:S,F_Inputs_adjusted!$A:$A,$A9,F_Inputs_adjusted!$B:$B,$B9) -> 0 | H9: =SUMIFS(F_Inputs_adjusted!T:T,F_Inputs_adjusted!$A:$A,$A9,F_Inputs_adjusted!$B:$B,$B9) -> 0 | I9: =SUMIFS(F_Inputs_adjusted!U:U,F_Inputs_adjusted!$A:$A,$A9,F_Inputs_adjusted!$B:$B,$B9) -> 0 | J9: =SUMIFS(F_Inputs_adjusted!V:V,F_Inputs_adjusted!$A:$A,$A9,F_Inputs_adjusted!$B:$B,$B9) -> 0 | K9: =SUMIFS(F_Inputs_adjusted!W:W,F_Inputs_adjusted!$A:$A,$A9,F_Inputs_adjusted!$B:$B,$B9) -> 0 | L9: =SUMIFS(F_Inputs_adjusted!X:X,F_Inputs_adjusted!$A:$A,$A9,F_Inputs_adjusted!$B:$B,$B9) -> 0 | M9: =SUM(Table1[[#This Row],[2023-24]:[2029-30]]) -> 0
A10: =F_Inputs!A11 -> ANH | B10: =F_Inputs!B11 -> CWW17_143TOT_PR24 | C10: =F_Inputs!C11 -> EA/NRW environmental programme bioresources (WINEP/NEP) - Sludge treatment - Thickening and/or dewatering; (WINEP/NEP) capex - Total | D10: =F_Inputs_adjusted!D11 -> £m | E10: Price Review 2024 | F10: =SUMIFS(F_Inputs_adjusted!R:R,F_Inputs_adjusted!$A:$A,$A10,F_Inputs_adjusted!$B:$B,$B10) -> 0 | G10: =SUMIFS(F_Inputs_adjusted!S:S,F_Inputs_adjusted!$A:$A,$A10,F_Inputs_adjusted!$B:$B,$B10) -> 0 | H10: =SUMIFS(F_Inputs_adjusted!T:T,F_Inputs_adjusted!$A:$A,$A10,F_Inputs_adjusted!$B:$B,$B10) -> 0 | I10: =SUMIFS(F_Inputs_adjusted!U:U,F_Inputs_adjusted!$A:$A,$A10,F_Inputs_adjusted!$B:$B,$B10) -> 0 | J10: =SUMIFS(F_Inputs_adjusted!V:V,F_Inputs_adjusted!$A:$A,$A10,F_Inputs_adjusted!$B:$B,$B10) -> 0 | K10: =SUMIFS(F_Inputs_adjusted!W:W,F_Inputs_adjusted!$A:$A,$A10,F_Inputs_adjusted!$B:$B,$B10) -> 0 | L10: =SUMIFS(F_Inputs_adjusted!X:X,F_Inputs_adjusted!$A:$A,$A10,F_Inputs_adjusted!$B:$B,$B10) -> 0 | M10: =SUM(Table1[[#This Row],[2023-24]:[2029-30]]) -> 0
A11: =F_Inputs!A12 -> ANH | B11: =F_Inputs!B12 -> CWW17_144TOT_PR24 | C11: =F_Inputs!C12 -> EA/NRW environmental programme bioresources (WINEP/NEP) - Sludge treatment -Thickening and/or dewatering; (WINEP/NEP) opex - Total | D11: =F_Inputs_adjusted!D12 -> £m | E11: Price Review 2024 | F11: =SUMIFS(F_Inputs_adjusted!R:R,F_Inputs_adjusted!$A:$A,$A11,F_Inputs_adjusted!$B:$B,$B11) -> 0 | G11: =SUMIFS(F_Inputs_adjusted!S:S,F_Inputs_adjusted!$A:$A,$A11,F_Inputs_adjusted!$B:$B,$B11) -> 0 | H11: =SUMIFS(F_Inputs_adjusted!T:T,F_Inputs_adjusted!$A:$A,$A11,F_Inputs_adjusted!$B:$B,$B11) -> 0 | I11: =SUMIFS(F_Inputs_adjusted!U:U,F_Inputs_adjusted!$A:$A,$A11,F_Inputs_adjusted!$B:$B,$B11) -> 0 | J11: =SUMIFS(F_Inputs_adjusted!V:V,F_Inputs_adjusted!$A:$A,$A11,F_Inputs_adjusted!$B:$B,$B11) -> 0 | K11: =SUMIFS(F_Inputs_adjusted!W:W,F_Inputs_adjusted!$A:$A,$A11,F_Inputs_adjusted!$B:$B,$B11) -> 0 | L11: =SUMIFS(F_Inputs_adjusted!X:X,F_Inputs_adjusted!$A:$A,$A11,F_Inputs_adjusted!$B:$B,$B11) -> 0 | M11: =SUM(Table1[[#This Row],[2023-24]:[2029-30]]) -> 0
A12: =F_Inputs!A13 -> ANH | B12: =F_Inputs!B13 -> CWW17_145TOT_PR24 | C12: =F_Inputs!C13 -> EA/NRW environmental programme bioresources (WINEP/NEP) - Sludge treatment - Thickening and/or dewatering; (WINEP/NEP) totex - Total | D12: =F_Inputs_adjusted!D13 -> £m | E12: Price Review 2024 | F12: =SUMIFS(F_Inputs_adjusted!R:R,F_Inputs_adjusted!$A:$A,$A12,F_Inputs_adjusted!$B:$B,$B12) -> 0 | G12: =SUMIFS(F_Inputs_adjusted!S:S,F_Inputs_adjusted!$A:$A,$A12,F_Inputs_adjusted!$B:$B,$B12) -> 0 | H12: =SUMIFS(F_Inputs_adjusted!T:T,F_Inputs_adjusted!$A:$A,$A12,F_Inputs_adjusted!$B:$B,$B12) -> 0 | I12: =SUMIFS(F_Inputs_adjusted!U:U,F_Inputs_adjusted!$A:$A,$A12,F_Inputs_adjusted!$B:$B,$B12) -> 0 | J12: =SUMIFS(F_Inputs_adjusted!V:V,F_Inputs_adjusted!$A:$A,$A12,F_Inputs_adjusted!$B:$B,$B12) -> 0 | K12: =SUMIFS(F_Inputs_adjusted!W:W,F_Inputs_adjusted!$A:$A,$A12,F_Inputs_adjusted!$B:$B,$B12) -> 0 | L12: =SUMIFS(F_Inputs_adjusted!X:X,F_Inputs_adjusted!$A:$A,$A12,F_Inputs_adjusted!$B:$B,$B12) -> 0 | M12: =SUM(Table1[[#This Row],[2023-24]:[2029-30]]) -> 0
A13: =F_Inputs!A14 -> ANH | B13: =F_Inputs!B14 -> CWW3_143TOT_PR24 | C13: =F_Inputs!C14 -> EA/NRW environmental programme bioresources (WINEP/NEP) - Sludge treatment - Thickening and/or dewatering; (WINEP/NEP) capex - Total | D13: =F_Inputs_adjusted!D14 -> £m | E13: Price Review 2024 | F13: =SUMIFS(F_Inputs_adjusted!R:R,F_Inputs_adjusted!$A:$A,$A13,F_Inputs_adjusted!$B:$B,$B13) -> 0 | G13: =SUMIFS(F_Inputs_adjusted!S:S,F_Inputs_adjusted!$A:$A,$A13,F_Inputs_adjusted!$B:$B,$B13) -> 0 | H13: =SUMIFS(F_Inputs_adjusted!T:T,F_Inputs_adjusted!$A:$A,$A13,F_Inputs_adjusted!$B:$B,$B13) -> 0 | I13: =SUMIFS(F_Inputs_adjusted!U:U,F_Inputs_adjusted!$A:$A,$A13,F_Inputs_adjusted!$B:$B,$B13) -> 1.334 | J13: =SUMIFS(F_Inputs_adjusted!V:V,F_Inputs_adjusted!$A:$A,$A13,F_Inputs_adjusted!$B:$B,$B13) -> 3.781 | K13: =SUMIFS(F_Inputs_adjusted!W:W,F_Inputs_adjusted!$A:$A,$A13,F_Inputs_adjusted!$B:$B,$B13) -> 6.882 | L13: =SUMIFS(F_Inputs_adjusted!X:X,F_Inputs_adjusted!$A:$A,$A13,F_Inputs_adjusted!$B:$B,$B13) -> 5.022 | M13: =SUM(Table1[[#This Row],[2023-24]:[2029-30]]) -> 17.019
A14: =F_Inputs!A15 -> ANH | B14: =F_Inputs!B15 -> CWW3_144TOT_PR24 | C14: =F_Inputs!C15 -> EA/NRW environmental programme bioresources (WINEP/NEP) - Sludge treatment -Thickening and/or dewatering; (WINEP/NEP) opex - Total | D14: =F_Inputs_adjusted!D15 -> £m | E14: Price Review 2024 | F14: =SUMIFS(F_Inputs_adjusted!R:R,F_Inputs_adjusted!$A:$A,$A14,F_Inputs_adjusted!$B:$B,$B14) -> 0 | G14: =SUMIFS(F_Inputs_adjusted!S:S,F_Inputs_adjusted!$A:$A,$A14,F_Inputs_adjusted!$B:$B,$B14) -> 0 | H14: =SUMIFS(F_Inputs_adjusted!T:T,F_Inputs_adjusted!$A:$A,$A14,F_Inputs_adjusted!$B:$B,$B14) -> 0 | I14: =SUMIFS(F_Inputs_adjusted!U:U,F_Inputs_adjusted!$A:$A,$A14,F_Inputs_adjusted!$B:$B,$B14) -> 0 | J14: =SUMIFS(F_Inputs_adjusted!V:V,F_Inputs_adjusted!$A:$A,$A14,F_Inputs_adjusted!$B:$B,$B14) -> 0 | K14: =SUMIFS(F_Inputs_adjusted!W:W,F_Inputs_adjusted!$A:$A,$A14,F_Inputs_adjusted!$B:$B,$B14) -> 0 | L14: =SUMIFS(F_Inputs_adjusted!X:X,F_Inputs_adjusted!$A:$A,$A14,F_Inputs_adjusted!$B:$B,$B14) -> 0.002 | M14: =SUM(Table1[[#This Row],[2023-24]:[2029-30]]) -> 0.002
A15: =F_Inputs!A16 -> ANH | B15: =F_Inputs!B16 -> CWW3_145TOT_PR24 | C15: =F_Inputs!C16 -> EA/NRW environmental programme bioresources (WINEP/NEP) - Sludge treatment - Thickening and/or dewatering; (WINEP/NEP) totex - Total | D15: =F_Inputs_adjusted!D16 -> £m | E15: Price Review 2024 | F15: =SUMIFS(F_Inputs_adjusted!R:R,F_Inputs_adjusted!$A:$A,$A15,F_Inputs_adjusted!$B:$B,$B15) -> 0 | G15: =SUMIFS(F_Inputs_adjusted!S:S,F_Inputs_adjusted!$A:$A,$A15,F_Inputs_adjusted!$B:$B,$B15) -> 0 | H15: =SUMIFS(F_Inputs_adjusted!T:T,F_Inputs_adjusted!$A:$A,$A15,F_Inputs_adjusted!$B:$B,$B15) -> 0 | I15: =SUMIFS(F_Inputs_adjusted!U:U,F_Inputs_adjusted!$A:$A,$A15,F_Inputs_adjusted!$B:$B,$B15) -> 1.334 | J15: =SUMIFS(F_Inputs_adjusted!V:V,F_Inputs_adjusted!$A:$A,$A15,F_Inputs_adjusted!$B:$B,$B15) -> 3.781 | K15: =SUMIFS(F_Inputs_adjusted!W:W,F_Inputs_adjusted!$A:$A,$A15,F_Inputs_adjusted!$B:$B,$B15) -> 6.882 | L15: =SUMIFS(F_Inputs_adjusted!X:X,F_Inputs_adjusted!$A:$A,$A15,F_Inputs_adjusted!$B:$B,$B15) -> 5.024 | M15: =SUM(Table1[[#This Row],[2023-24]:[2029-30]]) -> 17.021
A16: =F_Inputs!A17 -> ANH | B16: =F_Inputs!B17 -> BIO5_002_PR24 | C16: =F_Inputs!C17 -> Bioresources data - Tonnes of dry solids undertaking thickening/dewatering | D16: =F_Inputs_adjusted!D17 -> ttds/yr | E16: Price Review 2024 | F16: =SUMIFS(F_Inputs_adjusted!R:R,F_Inputs_adjusted!$A:$A,$A16,F_Inputs_adjusted!$B:$B,$B16) -> 0 | G16: =SUMIFS(F_Inputs_adjusted!S:S,F_Inputs_adjusted!$A:$A,$A16,F_Inputs_adjusted!$B:$B,$B16) -> 0 | H16: =SUMIFS(F_Inputs_adjusted!T:T,F_Inputs_adjusted!$A:$A,$A16,F_Inputs_adjusted!$B:$B,$B16) -> 0 | I16: =SUMIFS(F_Inputs_adjusted!U:U,F_Inputs_adjusted!$A:$A,$A16,F_Inputs_adjusted!$B:$B,$B16) -> 0 | J16: =SUMIFS(F_Inputs_adjusted!V:V,F_Inputs_adjusted!$A:$A,$A16,F_Inputs_adjusted!$B:$B,$B16) -> 0 | K16: =SUMIFS(F_Inputs_adjusted!W:W,F_Inputs_adjusted!$A:$A,$A16,F_Inputs_adjusted!$B:$B,$B16) -> 0 | L16: =SUMIFS(F_Inputs_adjusted!X:X,F_Inputs_adjusted!$A:$A,$A16,F_Inputs_adjusted!$B:$B,$B16) -> 40 | M16: =SUM(Table1[[#This Row],[2023-24]:[2029-30]]) -> 40
A17: =F_Inputs!A18 -> ANH | B17: =F_Inputs!B18 -> BIO5_007_PR24 | C17: =F_Inputs!C18 -> Bioresources data - Total number of sludge treatment schemes providing sludge thickening and dewatering | D17: =F_Inputs_adjusted!D18 -> nr | E17: Price Review 2024 | F17: =SUMIFS(F_Inputs_adjusted!R:R,F_Inputs_adjusted!$A:$A,$A17,F_Inputs_adjusted!$B:$B,$B17) -> 0 | G17: =SUMIFS(F_Inputs_adjusted!S:S,F_Inputs_adjusted!$A:$A,$A17,F_Inputs_adjusted!$B:$B,$B17) -> 0 | H17: =SUMIFS(F_Inputs_adjusted!T:T,F_Inputs_adjusted!$A:$A,$A17,F_Inputs_adjusted!$B:$B,$B17) -> 0 | I17: =SUMIFS(F_Inputs_adjusted!U:U,F_Inputs_adjusted!$A:$A,$A17,F_Inputs_adjusted!$B:$B,$B17) -> 0 | J17: =SUMIFS(F_Inputs_adjusted!V:V,F_Inputs_adjusted!$A:$A,$A17,F_Inputs_adjusted!$B:$B,$B17) -> 0 | K17: =SUMIFS(F_Inputs_adjusted!W:W,F_Inputs_adjusted!$A:$A,$A17,F_Inputs_adjusted!$B:$B,$B17) -> 0 | L17: =SUMIFS(F_Inputs_adjusted!X:X,F_Inputs_adjusted!$A:$A,$A17,F_Inputs_adjusted!$B:$B,$B17) -> 1 | M17: =SUM(Table1[[#This Row],[2023-24]:[2029-30]]) -> 1
A18: =F_Inputs!A19 -> WSH | B18: =F_Inputs!B19 -> CWW12_143TOT_PR24 | C18: =F_Inputs!C19 -> EA/NRW environmental programme bioresources (WINEP/NEP) - Sludge treatment - Thickening and/or dewatering; (WINEP/NEP) capex - Total | D18: =F_Inputs_adjusted!D19 -> £m | E18: Price Review 2024 | F18: =SUMIFS(F_Inputs_adjusted!R:R,F_Inputs_adjusted!$A:$A,$A18,F_Inputs_adjusted!$B:$B,$B18) -> 0 | G18: =SUMIFS(F_Inputs_adjusted!S:S,F_Inputs_adjusted!$A:$A,$A18,F_Inputs_adjusted!$B:$B,$B18) -> 0 | H18: =SUMIFS(F_Inputs_adjusted!T:T,F_Inputs_adjusted!$A:$A,$A18,F_Inputs_adjusted!$B:$B,$B18) -> 0 | I18: =SUMIFS(F_Inputs_adjusted!U:U,F_Inputs_adjusted!$A:$A,$A18,F_Inputs_adjusted!$B:$B,$B18) -> 0 | J18: =SUMIFS(F_Inputs_adjusted!V:V,F_Inputs_adjusted!$A:$A,$A18,F_Inputs_adjusted!$B:$B,$B18) -> 0 | K18: =SUMIFS(F_Inputs_adjusted!W:W,F_Inputs_adjusted!$A:$A,$A18,F_Inputs_adjusted!$B:$B,$B18) -> 0 | L18: =SUMIFS(F_Inputs_adjusted!X:X,F_Inputs_adjusted!$A:$A,$A18,F_Inputs_adjusted!$B:$B,$B18) -> 0 | M18: =SUM(Table1[[#This Row],[2023-24]:[2029-30]]) -> 0
... A127: =F_Inputs!A128 -> YKY | B127: =F_Inputs!B128 -> BIO5_007_PR24 | C127: =F_Inputs!C128 -> Bioresources data - Total number of sludge treatment schemes providing sludge thickening and dewatering | D127: =F_Inputs_adjusted!D128 -> nr | E127: Price Review 2035 | F127: =SUMIFS(F_Inputs_adjusted!R:R,F_Inputs_adjusted!$A:$A,$A127,F_Inputs_adjusted!$B:$B,$B127) -> 0 | G127: =SUMIFS(F_Inputs_adjusted!S:S,F_Inputs_adjusted!$A:$A,$A127,F_Inputs_adjusted!$B:$B,$B127) -> 0 | H127: =SUMIFS(F_Inputs_adjusted!T:T,F_Inputs_adjusted!$A:$A,$A127,F_Inputs_adjusted!$B:$B,$B127) -> 0 | I127: =SUMIFS(F_Inputs_adjusted!U:U,F_Inputs_adjusted!$A:$A,$A127,F_Inputs_adjusted!$B:$B,$B127) -> 3 | J127: =SUMIFS(F_Inputs_adjusted!V:V,F_Inputs_adjusted!$A:$A,$A127,F_Inputs_adjusted!$B:$B,$B127) -> 0 | K127: =SUMIFS(F_Inputs_adjusted!W:W,F_Inputs_adjusted!$A:$A,$A127,F_Inputs_adjusted!$B:$B,$B127) -> 0 | L127: =SUMIFS(F_Inputs_adjusted!X:X,F_Inputs_adjusted!$A:$A,$A127,F_Inputs_adjusted!$B:$B,$B127) -> 0 | M127: =SUM(Table1[[#This Row],[2023-24]:[2029-30]]) -> 3

Sheet Input Override
A1: =RIGHT(CELL("filename", $A$1), LEN(CELL("filename", $A$1)) - SEARCH("]", CELL("filename", $A$1))) -> #VALUE!
A6: ='Consolidated Input'!A6 -> Acronym | B6: ='Consolidated Input'!B6 -> BON code | D6: ='Consolidated Input'!D6 -> Unit | E6: ='Consolidated Input'!E6 -> Model | F6: ='Consolidated Input'!F6 -> 2023-24 | G6: ='Consolidated Input'!G6 -> 2024-25 | H6: ='Consolidated Input'!H6 -> 2025-26 | I6: ='Consolidated Input'!I6 -> 2026-27 | J6: ='Consolidated Input'!J6 -> 2027-28 | K6: ='Consolidated Input'!K6 -> 2028-29 | L6: ='Consolidated Input'!L6 -> 2029-30 | M6: Comment
A7: ='Consolidated Input'!A7 -> ANH | B7: ='Consolidated Input'!B7 -> CWW12_143TOT_PR24 | C7: ='Consolidated Input'!C7 -> EA/NRW environmental programme bioresources (WINEP/NEP) - Sludge treatment - Thickening and/or dewatering; (WINEP/NEP) capex - Total | D7: ='Consolidated Input'!D7 -> £m | E7: ='Consolidated Input'!E7 -> Price Review 2022
A8: ='Consolidated Input'!A8 -> ANH | B8: ='Consolidated Input'!B8 -> CWW12_144TOT_PR24 | C8: ='Consolidated Input'!C8 -> EA/NRW environmental programme bioresources (WINEP/NEP) - Sludge treatment -Thickening and/or dewatering; (WINEP/NEP) opex - Total | D8: ='Consolidated Input'!D8 -> £m | E8: ='Consolidated Input'!E8 -> Price Review 2023
A9: ='Consolidated Input'!A9 -> ANH | B9: ='Consolidated Input'!B9 -> CWW12_145TOT_PR24 | C9: ='Consolidated Input'!C9 -> EA/NRW environmental programme bioresources (WINEP/NEP) - Sludge treatment - Thickening and/or dewatering; (WINEP/NEP) totex - Total | D9: ='Consolidated Input'!D9 -> £m | E9: ='Consolidated Input'!E9 -> Price Review 2024
A10: ='Consolidated Input'!A10 -> ANH | B10: ='Consolidated Input'!B10 -> CWW17_143TOT_PR24 | C10: ='Consolidated Input'!C10 -> EA/NRW environmental programme bioresources (WINEP/NEP) - Sludge treatment - Thickening and/or dewatering; (WINEP/NEP) capex - Total | D10: ='Consolidated Input'!D10 -> £m | E10: ='Consolidated Input'!E10 -> Price Review 2024
A11: ='Consolidated Input'!A11 -> ANH | B11: ='Consolidated Input'!B11 -> CWW17_144TOT_PR24 | C11: ='Consolidated Input'!C11 -> EA/NRW environmental programme bioresources (WINEP/NEP) - Sludge treatment -Thickening and/or dewatering; (WINEP/NEP) opex - Total | D11: ='Consolidated Input'!D11 -> £m | E11: ='Consolidated Input'!E11 -> Price Review 2024
A12: ='Consolidated Input'!A12 -> ANH | B12: ='Consolidated Input'!B12 -> CWW17_145TOT_PR24 | C12: ='Consolidated Input'!C12 -> EA/NRW environmental programme bioresources (WINEP/NEP) - Sludge treatment - Thickening and/or dewatering; (WINEP/NEP) totex - Total | D12: ='Consolidated Input'!D12 -> £m | E12: ='Consolidated Input'!E12 -> Price Review 2024
A13: ='Consolidated Input'!A13 -> ANH | B13: ='Consolidated Input'!B13 -> CWW3_143TOT_PR24 | C13: ='Consolidated Input'!C13 -> EA/NRW environmental programme bioresources (WINEP/NEP) - Sludge treatment - Thickening and/or dewatering; (WINEP/NEP) capex - Total | D13: ='Consolidated Input'!D13 -> £m | E13: ='Consolidated Input'!E13 -> Price Review 2024
A14: ='Consolidated Input'!A14 -> ANH | B14: ='Consolidated Input'!B14 -> CWW3_144TOT_PR24 | C14: ='Consolidated Input'!C14 -> EA/NRW environmental programme bioresources (WINEP/NEP) - Sludge treatment -Thickening and/or dewatering; (WINEP/NEP) opex - Total | D14: ='Consolidated Input'!D14 -> £m | E14: ='Consolidated Input'!E14 -> Price Review 2024
A15: ='Consolidated Input'!A15 -> ANH | B15: ='Consolidated Input'!B15 -> CWW3_145TOT_PR24 | C15: ='Consolidated Input'!C15 -> EA/NRW environmental programme bioresources (WINEP/NEP) - Sludge treatment - Thickening and/or dewatering; (WINEP/NEP) totex - Total | D15: ='Consolidated Input'!D15 -> £m | E15: ='Consolidated Input'!E15 -> Price Review 2024
A16: ='Consolidated Input'!A16 -> ANH | B16: ='Consolidated Input'!B16 -> BIO5_002_PR24 | C16: ='Consolidated Input'!C16 -> Bioresources data - Tonnes of dry solids undertaking thickening/dewatering | D16: ='Consolidated Input'!D16 -> ttds/yr | E16: ='Consolidated Input'!E16 -> Price Review 2024
A17: ='Consolidated Input'!A17 -> ANH | B17: ='Consolidated Input'!B17 -> BIO5_007_PR24 | C17: ='Consolidated Input'!C17 -> Bioresources data - Total number of sludge treatment schemes providing sludge thickening and dewatering | D17: ='Consolidated Input'!D17 -> nr | E17: ='Consolidated Input'!E17 -> Price Review 2024
A18: ='Consolidated Input'!A18 -> WSH | B18: ='Consolidated Input'!B18 -> CWW12_143TOT_PR24 | C18: ='Consolidated Input'!C18 -> EA/NRW environmental programme bioresources (WINEP/NEP) - Sludge treatment - Thickening and/or dewatering; (WINEP/NEP) capex - Total | D18: ='Consolidated Input'!D18 -> £m | E18: ='Consolidated Input'!E18 -> Price Review 2024
... A52: ='Consolidated Input'!A52 -> SVE | B52: ='Consolidated Input'!B52 -> CWW12_144TOT_PR24 | C52: ='Consolidated Input'!C52 -> EA/NRW environmental programme bioresources (WINEP/NEP) - Sludge treatment -Thickening and/or dewatering; (WINEP/NEP) opex - Total | D52: ='Consolidated Input'!D52 -> £m | E52: ='Consolidated Input'!E52 -> Price Review 2024
A53: ='Consolidated Input'!A53 -> SVE | B53: ='Consolidated Input'!B53 -> CWW12_145TOT_PR24 | C53: ='Consolidated Input'!C53 -> EA/NRW environmental programme bioresources (WINEP/NEP) - Sludge treatment - Thickening and/or dewatering; (WINEP/NEP) totex - Total | D53: ='Consolidated Input'!D53 -> £m | E53: ='Consolidated Input'!E53 -> Price Review 2024 | G53: =F_Inputs!J60-7.409 -> 4.4998816 | M53: Query 026, SVE confirm that of the £11.9m, £7.409m is incorrectly allocated
A54: ='Consolidated Input'!A54 -> SVE | B54: ='Consolidated Input'!B54 -> CWW17_143TOT_PR24 | C54: ='Consolidated Input'!C54 -> EA/NRW environmental programme bioresources (WINEP/NEP) - Sludge treatment - Thickening and/or dewatering; (WINEP/NEP) capex - Total | D54: ='Consolidated Input'!D54 -> £m | E54: ='Consolidated Input'!E54 -> Price Review 2024
A55: ='Consolidated Input'!A55 -> SVE | B55: ='Consolidated Input'!B55 -> CWW17_144TOT_PR24 | C55: ='Consolidated Input'!C55 -> EA/NRW environmental programme bioresources (WINEP/NEP) - Sludge treatment -Thickening and/or dewatering; (WINEP/NEP) opex - Total | D55: ='Consolidated Input'!D55 -> £m | E55: ='Consolidated Input'!E55 -> Price Review 2024
A56: ='Consolidated Input'!A56 -> SVE | B56: ='Consolidated Input'!B56 -> CWW17_145TOT_PR24 | C56: ='Consolidated Input'!C56 -> EA/NRW environmental programme bioresources (WINEP/NEP) - Sludge treatment - Thickening and/or dewatering; (WINEP/NEP) totex - Total | D56: ='Consolidated Input'!D56 -> £m | E56: ='Consolidated Input'!E56 -> Price Review 2024
A57: ='Consolidated Input'!A57 -> SVE | B57: ='Consolidated Input'!B57 -> CWW3_143TOT_PR24 | C57: ='Consolidated Input'!C57 -> EA/NRW environmental programme bioresources (WINEP/NEP) - Sludge treatment - Thickening and/or dewatering; (WINEP/NEP) capex - Total | D57: ='Consolidated Input'!D57 -> £m | E57: ='Consolidated Input'!E57 -> Price Review 2024
A58: ='Consolidated Input'!A58 -> SVE | B58: ='Consolidated Input'!B58 -> CWW3_144TOT_PR24 | C58: ='Consolidated Input'!C58 -> EA/NRW environmental programme bioresources (WINEP/NEP) - Sludge treatment -Thickening and/or dewatering; (WINEP/NEP) opex - Total | D58: ='Consolidated Input'!D58 -> £m | E58: ='Consolidated Input'!E58 -> Price Review 2024
A59: ='Consolidated Input'!A59 -> SVE | B59: ='Consolidated Input'!B59 -> CWW3_145TOT_PR24 | C59: ='Consolidated Input'!C59 -> EA/NRW environmental programme bioresources (WINEP/NEP) - Sludge treatment - Thickening and/or dewatering; (WINEP/NEP) totex - Total | D59: ='Consolidated Input'!D59 -> £m | E59: ='Consolidated Input'!E59 -> Price Review 2024
A60: ='Consolidated Input'!A60 -> SVE | B60: ='Consolidated Input'!B60 -> BIO5_002_PR24 | C60: ='Consolidated Input'!C60 -> Bioresources data - Tonnes of dry solids undertaking thickening/dewatering | D60: ='Consolidated Input'!D60 -> ttds/yr | E60: ='Consolidated Input'!E60 -> Price Review 2024
A61: ='Consolidated Input'!A61 -> SVE | B61: ='Consolidated Input'!B61 -> BIO5_007_PR24 | C61: ='Consolidated Input'!C61 -> Bioresources data - Total number of sludge treatment schemes providing sludge thickening and dewatering | D61: ='Consolidated Input'!D61 -> nr | E61: ='Consolidated Input'!E61 -> Price Review 2024
A62: ='Consolidated Input'!A62 -> SWB | B62: ='Consolidated Input'!B62 -> CWW12_143TOT_PR24 | C62: ='Consolidated Input'!C62 -> EA/NRW environmental programme bioresources (WINEP/NEP) - Sludge treatment - Thickening and/or dewatering; (WINEP/NEP) capex - Total | D62: ='Consolidated Input'!D62 -> £m | E62: ='Consolidated Input'!E62 -> Price Review 2024
A63: ='Consolidated Input'!A63 -> SWB | B63: ='Consolidated Input'!B63 -> CWW12_144TOT_PR24 | C63: ='Consolidated Input'!C63 -> EA/NRW environmental programme bioresources (WINEP/NEP) - Sludge treatment -Thickening and/or dewatering; (WINEP/NEP) opex - Total | D63: ='Consolidated Input'!D63 -> £m | E63: ='Consolidated Input'!E63 -> Price Review 2024
A64: ='Consolidated Input'!A64 -> SWB | B64: ='Consolidated Input'!B64 -> CWW12_145TOT_PR24 | C64: ='Consolidated Input'!C64 -> EA/NRW environmental programme bioresources (WINEP/NEP) - Sludge treatment - Thickening and/or dewatering; (WINEP/NEP) totex - Total | D64: ='Consolidated Input'!D64 -> £m | E64: ='Consolidated Input'!E64 -> Price Review 2024
A65: ='Consolidated Input'!A65 -> SWB | B65: ='Consolidated Input'!B65 -> CWW17_143TOT_PR24 | C65: ='Consolidated Input'!C65 -> EA/NRW environmental programme bioresources (WINEP/NEP) - Sludge treatment - Thickening and/or dewatering; (WINEP/NEP) capex - Total | D65: ='Consolidated Input'!D65 -> £m | E65: ='Consolidated Input'!E65 -> Price Review 2024
... A68: ='Consolidated Input'!A68 -> SWB | B68: ='Consolidated Input'!B68 -> CWW3_143TOT_PR24 | C68: ='Consolidated Input'!C68 -> EA/NRW environmental programme bioresources (WINEP/NEP) - Sludge treatment - Thickening and/or dewatering; (WINEP/NEP) capex - Total | D68: ='Consolidated Input'!D68 -> £m | E68: ='Consolidated Input'!E68 -> Price Review 2024
A69: ='Consolidated Input'!A69 -> SWB | B69: ='Consolidated Input'!B69 -> CWW3_144TOT_PR24 | C69: ='Consolidated Input'!C69 -> EA/NRW environmental programme bioresources (WINEP/NEP) - Sludge treatment -Thickening and/or dewatering; (WINEP/NEP) opex - Total | D69: ='Consolidated Input'!D69 -> £m | E69: ='Consolidated Input'!E69 -> Price Review 2024 | I69: 0.519 | J69: 1.005 | K69: 1.73 | L69: 2.608 | M69: Reduction in Opex from 10.77m to 5.862m as per query OFW-REP-SBB-078
A70: ='Consolidated Input'!A70 -> SWB | B70: ='Consolidated Input'!B70 -> CWW3_145TOT_PR24 | C70: ='Consolidated Input'!C70 -> EA/NRW environmental programme bioresources (WINEP/NEP) - Sludge treatment - Thickening and/or dewatering; (WINEP/NEP) totex - Total | D70: ='Consolidated Input'!D70 -> £m | E70: ='Consolidated Input'!E70 -> Price Review 2024 | I70: =I69+'Consolidated Input'!I68 -> 6.849 | J70: =J69+'Consolidated Input'!J68 -> 8.601 | K70: =K69+'Consolidated Input'!K68 -> 8.06 | L70: =L69+'Consolidated Input'!L68 -> 5.138
A71: ='Consolidated Input'!A71 -> SWB | B71: ='Consolidated Input'!B71 -> BIO5_002_PR24 | C71: ='Consolidated Input'!C71 -> Bioresources data - Tonnes of dry solids undertaking thickening/dewatering | D71: ='Consolidated Input'!D71 -> ttds/yr | E71: ='Consolidated Input'!E71 -> Price Review 2024
A72: ='Consolidated Input'!A72 -> SWB | B72: ='Consolidated Input'!B72 -> BIO5_007_PR24 | C72: ='Consolidated Input'!C72 -> Bioresources data - Total number of sludge treatment schemes providing sludge thickening and dewatering | D72: ='Consolidated Input'!D72 -> nr | E72: ='Consolidated Input'!E72 -> Price Review 2024
A73: ='Consolidated Input'!A73 -> SRN | B73: ='Consolidated Input'!B73 -> CWW12_143TOT_PR24 | C73: ='Consolidated Input'!C73 -> EA/NRW environmental programme bioresources (WINEP/NEP) - Sludge treatment - Thickening and/or dewatering; (WINEP/NEP) capex - Total | D73: ='Consolidated Input'!D73 -> £m | E73: ='Consolidated Input'!E73 -> Price Review 2024
A74: ='Consolidated Input'!A74 -> SRN | B74: ='Consolidated Input'!B74 -> CWW12_144TOT_PR24 | C74: ='Consolidated Input'!C74 -> EA/NRW environmental programme bioresources (WINEP/NEP) - Sludge treatment -Thickening and/or dewatering; (WINEP/NEP) opex - Total | D74: ='Consolidated Input'!D74 -> £m | E74: ='Consolidated Input'!E74 -> Price Review 2024
A75: ='Consolidated Input'!A75 -> SRN | B75: ='Consolidated Input'!B75 -> CWW12_145TOT_PR24 | C75: ='Consolidated Input'!C75 -> EA/NRW environmental programme bioresources (WINEP/NEP) - Sludge treatment - Thickening and/or dewatering; (WINEP/NEP) totex - Total | D75: ='Consolidated Input'!D75 -> £m | E75: ='Consolidated Input'!E75 -> Price Review 2024
A76: ='Consolidated Input'!A76 -> SRN | B76: ='Consolidated Input'!B76 -> CWW17_143TOT_PR24 | C76: ='Consolidated Input'!C76 -> EA/NRW environmental programme bioresources (WINEP/NEP) - Sludge treatment - Thickening and/or dewatering; (WINEP/NEP) capex - Total | D76: ='Consolidated Input'!D76 -> £m | E76: ='Consolidated Input'!E76 -> Price Review 2024
A77: ='Consolidated Input'!A77 -> SRN | B77: ='Consolidated Input'!B77 -> CWW17_144TOT_PR24 | C77: ='Consolidated Input'!C77 -> EA/NRW environmental programme bioresources (WINEP/NEP) - Sludge treatment -Thickening and/or dewatering; (WINEP/NEP) opex - Total | D77: ='Consolidated Input'!D77 -> £m | E77: ='Consolidated Input'!E77 -> Price Review 2024
A78: ='Consolidated Input'!A78 -> SRN | B78: ='Consolidated Input'!B78 -> CWW17_145TOT_PR24 | C78: ='Consolidated Input'!C78 -> EA/NRW environmental programme bioresources (WINEP/NEP) - Sludge treatment - Thickening and/or dewatering; (WINEP/NEP) totex - Total | D78: ='Consolidated Input'!D78 -> £m | E78: ='Consolidated Input'!E78 -> Price Review 2024
A79: ='Consolidated Input'!A79 -> SRN | B79: ='Consolidated Input'!B79 -> CWW3_143TOT_PR24 | C79: ='Consolidated Input'!C79 -> EA/NRW environmental programme bioresources (WINEP/NEP) - Sludge treatment - Thickening and/or dewatering; (WINEP/NEP) capex - Total | D79: ='Consolidated Input'!D79 -> £m | E79: ='Consolidated Input'!E79 -> Price Review 2024
A80: ='Consolidated Input'!A80 -> SRN | B80: ='Consolidated Input'!B80 -> CWW3_144TOT_PR24 | C80: ='Consolidated Input'!C80 -> EA/NRW environmental programme bioresources (WINEP/NEP) - Sludge treatment -Thickening and/or dewatering; (WINEP/NEP) opex - Total | D80: ='Consolidated Input'!D80 -> £m | E80: ='Consolidated Input'!E80 -> Price Review 2024
A81: ='Consolidated Input'!A81 -> SRN | B81: ='Consolidated Input'!B81 -> CWW3_145TOT_PR24 | C81: ='Consolidated Input'!C81 -> EA/NRW environmental programme bioresources (WINEP/NEP) - Sludge treatment - Thickening and/or dewatering; (WINEP/NEP) totex - Total | D81: ='Consolidated Input'!D81 -> £m | E81: ='Consolidated Input'!E81 -> Price Review 2024
A82: ='Consolidated Input'!A82 -> SRN | B82: ='Consolidated Input'!B82 -> BIO5_002_PR24 | C82: ='Consolidated Input'!C82 -> Bioresources data - Tonnes of dry solids undertaking thickening/dewatering | D82: ='Consolidated Input'!D82 -> ttds/yr | E82: ='Consolidated Input'!E82 -> Price Review 2024
... A127: ='Consolidated Input'!A127 -> YKY | B127: ='Consolidated Input'!B127 -> BIO5_007_PR24 | C127: ='Consolidated Input'!C127 -> Bioresources data - Total number of sludge treatment schemes providing sludge thickening and dewatering | D127: ='Consolidated Input'!D127 -> nr | E127: ='Consolidated Input'!E127 -> Price Review 2035

Sheet Final Input
A1: =RIGHT(CELL("filename", $A$1), LEN(CELL("filename", $A$1)) - SEARCH("]", CELL("filename", $A$1))) -> #VALUE!
A6: Acronym | B6: BON code | C6: Column1 | D6: Unit | E6: Model | F6: 2023-24 | G6: 2024-25 | H6: 2025-26 | I6: 2026-27 | J6: 2027-28 | K6: 2028-29 | L6: 2029-30 | M6: Total
A7: ='Input Override'!A7 -> ANH | B7: ='Input Override'!B7 -> CWW12_143TOT_PR24 | C7: ='Input Override'!C7 -> EA/NRW environmental programme bioresources (WINEP/NEP) - Sludge treatment - Thickening and/or dewatering; (WINEP/NEP) capex - Total | D7: ='Input Override'!D7 -> £m | E7: ='Input Override'!E7 -> Price Review 2022 | F7: =IF('Input Override'!F7="",'Consolidated Input'!F7,('Input Override'!F7)) -> 0 | G7: =IF('Input Override'!G7="",'Consolidated Input'!G7,('Input Override'!G7)) -> 0 | H7: =IF('Input Override'!H7="",'Consolidated Input'!H7,('Input Override'!H7)) -> 0 | I7: =IF('Input Override'!I7="",'Consolidated Input'!I7,('Input Override'!I7)) -> 0 | J7: =IF('Input Override'!J7="",'Consolidated Input'!J7,('Input Override'!J7)) -> 0 | K7: =IF('Input Override'!K7="",'Consolidated Input'!K7,('Input Override'!K7)) -> 0 | L7: =IF('Input Override'!L7="",'Consolidated Input'!L7,('Input Override'!L7)) -> 0 | M7: =SUM(F7:L7) -> 0
A8: ='Input Override'!A8 -> ANH | B8: ='Input Override'!B8 -> CWW12_144TOT_PR24 | C8: ='Input Override'!C8 -> EA/NRW environmental programme bioresources (WINEP/NEP) - Sludge treatment -Thickening and/or dewatering; (WINEP/NEP) opex - Total | D8: ='Input Override'!D8 -> £m | E8: ='Input Override'!E8 -> Price Review 2023 | F8: =IF('Input Override'!F8="",'Consolidated Input'!F8,('Input Override'!F8)) -> 0 | G8: =IF('Input Override'!G8="",'Consolidated Input'!G8,('Input Override'!G8)) -> 0 | H8: =IF('Input Override'!H8="",'Consolidated Input'!H8,('Input Override'!H8)) -> 0 | I8: =IF('Input Override'!I8="",'Consolidated Input'!I8,('Input Override'!I8)) -> 0 | J8: =IF('Input Override'!J8="",'Consolidated Input'!J8,('Input Override'!J8)) -> 0 | K8: =IF('Input Override'!K8="",'Consolidated Input'!K8,('Input Override'!K8)) -> 0 | L8: =IF('Input Override'!L8="",'Consolidated Input'!L8,('Input Override'!L8)) -> 0 | M8: =SUM(F8:L8) -> 0
A9: ='Input Override'!A9 -> ANH | B9: ='Input Override'!B9 -> CWW12_145TOT_PR24 | C9: ='Input Override'!C9 -> EA/NRW environmental programme bioresources (WINEP/NEP) - Sludge treatment - Thickening and/or dewatering; (WINEP/NEP) totex - Total | D9: ='Input Override'!D9 -> £m | E9: ='Input Override'!E9 -> Price Review 2024 | F9: =IF('Input Override'!F9="",'Consolidated Input'!F9,('Input Override'!F9)) -> 0 | G9: =IF('Input Override'!G9="",'Consolidated Input'!G9,('Input Override'!G9)) -> 0 | H9: =IF('Input Override'!H9="",'Consolidated Input'!H9,('Input Override'!H9)) -> 0 | I9: =IF('Input Override'!I9="",'Consolidated Input'!I9,('Input Override'!I9)) -> 0 | J9: =IF('Input Override'!J9="",'Consolidated Input'!J9,('Input Override'!J9)) -> 0 | K9: =IF('Input Override'!K9="",'Consolidated Input'!K9,('Input Override'!K9)) -> 0 | L9: =IF('Input Override'!L9="",'Consolidated Input'!L9,('Input Override'!L9)) -> 0 | M9: =SUM(F9:L9) -> 0
A10: ='Input Override'!A10 -> ANH | B10: ='Input Override'!B10 -> CWW17_143TOT_PR24 | C10: ='Input Override'!C10 -> EA/NRW environmental programme bioresources (WINEP/NEP) - Sludge treatment - Thickening and/or dewatering; (WINEP/NEP) capex - Total | D10: ='Input Override'!D10 -> £m | E10: ='Input Override'!E10 -> Price Review 2024 | F10: =IF('Input Override'!F10="",'Consolidated Input'!F10,('Input Override'!F10)) -> 0 | G10: =IF('Input Override'!G10="",'Consolidated Input'!G10,('Input Override'!G10)) -> 0 | H10: =IF('Input Override'!H10="",'Consolidated Input'!H10,('Input Override'!H10)) -> 0 | I10: =IF('Input Override'!I10="",'Consolidated Input'!I10,('Input Override'!I10)) -> 0 | J10: =IF('Input Override'!J10="",'Consolidated Input'!J10,('Input Override'!J10)) -> 0 | K10: =IF('Input Override'!K10="",'Consolidated Input'!K10,('Input Override'!K10)) -> 0 | L10: =IF('Input Override'!L10="",'Consolidated Input'!L10,('Input Override'!L10)) -> 0 | M10: =SUM(F10:L10) -> 0
A11: ='Input Override'!A11 -> ANH | B11: ='Input Override'!B11 -> CWW17_144TOT_PR24 | C11: ='Input Override'!C11 -> EA/NRW environmental programme bioresources (WINEP/NEP) - Sludge treatment -Thickening and/or dewatering; (WINEP/NEP) opex - Total | D11: ='Input Override'!D11 -> £m | E11: ='Input Override'!E11 -> Price Review 2024 | F11: =IF('Input Override'!F11="",'Consolidated Input'!F11,('Input Override'!F11)) -> 0 | G11: =IF('Input Override'!G11="",'Consolidated Input'!G11,('Input Override'!G11)) -> 0 | H11: =IF('Input Override'!H11="",'Consolidated Input'!H11,('Input Override'!H11)) -> 0 | I11: =IF('Input Override'!I11="",'Consolidated Input'!I11,('Input Override'!I11)) -> 0 | J11: =IF('Input Override'!J11="",'Consolidated Input'!J11,('Input Override'!J11)) -> 0 | K11: =IF('Input Override'!K11="",'Consolidated Input'!K11,('Input Override'!K11)) -> 0 | L11: =IF('Input Override'!L11="",'Consolidated Input'!L11,('Input Override'!L11)) -> 0 | M11: =SUM(F11:L11) -> 0
A12: ='Input Override'!A12 -> ANH | B12: ='Input Override'!B12 -> CWW17_145TOT_PR24 | C12: ='Input Override'!C12 -> EA/NRW environmental programme bioresources (WINEP/NEP) - Sludge treatment - Thickening and/or dewatering; (WINEP/NEP) totex - Total | D12: ='Input Override'!D12 -> £m | E12: ='Input Override'!E12 -> Price Review 2024 | F12: =IF('Input Override'!F12="",'Consolidated Input'!F12,('Input Override'!F12)) -> 0 | G12: =IF('Input Override'!G12="",'Consolidated Input'!G12,('Input Override'!G12)) -> 0 | H12: =IF('Input Override'!H12="",'Consolidated Input'!H12,('Input Override'!H12)) -> 0 | I12: =IF('Input Override'!I12="",'Consolidated Input'!I12,('Input Override'!I12)) -> 0 | J12: =IF('Input Override'!J12="",'Consolidated Input'!J12,('Input Override'!J12)) -> 0 | K12: =IF('Input Override'!K12="",'Consolidated Input'!K12,('Input Override'!K12)) -> 0 | L12: =IF('Input Override'!L12="",'Consolidated Input'!L12,('Input Override'!L12)) -> 0 | M12: =SUM(F12:L12) -> 0
A13: ='Input Override'!A13 -> ANH | B13: ='Input Override'!B13 -> CWW3_143TOT_PR24 | C13: ='Input Override'!C13 -> EA/NRW environmental programme bioresources (WINEP/NEP) - Sludge treatment - Thickening and/or dewatering; (WINEP/NEP) capex - Total | D13: ='Input Override'!D13 -> £m | E13: ='Input Override'!E13 -> Price Review 2024 | F13: =IF('Input Override'!F13="",'Consolidated Input'!F13,('Input Override'!F13)) -> 0 | G13: =IF('Input Override'!G13="",'Consolidated Input'!G13,('Input Override'!G13)) -> 0 | H13: =IF('Input Override'!H13="",'Consolidated Input'!H13,('Input Override'!H13)) -> 0 | I13: =IF('Input Override'!I13="",'Consolidated Input'!I13,('Input Override'!I13)) -> 1.334 | J13: =IF('Input Override'!J13="",'Consolidated Input'!J13,('Input Override'!J13)) -> 3.781 | K13: =IF('Input Override'!K13="",'Consolidated Input'!K13,('Input Override'!K13)) -> 6.882 | L13: =IF('Input Override'!L13="",'Consolidated Input'!L13,('Input Override'!L13)) -> 5.022 | M13: =SUM(F13:L13) -> 17.019
A14: ='Input Override'!A14 -> ANH | B14: ='Input Override'!B14 -> CWW3_144TOT_PR24 | C14: ='Input Override'!C14 -> EA/NRW environmental programme bioresources (WINEP/NEP) - Sludge treatment -Thickening and/or dewatering; (WINEP/NEP) opex - Total | D14: ='Input Override'!D14 -> £m | E14: ='Input Override'!E14 -> Price Review 2024 | F14: =IF('Input Override'!F14="",'Consolidated Input'!F14,('Input Override'!F14)) -> 0 | G14: =IF('Input Override'!G14="",'Consolidated Input'!G14,('Input Override'!G14)) -> 0 | H14: =IF('Input Override'!H14="",'Consolidated Input'!H14,('Input Override'!H14)) -> 0 | I14: =IF('Input Override'!I14="",'Consolidated Input'!I14,('Input Override'!I14)) -> 0 | J14: =IF('Input Override'!J14="",'Consolidated Input'!J14,('Input Override'!J14)) -> 0 | K14: =IF('Input Override'!K14="",'Consolidated Input'!K14,('Input Override'!K14)) -> 0 | L14: =IF('Input Override'!L14="",'Consolidated Input'!L14,('Input Override'!L14)) -> 0.002 | M14: =SUM(F14:L14) -> 0.002
A15: ='Input Override'!A15 -> ANH | B15: ='Input Override'!B15 -> CWW3_145TOT_PR24 | C15: ='Input Override'!C15 -> EA/NRW environmental programme bioresources (WINEP/NEP) - Sludge treatment - Thickening and/or dewatering; (WINEP/NEP) totex - Total | D15: ='Input Override'!D15 -> £m | E15: ='Input Override'!E15 -> Price Review 2024 | F15: =IF('Input Override'!F15="",'Consolidated Input'!F15,('Input Override'!F15)) -> 0 | G15: =IF('Input Override'!G15="",'Consolidated Input'!G15,('Input Override'!G15)) -> 0 | H15: =IF('Input Override'!H15="",'Consolidated Input'!H15,('Input Override'!H15)) -> 0 | I15: =IF('Input Override'!I15="",'Consolidated Input'!I15,('Input Override'!I15)) -> 1.334 | J15: =IF('Input Override'!J15="",'Consolidated Input'!J15,('Input Override'!J15)) -> 3.781 | K15: =IF('Input Override'!K15="",'Consolidated Input'!K15,('Input Override'!K15)) -> 6.882 | L15: =IF('Input Override'!L15="",'Consolidated Input'!L15,('Input Override'!L15)) -> 5.024 | M15: =SUM(F15:L15) -> 17.021
A16: ='Input Override'!A16 -> ANH | B16: ='Input Override'!B16 -> BIO5_002_PR24 | C16: ='Input Override'!C16 -> Bioresources data - Tonnes of dry solids undertaking thickening/dewatering | D16: ='Input Override'!D16 -> ttds/yr | E16: ='Input Override'!E16 -> Price Review 2024 | F16: =IF('Input Override'!F16="",'Consolidated Input'!F16,('Input Override'!F16)) -> 0 | G16: =IF('Input Override'!G16="",'Consolidated Input'!G16,('Input Override'!G16)) -> 0 | H16: =IF('Input Override'!H16="",'Consolidated Input'!H16,('Input Override'!H16)) -> 0 | I16: =IF('Input Override'!I16="",'Consolidated Input'!I16,('Input Override'!I16)) -> 0 | J16: =IF('Input Override'!J16="",'Consolidated Input'!J16,('Input Override'!J16)) -> 0 | K16: =IF('Input Override'!K16="",'Consolidated Input'!K16,('Input Override'!K16)) -> 0 | L16: =IF('Input Override'!L16="",'Consolidated Input'!L16,('Input Override'!L16)) -> 40 | M16: =SUM(F16:L16) -> 40
A17: ='Input Override'!A17 -> ANH | B17: ='Input Override'!B17 -> BIO5_007_PR24 | C17: ='Input Override'!C17 -> Bioresources data - Total number of sludge treatment schemes providing sludge thickening and dewatering | D17: ='Input Override'!D17 -> nr | E17: ='Input Override'!E17 -> Price Review 2024 | F17: =IF('Input Override'!F17="",'Consolidated Input'!F17,('Input Override'!F17)) -> 0 | G17: =IF('Input Override'!G17="",'Consolidated Input'!G17,('Input Override'!G17)) -> 0 | H17: =IF('Input Override'!H17="",'Consolidated Input'!H17,('Input Override'!H17)) -> 0 | I17: =IF('Input Override'!I17="",'Consolidated Input'!I17,('Input Override'!I17)) -> 0 | J17: =IF('Input Override'!J17="",'Consolidated Input'!J17,('Input Override'!J17)) -> 0 | K17: =IF('Input Override'!K17="",'Consolidated Input'!K17,('Input Override'!K17)) -> 0 | L17: =IF('Input Override'!L17="",'Consolidated Input'!L17,('Input Override'!L17)) -> 1 | M17: =SUM(F17:L17) -> 1
A18: ='Input Override'!A18 -> WSH | B18: ='Input Override'!B18 -> CWW12_143TOT_PR24 | C18: ='Input Override'!C18 -> EA/NRW environmental programme bioresources (WINEP/NEP) - Sludge treatment - Thickening and/or dewatering; (WINEP/NEP) capex - Total | D18: ='Input Override'!D18 -> £m | E18: ='Input Override'!E18 -> Price Review 2024 | F18: =IF('Input Override'!F18="",'Consolidated Input'!F18,('Input Override'!F18)) -> 0 | G18: =IF('Input Override'!G18="",'Consolidated Input'!G18,('Input Override'!G18)) -> 0 | H18: =IF('Input Override'!H18="",'Consolidated Input'!H18,('Input Override'!H18)) -> 0 | I18: =IF('Input Override'!I18="",'Consolidated Input'!I18,('Input Override'!I18)) -> 0 | J18: =IF('Input Override'!J18="",'Consolidated Input'!J18,('Input Override'!J18)) -> 0 | K18: =IF('Input Override'!K18="",'Consolidated Input'!K18,('Input Override'!K18)) -> 0 | L18: =IF('Input Override'!L18="",'Consolidated Input'!L18,('Input Override'!L18)) -> 0 | M18: =SUM(F18:L18) -> 0
... A127: ='Input Override'!A127 -> YKY | B127: ='Input Override'!B127 -> BIO5_007_PR24 | C127: ='Input Override'!C127 -> Bioresources data - Total number of sludge treatment schemes providing sludge thickening and dewatering | D127: ='Input Override'!D127 -> nr | E127: ='Input Override'!E127 -> Price Review 2035 | F127: =IF('Input Override'!F127="",'Consolidated Input'!F127,('Input Override'!F127)) -> 0 | G127: =IF('Input Override'!G127="",'Consolidated Input'!G127,('Input Override'!G127)) -> 0 | H127: =IF('Input Override'!H127="",'Consolidated Input'!H127,('Input Override'!H127)) -> 0 | I127: =IF('Input Override'!I127="",'Consolidated Input'!I127,('Input Override'!I127)) -> 3 | J127: =IF('Input Override'!J127="",'Consolidated Input'!J127,('Input Override'!J127)) -> 0 | K127: =IF('Input Override'!K127="",'Consolidated Input'!K127,('Input Override'!K127)) -> 0 | L127: =IF('Input Override'!L127="",'Consolidated Input'!L127,('Input Override'!L127)) -> 0 | M127: =SUM(F127:L127) -> 3

Sheet Data_final_model_format
A1: =RIGHT(CELL("filename", $A$1), LEN(CELL("filename", $A$1)) - SEARCH("]", CELL("filename", $A$1))) -> #VALUE!
B3: EA/NRW environmental programme bioresources (WINEP/NEP) - Sludge treatment - Thickening and/or dewatering; (WINEP/NEP) totex - Total
B4: ='Final Input'!$B$15 -> CWW3_145TOT_PR24 | C4: ='Final Input'!$B$15 -> CWW3_145TOT_PR24 | D4: ='Final Input'!$B$15 -> CWW3_145TOT_PR24 | E4: ='Final Input'!$B$15 -> CWW3_145TOT_PR24 | F4: ='Final Input'!$B$15 -> CWW3_145TOT_PR24 | G4: ='Final Input'!$B$15 -> CWW3_145TOT_PR24 | H4: ='Final Input'!$B$15 -> CWW3_145TOT_PR24 | I4: ='Final Input'!$B$15 -> CWW3_145TOT_PR24 | K4: ='Final Input'!$B$16 -> BIO5_002_PR24 | L4: BIO5_007_PR24
A5: Company | B5: Totex requested in business plan before reallocations and adjustements (£m) | C5: 2023-24 | D5: 2024-25 | E5: 2025-26 | F5: 2026-27 | G5: 2027-28 | H5: 2028-29 | I5: 2029-30 | J5: Totex requested in business plan after reallocations and adjustements (£m) | K5: ='Final Input'!$B$16 -> BIO5_002_PR24 | L5: BIO5_007_PR24 | M5: Comments
A6: ANH | B6: =SUMIFS('Consolidated Input'!M:M,'Consolidated Input'!A:A,$A6,'Consolidated Input'!C:C,$B$3) -> 17.021 | C6: =SUMIFS('Final Input'!F:F,'Final Input'!$A:$A,$A6,'Final Input'!$C:$C,$B$3) -> 0 | D6: =SUMIFS('Final Input'!G:G,'Final Input'!$A:$A,$A6,'Final Input'!$C:$C,$B$3) -> 0 | E6: =SUMIFS('Final Input'!H:H,'Final Input'!$A:$A,$A6,'Final Input'!$C:$C,$B$3) -> 0 | F6: =SUMIFS('Final Input'!I:I,'Final Input'!$A:$A,$A6,'Final Input'!$C:$C,$B$3) -> 1.334 | G6: =SUMIFS('Final Input'!J:J,'Final Input'!$A:$A,$A6,'Final Input'!$C:$C,$B$3) -> 3.781 | H6: =SUMIFS('Final Input'!K:K,'Final Input'!$A:$A,$A6,'Final Input'!$C:$C,$B$3) -> 6.882 | I6: =SUMIFS('Final Input'!L:L,'Final Input'!$A:$A,$A6,'Final Input'!$C:$C,$B$3) -> 5.024 | J6: =SUM(C6:I6) -> 17.021 | K6: =SUMIFS('Final Input'!$M:$M,'Final Input'!$A:$A,A6,'Final Input'!$B:$B,$K$4) -> 40 | L6: =SUMIFS('Final Input'!$M:$M,'Final Input'!$A:$A,A6,'Final Input'!$B:$B,$L$4) -> 1
A7: WSH | B7: =SUMIFS('Consolidated Input'!M:M,'Consolidated Input'!A:A,$A7,'Consolidated Input'!C:C,$B$3) -> 19.995 | C7: =SUMIFS('Final Input'!F:F,'Final Input'!$A:$A,$A7,'Final Input'!$C:$C,$B$3) -> 0 | D7: =SUMIFS('Final Input'!G:G,'Final Input'!$A:$A,$A7,'Final Input'!$C:$C,$B$3) -> 0 | E7: =SUMIFS('Final Input'!H:H,'Final Input'!$A:$A,$A7,'Final Input'!$C:$C,$B$3) -> 1.933 | F7: =SUMIFS('Final Input'!I:I,'Final Input'!$A:$A,$A7,'Final Input'!$C:$C,$B$3) -> 3.781 | G7: =SUMIFS('Final Input'!J:J,'Final Input'!$A:$A,$A7,'Final Input'!$C:$C,$B$3) -> 5.622 | H7: =SUMIFS('Final Input'!K:K,'Final Input'!$A:$A,$A7,'Final Input'!$C:$C,$B$3) -> 5.031 | I7: =SUMIFS('Final Input'!L:L,'Final Input'!$A:$A,$A7,'Final Input'!$C:$C,$B$3) -> 3.628 | J7: =SUM(C7:I7) -> 19.995 | K7: =SUMIFS('Final Input'!$M:$M,'Final Input'!$A:$A,A7,'Final Input'!$B:$B,$K$4) -> 10.935 | L7: =SUMIFS('Final Input'!$M:$M,'Final Input'!$A:$A,A7,'Final Input'!$B:$B,$L$4) -> 5
A8: HDD | B8: =SUMIFS('Consolidated Input'!M:M,'Consolidated Input'!A:A,$A8,'Consolidated Input'!C:C,$B$3) -> 0 | C8: =SUMIFS('Final Input'!F:F,'Final Input'!$A:$A,$A8,'Final Input'!$C:$C,$B$3) -> 0 | D8: =SUMIFS('Final Input'!G:G,'Final Input'!$A:$A,$A8,'Final Input'!$C:$C,$B$3) -> 0 | E8: =SUMIFS('Final Input'!H:H,'Final Input'!$A:$A,$A8,'Final Input'!$C:$C,$B$3) -> 0 | F8: =SUMIFS('Final Input'!I:I,'Final Input'!$A:$A,$A8,'Final Input'!$C:$C,$B$3) -> 0 | G8: =SUMIFS('Final Input'!J:J,'Final Input'!$A:$A,$A8,'Final Input'!$C:$C,$B$3) -> 0 | H8: =SUMIFS('Final Input'!K:K,'Final Input'!$A:$A,$A8,'Final Input'!$C:$C,$B$3) -> 0 | I8: =SUMIFS('Final Input'!L:L,'Final Input'!$A:$A,$A8,'Final Input'!$C:$C,$B$3) -> 0 | J8: =SUM(C8:I8) -> 0 | K8: =SUMIFS('Final Input'!$M:$M,'Final Input'!$A:$A,A8,'Final Input'!$B:$B,$K$4) -> 0 | L8: =SUMIFS('Final Input'!$M:$M,'Final Input'!$A:$A,A8,'Final Input'!$B:$B,$L$4) -> 0
A9: NES | B9: =SUMIFS('Consolidated Input'!M:M,'Consolidated Input'!A:A,$A9,'Consolidated Input'!C:C,$B$3) -> 19.67 | C9: =SUMIFS('Final Input'!F:F,'Final Input'!$A:$A,$A9,'Final Input'!$C:$C,$B$3) -> 0 | D9: =SUMIFS('Final Input'!G:G,'Final Input'!$A:$A,$A9,'Final Input'!$C:$C,$B$3) -> 0 | E9: =SUMIFS('Final Input'!H:H,'Final Input'!$A:$A,$A9,'Final Input'!$C:$C,$B$3) -> 0.718 | F9: =SUMIFS('Final Input'!I:I,'Final Input'!$A:$A,$A9,'Final Input'!$C:$C,$B$3) -> 0.718 | G9: =SUMIFS('Final Input'!J:J,'Final Input'!$A:$A,$A9,'Final Input'!$C:$C,$B$3) -> 8.884 | H9: =SUMIFS('Final Input'!K:K,'Final Input'!$A:$A,$A9,'Final Input'!$C:$C,$B$3) -> 8.8 | I9: =SUMIFS('Final Input'!L:L,'Final Input'!$A:$A,$A9,'Final Input'!$C:$C,$B$3) -> 0.55 | J9: =SUM(C9:I9) -> 19.67 | K9: =SUMIFS('Final Input'!$M:$M,'Final Input'!$A:$A,A9,'Final Input'!$B:$B,$K$4) -> 28.085 | L9: =SUMIFS('Final Input'!$M:$M,'Final Input'!$A:$A,A9,'Final Input'!$B:$B,$L$4) -> 2
A10: SVE | B10: =SUMIFS('Consolidated Input'!M:M,'Consolidated Input'!A:A,$A10,'Consolidated Input'!C:C,$B$3) -> 30.655418 | C10: =SUMIFS('Final Input'!F:F,'Final Input'!$A:$A,$A10,'Final Input'!$C:$C,$B$3) -> 0 | D10: =SUMIFS('Final Input'!G:G,'Final Input'!$A:$A,$A10,'Final Input'!$C:$C,$B$3) -> 4.4998816 | E10: =SUMIFS('Final Input'!H:H,'Final Input'!$A:$A,$A10,'Final Input'!$C:$C,$B$3) -> 31.417841 | F10: =SUMIFS('Final Input'!I:I,'Final Input'!$A:$A,$A10,'Final Input'!$C:$C,$B$3) -> -0.18887354 | G10: =SUMIFS('Final Input'!J:J,'Final Input'!$A:$A,$A10,'Final Input'!$C:$C,$B$3) -> -0.19002356 | H10: =SUMIFS('Final Input'!K:K,'Final Input'!$A:$A,$A10,'Final Input'!$C:$C,$B$3) -> -0.19118058 | I10: =SUMIFS('Final Input'!L:L,'Final Input'!$A:$A,$A10,'Final Input'!$C:$C,$B$3) -> -0.19234465 | J10: =SUM(C10:I10) -> 35.1553 | K10: =SUMIFS('Final Input'!$M:$M,'Final Input'!$A:$A,A10,'Final Input'!$B:$B,$K$4) -> 23.944 | L10: =SUMIFS('Final Input'!$M:$M,'Final Input'!$A:$A,A10,'Final Input'!$B:$B,$L$4) -> 5
A11: SWB | B11: =SUMIFS('Consolidated Input'!M:M,'Consolidated Input'!A:A,$A11,'Consolidated Input'!C:C,$B$3) -> 36.088 | C11: =SUMIFS('Final Input'!F:F,'Final Input'!$A:$A,$A11,'Final Input'!$C:$C,$B$3) -> 0 | D11: =SUMIFS('Final Input'!G:G,'Final Input'!$A:$A,$A11,'Final Input'!$C:$C,$B$3) -> 0 | E11: =SUMIFS('Final Input'!H:H,'Final Input'!$A:$A,$A11,'Final Input'!$C:$C,$B$3) -> 2.532 | F11: =SUMIFS('Final Input'!I:I,'Final Input'!$A:$A,$A11,'Final Input'!$C:$C,$B$3) -> 6.849 | G11: =SUMIFS('Final Input'!J:J,'Final Input'!$A:$A,$A11,'Final Input'!$C:$C,$B$3) -> 8.601 | H11: =SUMIFS('Final Input'!K:K,'Final Input'!$A:$A,$A11,'Final Input'!$C:$C,$B$3) -> 8.06 | I11: =SUMIFS('Final Input'!L:L,'Final Input'!$A:$A,$A11,'Final Input'!$C:$C,$B$3) -> 5.138 | J11: =SUM(C11:I11) -> 31.18 | K11: =SUMIFS('Final Input'!$M:$M,'Final Input'!$A:$A,A11,'Final Input'!$B:$B,$K$4) -> 19.356 | L11: =SUMIFS('Final Input'!$M:$M,'Final Input'!$A:$A,A11,'Final Input'!$B:$B,$L$4) -> 10
A12: SRN | B12: =SUMIFS('Consolidated Input'!M:M,'Consolidated Input'!A:A,$A12,'Consolidated Input'!C:C,$B$3) -> 0 | C12: =SUMIFS('Final Input'!F:F,'Final Input'!$A:$A,$A12,'Final Input'!$C:$C,$B$3) -> 0 | D12: =SUMIFS('Final Input'!G:G,'Final Input'!$A:$A,$A12,'Final Input'!$C:$C,$B$3) -> 0 | E12: =SUMIFS('Final Input'!H:H,'Final Input'!$A:$A,$A12,'Final Input'!$C:$C,$B$3) -> 0 | F12: =SUMIFS('Final Input'!I:I,'Final Input'!$A:$A,$A12,'Final Input'!$C:$C,$B$3) -> 0 | G12: =SUMIFS('Final Input'!J:J,'Final Input'!$A:$A,$A12,'Final Input'!$C:$C,$B$3) -> 0 | H12: =SUMIFS('Final Input'!K:K,'Final Input'!$A:$A,$A12,'Final Input'!$C:$C,$B$3) -> 0 | I12: =SUMIFS('Final Input'!L:L,'Final Input'!$A:$A,$A12,'Final Input'!$C:$C,$B$3) -> 0 | J12: =SUM(C12:I12) -> 0 | K12: =SUMIFS('Final Input'!$M:$M,'Final Input'!$A:$A,A12,'Final Input'!$B:$B,$K$4) -> 0 | L12: =SUMIFS('Final Input'!$M:$M,'Final Input'!$A:$A,A12,'Final Input'!$B:$B,$L$4) -> 0
A13: TMS | B13: =SUMIFS('Consolidated Input'!M:M,'Consolidated Input'!A:A,$A13,'Consolidated Input'!C:C,$B$3) -> 0 | C13: =SUMIFS('Final Input'!F:F,'Final Input'!$A:$A,$A13,'Final Input'!$C:$C,$B$3) -> 0 | D13: =SUMIFS('Final Input'!G:G,'Final Input'!$A:$A,$A13,'Final Input'!$C:$C,$B$3) -> 0 | E13: =SUMIFS('Final Input'!H:H,'Final Input'!$A:$A,$A13,'Final Input'!$C:$C,$B$3) -> 0 | F13: =SUMIFS('Final Input'!I:I,'Final Input'!$A:$A,$A13,'Final Input'!$C:$C,$B$3) -> 0 | G13: =SUMIFS('Final Input'!J:J,'Final Input'!$A:$A,$A13,'Final Input'!$C:$C,$B$3) -> 0 | H13: =SUMIFS('Final Input'!K:K,'Final Input'!$A:$A,$A13,'Final Input'!$C:$C,$B$3) -> 0 | I13: =SUMIFS('Final Input'!L:L,'Final Input'!$A:$A,$A13,'Final Input'!$C:$C,$B$3) -> 0 | J13: =SUM(C13:I13) -> 0 | K13: =SUMIFS('Final Input'!$M:$M,'Final Input'!$A:$A,A13,'Final Input'!$B:$B,$K$4) -> 0 | L13: =SUMIFS('Final Input'!$M:$M,'Final Input'!$A:$A,A13,'Final Input'!$B:$B,$L$4) -> 0
A14: NWT | B14: =SUMIFS('Consolidated Input'!M:M,'Consolidated Input'!A:A,$A14,'Consolidated Input'!C:C,$B$3) -> 33.192123 | C14: =SUMIFS('Final Input'!F:F,'Final Input'!$A:$A,$A14,'Final Input'!$C:$C,$B$3) -> 0 | D14: =SUMIFS('Final Input'!G:G,'Final Input'!$A:$A,$A14,'Final Input'!$C:$C,$B$3) -> 0 | E14: =SUMIFS('Final Input'!H:H,'Final Input'!$A:$A,$A14,'Final Input'!$C:$C,$B$3) -> 8.8363881 | F14: =SUMIFS('Final Input'!I:I,'Final Input'!$A:$A,$A14,'Final Input'!$C:$C,$B$3) -> 8.9779658 | G14: =SUMIFS('Final Input'!J:J,'Final Input'!$A:$A,$A14,'Final Input'!$C:$C,$B$3) -> 9.0851662 | H14: =SUMIFS('Final Input'!K:K,'Final Input'!$A:$A,$A14,'Final Input'!$C:$C,$B$3) -> 3.1513581 | I14: =SUMIFS('Final Input'!L:L,'Final Input'!$A:$A,$A14,'Final Input'!$C:$C,$B$3) -> 3.1412448 | J14: =SUM(C14:I14) -> 33.192123 | K14: =SUMIFS('Final Input'!$M:$M,'Final Input'!$A:$A,A14,'Final Input'!$B:$B,$K$4) -> 29.027441 | L14: =SUMIFS('Final Input'!$M:$M,'Final Input'!$A:$A,A14,'Final Input'!$B:$B,$L$4) -> 1
A15: WSX | B15: =SUMIFS('Consolidated Input'!M:M,'Consolidated Input'!A:A,$A15,'Consolidated Input'!C:C,$B$3) -> 0 | C15: =SUMIFS('Final Input'!F:F,'Final Input'!$A:$A,$A15,'Final Input'!$C:$C,$B$3) -> 0 | D15: =SUMIFS('Final Input'!G:G,'Final Input'!$A:$A,$A15,'Final Input'!$C:$C,$B$3) -> 0 | E15: =SUMIFS('Final Input'!H:H,'Final Input'!$A:$A,$A15,'Final Input'!$C:$C,$B$3) -> 0 | F15: =SUMIFS('Final Input'!I:I,'Final Input'!$A:$A,$A15,'Final Input'!$C:$C,$B$3) -> 0 | G15: =SUMIFS('Final Input'!J:J,'Final Input'!$A:$A,$A15,'Final Input'!$C:$C,$B$3) -> 0 | H15: =SUMIFS('Final Input'!K:K,'Final Input'!$A:$A,$A15,'Final Input'!$C:$C,$B$3) -> 0 | I15: =SUMIFS('Final Input'!L:L,'Final Input'!$A:$A,$A15,'Final Input'!$C:$C,$B$3) -> 0 | J15: =SUM(C15:I15) -> 0 | K15: =SUMIFS('Final Input'!$M:$M,'Final Input'!$A:$A,A15,'Final Input'!$B:$B,$K$4) -> 0 | L15: =SUMIFS('Final Input'!$M:$M,'Final Input'!$A:$A,A15,'Final Input'!$B:$B,$L$4) -> 0
A16: YKY | B16: =SUMIFS('Consolidated Input'!M:M,'Consolidated Input'!A:A,$A16,'Consolidated Input'!C:C,$B$3) -> 6.0625712 | C16: =SUMIFS('Final Input'!F:F,'Final Input'!$A:$A,$A16,'Final Input'!$C:$C,$B$3) -> 0 | D16: =SUMIFS('Final Input'!G:G,'Final Input'!$A:$A,$A16,'Final Input'!$C:$C,$B$3) -> 0 | E16: =SUMIFS('Final Input'!H:H,'Final Input'!$A:$A,$A16,'Final Input'!$C:$C,$B$3) -> 0 | F16: =SUMIFS('Final Input'!I:I,'Final Input'!$A:$A,$A16,'Final Input'!$C:$C,$B$3) -> 0 | G16: =SUMIFS('Final Input'!J:J,'Final Input'!$A:$A,$A16,'Final Input'!$C:$C,$B$3) -> 2.131 | H16: =SUMIFS('Final Input'!K:K,'Final Input'!$A:$A,$A16,'Final Input'!$C:$C,$B$3) -> 2.531 | I16: =SUMIFS('Final Input'!L:L,'Final Input'!$A:$A,$A16,'Final Input'!$C:$C,$B$3) -> 1.4005712 | J16: =SUM(C16:I16) -> 6.0625712 | K16: =SUMIFS('Final Input'!$M:$M,'Final Input'!$A:$A,A16,'Final Input'!$B:$B,$K$4) -> 16.423 | L16: =SUMIFS('Final Input'!$M:$M,'Final Input'!$A:$A,A16,'Final Input'!$B:$B,$L$4) -> 3

Sheet NETTOTEX_WASTE
A1: =RIGHT(CELL("filename", $A$1), LEN(CELL("filename", $A$1)) - SEARCH("]", CELL("filename", $A$1))) -> #VALUE!
C2: PR24_NETTOTEX_WASTE_Run8 | E2: Run on 05 Sep 2024 8:57
A3: Acronym | B3: Reference | C3: Item description | D3: Unit | E3: Model | F3: Constant
F5: Price Review 2024
F6: Run 11 - PR24 FD Data
F7: Latest
A8: ANH | B8: PR24_NETTOTEX_WASTE | C8: PR24 BP Net totex - Total inc. accelerated & transition costs | D8: £m | E8: Price Review 2024 | F8: 6050.1791
A9: WSH | B9: PR24_NETTOTEX_WASTE | C9: PR24 BP Net totex - Total inc. accelerated & transition costs | D9: £m | E9: Price Review 2024 | F9: 3318.169
A10: HDD | B10: PR24_NETTOTEX_WASTE | C10: PR24 BP Net totex - Total inc. accelerated & transition costs | D10: £m | E10: Price Review 2024 | F10: 61.302812
A11: NES | B11: PR24_NETTOTEX_WASTE | C11: PR24 BP Net totex - Total inc. accelerated & transition costs | D11: £m | E11: Price Review 2024 | F11: 3207.9274
A12: SVE | B12: PR24_NETTOTEX_WASTE | C12: PR24 BP Net totex - Total inc. accelerated & transition costs | D12: £m | E12: Price Review 2024 | F12: 8618.712
A13: SWB | B13: PR24_NETTOTEX_WASTE | C13: PR24 BP Net totex - Total inc. accelerated & transition costs | D13: £m | E13: Price Review 2024 | F13: 2220.3793
A14: SRN | B14: PR24_NETTOTEX_WASTE | C14: PR24 BP Net totex - Total inc. accelerated & transition costs | D14: £m | E14: Price Review 2024 | F14: 5114.1957
A15: TMS | B15: PR24_NETTOTEX_WASTE | C15: PR24 BP Net totex - Total inc. accelerated & transition costs | D15: £m | E15: Price Review 2024 | F15: 12775.474
A16: NWT | B16: PR24_NETTOTEX_WASTE | C16: PR24 BP Net totex - Total inc. accelerated & transition costs | D16: £m | E16: Price Review 2024 | F16: 8993.1796
A17: WSX | B17: PR24_NETTOTEX_WASTE | C17: PR24 BP Net totex - Total inc. accelerated & transition costs | D17: £m | E17: Price Review 2024 | F17: 3717.881
A18: YKY | B18: PR24_NETTOTEX_WASTE | C18: PR24 BP Net totex - Total inc. accelerated & transition costs | D18: £m | E18: Price Review 2024 | F18: 4605.5684

Sheet Company level efficiencies
A1: =RIGHT(CELL("filename", $A$1), LEN(CELL("filename", $A$1)) - SEARCH("]", CELL("filename", $A$1))) -> #VALUE!
B3: Company Acronym | C3: Item Code | D3: Item Description | E3: Item Unit | F3: Item Table Suite | G3: 2023-24 | H3: 2024-25 | I3: 2025-26 | J3: 2026-27 | K3: 2027-28 | L3: 2028-29 | M3: 2029-30
B4: Company Acronym | C4: Item Code | D4: Item Description | E4: Item Unit | F4: Item Table Suite | G4: 2023-24 | H4: 2024-25 | I4: Price Review | J4: Price Review | K4: Price Review | L4: Price Review | M4: Price Review
B5: Company Acronym | C5: Item Code | D5: Item Description | E5: Item Unit | F5: Item Table Suite | G5: 2023-24 | H5: 2024-25 | I5: Run 11 - PR24 FD Data | J5: Run 11 - PR24 FD Data | K5: Run 11 - PR24 FD Data | L5: Run 11 - PR24 FD Data | M5: Run 11 - PR24 FD Data
B6: Company Acronym | C6: Item Code | D6: Item Description | E6: Item Unit | F6: Item Table Suite | G6: 2023-24 | H6: 2024-25 | I6: Latest | J6: Latest | K6: Latest | L6: Latest | M6: Latest
B7: ANH | C7: C_PR24ENHWW_SHALLOW_EFF | D7: Shallow dive company efficiency factor - enhancement - wastewater | E7: % | F7: Price Review 2024 | G7: 0 | H7: 0 | I7: 0 | J7: 0 | K7: 0 | L7: 0 | M7: 0
B8: WSH | C8: C_PR24ENHWW_SHALLOW_EFF | D8: Shallow dive company efficiency factor - enhancement - wastewater | E8: % | F8: Price Review 2024 | G8: 0 | H8: 0 | I8: 0 | J8: 0 | K8: 0 | L8: 0 | M8: 0
B9: HDD | C9: C_PR24ENHWW_SHALLOW_EFF | D9: Shallow dive company efficiency factor - enhancement - wastewater | E9: % | F9: Price Review 2024 | G9: 0 | H9: 0 | I9: 0 | J9: 0 | K9: 0 | L9: 0 | M9: 0
B10: NES | C10: C_PR24ENHWW_SHALLOW_EFF | D10: Shallow dive company efficiency factor - enhancement - wastewater | E10: % | F10: Price Review 2024 | G10: 0.08 | H10: 0.08 | I10: 0.08 | J10: 0.08 | K10: 0.08 | L10: 0.08 | M10: 0.08
B11: SVE | C11: C_PR24ENHWW_SHALLOW_EFF | D11: Shallow dive company efficiency factor - enhancement - wastewater | E11: % | F11: Price Review 2024 | G11: 0.05 | H11: 0.05 | I11: 0.05 | J11: 0.05 | K11: 0.05 | L11: 0.05 | M11: 0.05
B12: SWB | C12: C_PR24ENHWW_SHALLOW_EFF | D12: Shallow dive company efficiency factor - enhancement - wastewater | E12: % | F12: Price Review 2024 | G12: 0.01 | H12: 0.01 | I12: 0.01 | J12: 0.01 | K12: 0.01 | L12: 0.01 | M12: 0.01
B13: SRN | C13: C_PR24ENHWW_SHALLOW_EFF | D13: Shallow dive company efficiency factor - enhancement - wastewater | E13: % | F13: Price Review 2024 | G13: 0.08 | H13: 0.08 | I13: 0.08 | J13: 0.08 | K13: 0.08 | L13: 0.08 | M13: 0.08
B14: TMS | C14: C_PR24ENHWW_SHALLOW_EFF | D14: Shallow dive company efficiency factor - enhancement - wastewater | E14: % | F14: Price Review 2024 | G14: 0.1 | H14: 0.1 | I14: 0.1 | J14: 0.1 | K14: 0.1 | L14: 0.1 | M14: 0.1
B15: NWT | C15: C_PR24ENHWW_SHALLOW_EFF | D15: Shallow dive company efficiency factor - enhancement - wastewater | E15: % | F15: Price Review 2024 | G15: 0.1 | H15: 0.1 | I15: 0.1 | J15: 0.1 | K15: 0.1 | L15: 0.1 | M15: 0.1
B16: WSX | C16: C_PR24ENHWW_SHALLOW_EFF | D16: Shallow dive company efficiency factor - enhancement - wastewater | E16: % | F16: Price Review 2024 | G16: 0.1 | H16: 0.1 | I16: 0.1 | J16: 0.1 | K16: 0.1 | L16: 0.1 | M16: 0.1
B17: YKY | C17: C_PR24ENHWW_SHALLOW_EFF | D17: Shallow dive company efficiency factor - enhancement - wastewater | E17: % | F17: Price Review 2024 | G17: 0.05 | H17: 0.05 | I17: 0.05 | J17: 0.05 | K17: 0.05 | L17: 0.05 | M17: 0.05

Sheet Analysis >>

Sheet Materiality & shallow dive
A1: =RIGHT(CELL("filename", $A$1), LEN(CELL("filename", $A$1)) - SEARCH("]", CELL("filename", $A$1))) -> #VALUE!
B6: Company | C6: Total Totex in Business Plan (£m) | D6: Totex requested in business plan - as submitted (£m) | E6: Totex requested in business plan after reallocations and adjustements (£m) | F6: Materiality (%) | G6: Type of assessment | H6: Efficiency factor | I6: Shallow dive output (£m) | K6: Justification
A7: 1 | B7: ANH | C7: =_xlfn.XLOOKUP($B7,NETTOTEX_WASTE!$A$8:$A$18,NETTOTEX_WASTE!$F$8:$F$18) -> 6050.1791 | D7: =_xlfn.XLOOKUP($B7,Data_final_model_format!$A$6:$A$16,Data_final_model_format!$B$6:$B$16) -> 17.021 | E7: =_xlfn.XLOOKUP($B7,Data_final_model_format!$A$6:$A$16,Data_final_model_format!$J$6:$J$16) -> 17.021 | F7: =E7/C7 -> 0.0028133051 | G7: Shallow dive | H7: =_xlfn.XLOOKUP($B7,'Company level efficiencies'!$B$7:$B$17,'Company level efficiencies'!$I$7:$I$17) -> 0 | I7: =IF(G7="Shallow dive",(1-H7)*E7,"") -> 17.021 | K7: Cost on or below the median unit cost (Tonnes of dry solids undertaking thickening/dewatering), so shallow dive challenge applied.
A8: 2 | B8: WSH | C8: =_xlfn.XLOOKUP($B8,NETTOTEX_WASTE!$A$8:$A$18,NETTOTEX_WASTE!$F$8:$F$18) -> 3318.169 | D8: =_xlfn.XLOOKUP($B8,Data_final_model_format!$A$6:$A$16,Data_final_model_format!$B$6:$B$16) -> 19.995 | E8: =_xlfn.XLOOKUP($B8,Data_final_model_format!$A$6:$A$16,Data_final_model_format!$J$6:$J$16) -> 19.995 | F8: =E8/C8 -> 0.0060259137 | G8: Deep dive | H8: =_xlfn.XLOOKUP($B8,'Company level efficiencies'!$B$7:$B$17,'Company level efficiencies'!$I$7:$I$17) -> 0 | I8: =IF(G8="Shallow dive",(1-H8)*E8,"") | K8: Cost above the median unit cost (Tonnes of dry solids undertaking thickening/dewatering), so deep dive challenge applied.
A9: 3 | B9: HDD | C9: =_xlfn.XLOOKUP($B9,NETTOTEX_WASTE!$A$8:$A$18,NETTOTEX_WASTE!$F$8:$F$18) -> 61.302812 | D9: =_xlfn.XLOOKUP($B9,Data_final_model_format!$A$6:$A$16,Data_final_model_format!$B$6:$B$16) -> 0 | E9: =_xlfn.XLOOKUP($B9,Data_final_model_format!$A$6:$A$16,Data_final_model_format!$J$6:$J$16) -> 0 | F9: =E9/C9 -> 0 | H9: =_xlfn.XLOOKUP($B9,'Company level efficiencies'!$B$7:$B$17,'Company level efficiencies'!$I$7:$I$17) -> 0 | I9: =IF(G9="Shallow dive",(1-H9)*E9,"") | K9: No costs
A10: 4 | B10: NES | C10: =_xlfn.XLOOKUP($B10,NETTOTEX_WASTE!$A$8:$A$18,NETTOTEX_WASTE!$F$8:$F$18) -> 3207.9274 | D10: =_xlfn.XLOOKUP($B10,Data_final_model_format!$A$6:$A$16,Data_final_model_format!$B$6:$B$16) -> 19.67 | E10: =_xlfn.XLOOKUP($B10,Data_final_model_format!$A$6:$A$16,Data_final_model_format!$J$6:$J$16) -> 19.67 | F10: =E10/C10 -> 0.0061316849 | G10: Shallow dive | H10: =_xlfn.XLOOKUP($B10,'Company level efficiencies'!$B$7:$B$17,'Company level efficiencies'!$I$7:$I$17) -> 0.08 | I10: =IF(G10="Shallow dive",(1-H10)*E10,"") -> 18.0964 | K10: Cost on or below the median unit cost (Tonnes of dry solids undertaking thickening/dewatering), so shallow dive challenge applied.
A11: 5 | B11: SVE | C11: =_xlfn.XLOOKUP($B11,NETTOTEX_WASTE!$A$8:$A$18,NETTOTEX_WASTE!$F$8:$F$18) -> 8618.712 | D11: =_xlfn.XLOOKUP($B11,Data_final_model_format!$A$6:$A$16,Data_final_model_format!$B$6:$B$16) -> 30.655418 | E11: =_xlfn.XLOOKUP($B11,Data_final_model_format!$A$6:$A$16,Data_final_model_format!$J$6:$J$16) -> 35.1553 | F11: =E11/C11 -> 0.0040789505 | G11: Deep dive | H11: =_xlfn.XLOOKUP($B11,'Company level efficiencies'!$B$7:$B$17,'Company level efficiencies'!$I$7:$I$17) -> 0.05 | I11: =IF(G11="Shallow dive",(1-H11)*E11,"") | K11: Cost above the median unit cost (Tonnes of dry solids undertaking thickening/dewatering), so deep dive challenge applied.
A12: 6 | B12: SWB | C12: =_xlfn.XLOOKUP($B12,NETTOTEX_WASTE!$A$8:$A$18,NETTOTEX_WASTE!$F$8:$F$18) -> 2220.3793 | D12: =_xlfn.XLOOKUP($B12,Data_final_model_format!$A$6:$A$16,Data_final_model_format!$B$6:$B$16) -> 36.088 | E12: =_xlfn.XLOOKUP($B12,Data_final_model_format!$A$6:$A$16,Data_final_model_format!$J$6:$J$16) -> 31.18 | F12: =E12/C12 -> 0.014042646 | G12: Deep dive | H12: =_xlfn.XLOOKUP($B12,'Company level efficiencies'!$B$7:$B$17,'Company level efficiencies'!$I$7:$I$17) -> 0.01 | I12: =IF(G12="Shallow dive",(1-H12)*E12,"") | K12: Cost above the median unit cost (Tonnes of dry solids undertaking thickening/dewatering), so deep dive challenge applied.
A13: 7 | B13: SRN | C13: =_xlfn.XLOOKUP($B13,NETTOTEX_WASTE!$A$8:$A$18,NETTOTEX_WASTE!$F$8:$F$18) -> 5114.1957 | D13: =_xlfn.XLOOKUP($B13,Data_final_model_format!$A$6:$A$16,Data_final_model_format!$B$6:$B$16) -> 0 | E13: =_xlfn.XLOOKUP($B13,Data_final_model_format!$A$6:$A$16,Data_final_model_format!$J$6:$J$16) -> 0 | F13: =E13/C13 -> 0 | H13: =_xlfn.XLOOKUP($B13,'Company level efficiencies'!$B$7:$B$17,'Company level efficiencies'!$I$7:$I$17) -> 0.08 | I13: =IF(G13="Shallow dive",(1-H13)*E13,"") | K13: No costs
A14: 8 | B14: TMS | C14: =_xlfn.XLOOKUP($B14,NETTOTEX_WASTE!$A$8:$A$18,NETTOTEX_WASTE!$F$8:$F$18) -> 12775.474 | D14: =_xlfn.XLOOKUP($B14,Data_final_model_format!$A$6:$A$16,Data_final_model_format!$B$6:$B$16) -> 0 | E14: =_xlfn.XLOOKUP($B14,Data_final_model_format!$A$6:$A$16,Data_final_model_format!$J$6:$J$16) -> 0 | F14: =E14/C14 -> 0 | H14: =_xlfn.XLOOKUP($B14,'Company level efficiencies'!$B$7:$B$17,'Company level efficiencies'!$I$7:$I$17) -> 0.1 | I14: =IF(G14="Shallow dive",(1-H14)*E14,"") | K14: No costs
A15: 9 | B15: NWT | C15: =_xlfn.XLOOKUP($B15,NETTOTEX_WASTE!$A$8:$A$18,NETTOTEX_WASTE!$F$8:$F$18) -> 8993.1796 | D15: =_xlfn.XLOOKUP($B15,Data_final_model_format!$A$6:$A$16,Data_final_model_format!$B$6:$B$16) -> 33.192123 | E15: =_xlfn.XLOOKUP($B15,Data_final_model_format!$A$6:$A$16,Data_final_model_format!$J$6:$J$16) -> 33.192123 | F15: =E15/C15 -> 0.0036908107 | G15: Shallow dive | H15: 0 | I15: =IF(G15="Shallow dive",(1-H15)*E15,"") -> 33.192123 | K15: Shallow dive challenge remove as company accepted our costs
A16: 10 | B16: WSX | C16: =_xlfn.XLOOKUP($B16,NETTOTEX_WASTE!$A$8:$A$18,NETTOTEX_WASTE!$F$8:$F$18) -> 3717.881 | D16: =_xlfn.XLOOKUP($B16,Data_final_model_format!$A$6:$A$16,Data_final_model_format!$B$6:$B$16) -> 0 | E16: =_xlfn.XLOOKUP($B16,Data_final_model_format!$A$6:$A$16,Data_final_model_format!$J$6:$J$16) -> 0 | F16: =E16/C16 -> 0 | H16: =_xlfn.XLOOKUP($B16,'Company level efficiencies'!$B$7:$B$17,'Company level efficiencies'!$I$7:$I$17) -> 0.1 | I16: =IF(G16="Shallow dive",(1-H16)*E16,"") | K16: No costs
A17: 11 | B17: YKY | C17: =_xlfn.XLOOKUP($B17,NETTOTEX_WASTE!$A$8:$A$18,NETTOTEX_WASTE!$F$8:$F$18) -> 4605.5684 | D17: =_xlfn.XLOOKUP($B17,Data_final_model_format!$A$6:$A$16,Data_final_model_format!$B$6:$B$16) -> 6.0625712 | E17: =_xlfn.XLOOKUP($B17,Data_final_model_format!$A$6:$A$16,Data_final_model_format!$J$6:$J$16) -> 6.0625712 | F17: =E17/C17 -> 0.0013163568 | G17: Shallow dive | H17: =_xlfn.XLOOKUP($B17,'Company level efficiencies'!$B$7:$B$17,'Company level efficiencies'!$I$7:$I$17) -> 0.05 | I17: =IF(G17="Shallow dive",(1-H17)*E17,"") -> 5.7594426 | K17: Cost on or below the median unit cost (Tonnes of dry solids undertaking thickening/dewatering), so shallow dive challenge applied.
B18: Total | C18: =SUM(C7:C17) -> 58682.968 | D18: =SUM(D7:D17) -> 162.68411 | E18: =SUM(E7:E17) -> 162.27599 | I18: =IF(G18="Shallow dive",(1-H18)*E18,"")

Sheet Modelled costs
A1: =RIGHT(CELL("filename", $A$1), LEN(CELL("filename", $A$1)) - SEARCH("]", CELL("filename", $A$1))) -> #VALUE!
B3: Cost Data | E3: Unit Cost | J3: Proposed approach | O3: Commentary: A number of modelled approaches were tested within the model, with no models providing satisfactory coefficients or indicative that they would adequately represent the range in scope provided by companies. Companies deemed to have a high unit cost on a throughput basis (£m/ttds/yr) were assessed through deep dive, while companies with a low unit cost were assessed through shallow dive assessment.
A4: Company | B4: Totex requested in business plan as received (£m) | C4: Totex requested in business plan after reallocations and adjustments (£m) | E4: Driver 1 data - ttds/yr | F4: Unit cost £/ttds/yr | G4: Allowance (based on median unit cost) [£m] | H4: Difference between totex requested in business plan and allowance (based on median unit cost analysis) (£m) | J4: Approach | K4: Shallow dive challenge % | L4: Deep Dive Challenge (%) | M4: Allowance (£m)
A5: ANH | B5: =_xlfn.XLOOKUP($A5,'Materiality & shallow dive'!$B$7:$B$17,'Materiality & shallow dive'!$D$7:$D$17) -> 17.021 | C5: =_xlfn.XLOOKUP($A5,'Materiality & shallow dive'!$B$7:$B$17,'Materiality & shallow dive'!$E$7:$E$17) -> 17.021 | E5: =IF(_xlfn.XLOOKUP($A5,Data_final_model_format!$A$6:$A$16,Data_final_model_format!$K$6:$K$16)=0,"",(_xlfn.XLOOKUP($A5,Data_final_model_format!$A$6:$A$16,Data_final_model_format!$K$6:$K$16))) -> 40 | F5: =IFERROR(C5*1000000/E5,"") -> 425525 | G5: =IFERROR(E5*(F$17/1000000),"") -> 45.738958 | H5: =IFERROR(G5-C5,"") -> 28.717958 | J5: Shallow Dive | K5: =_xlfn.XLOOKUP(A5,'Materiality & shallow dive'!B7:B17,'Materiality & shallow dive'!H7:H17) -> 0 | L5: 0 | M5: {=_xlfn.IFS(J5="Shallow Dive",C5*(1-K5),J5="Deep Dive",B5*(1-L5),J5="","")} -> 17.021
A6: WSH | B6: =_xlfn.XLOOKUP($A6,'Materiality & shallow dive'!$B$7:$B$17,'Materiality & shallow dive'!$D$7:$D$17) -> 19.995 | C6: =_xlfn.XLOOKUP($A6,'Materiality & shallow dive'!$B$7:$B$17,'Materiality & shallow dive'!$E$7:$E$17) -> 19.995 | E6: =IF(_xlfn.XLOOKUP($A6,Data_final_model_format!$A$6:$A$16,Data_final_model_format!$K$6:$K$16)=0,"",(_xlfn.XLOOKUP($A6,Data_final_model_format!$A$6:$A$16,Data_final_model_format!$K$6:$K$16))) -> 10.935 | F6: =IFERROR(C6*1000000/E6,"") -> 1828532.2 | G6: =IFERROR(E6*(F$17/1000000),"") -> 12.503888 | H6: =IFERROR(G6-C6,"") -> -7.4911123 | J6: Deep Dive | K6: =_xlfn.XLOOKUP(A6,'Materiality & shallow dive'!B8:B18,'Materiality & shallow dive'!H8:H18) -> 0 | L6: 0.3 | M6: {=_xlfn.IFS(J6="Shallow Dive",C6*(1-K6),J6="Deep Dive",B6*(1-L6),J6="","")} -> 13.9965
A7: HDD | B7: =_xlfn.XLOOKUP($A7,'Materiality & shallow dive'!$B$7:$B$17,'Materiality & shallow dive'!$D$7:$D$17) -> 0 | C7: =_xlfn.XLOOKUP($A7,'Materiality & shallow dive'!$B$7:$B$17,'Materiality & shallow dive'!$E$7:$E$17) -> 0 | E7: =IF(_xlfn.XLOOKUP($A7,Data_final_model_format!$A$6:$A$16,Data_final_model_format!$K$6:$K$16)=0,"",(_xlfn.XLOOKUP($A7,Data_final_model_format!$A$6:$A$16,Data_final_model_format!$K$6:$K$16))) | F7: =IFERROR(C7*1000000/E7,"") | G7: =IFERROR(E7*(F$17/1000000),"") | H7: =IFERROR(G7-C7,"") | K7: =_xlfn.XLOOKUP(A7,'Materiality & shallow dive'!B9:B19,'Materiality & shallow dive'!H9:H19) -> 0 | M7: {=_xlfn.IFS(J7="Shallow Dive",C7*(1-K7),J7="Deep Dive",B7*(1-L7),J7="","")}
A8: NES | B8: =_xlfn.XLOOKUP($A8,'Materiality & shallow dive'!$B$7:$B$17,'Materiality & shallow dive'!$D$7:$D$17) -> 19.67 | C8: =_xlfn.XLOOKUP($A8,'Materiality & shallow dive'!$B$7:$B$17,'Materiality & shallow dive'!$E$7:$E$17) -> 19.67 | E8: =IF(_xlfn.XLOOKUP($A8,Data_final_model_format!$A$6:$A$16,Data_final_model_format!$K$6:$K$16)=0,"",(_xlfn.XLOOKUP($A8,Data_final_model_format!$A$6:$A$16,Data_final_model_format!$K$6:$K$16))) -> 28.085 | F8: =IFERROR(C8*1000000/E8,"") -> 700373.87 | G8: =IFERROR(E8*(F$17/1000000),"") -> 32.114466 | H8: =IFERROR(G8-C8,"") -> 12.444466 | J8: Shallow Dive | K8: =_xlfn.XLOOKUP(A8,'Materiality & shallow dive'!B10:B20,'Materiality & shallow dive'!H10:H20) -> 0.08 | L8: 0 | M8: {=_xlfn.IFS(J8="Shallow Dive",C8*(1-K8),J8="Deep Dive",B8*(1-L8),J8="","")} -> 18.0964
A9: SVE | B9: =_xlfn.XLOOKUP($A9,'Materiality & shallow dive'!$B$7:$B$17,'Materiality & shallow dive'!$D$7:$D$17) -> 30.655418 | C9: =_xlfn.XLOOKUP($A9,'Materiality & shallow dive'!$B$7:$B$17,'Materiality & shallow dive'!$E$7:$E$17) -> 35.1553 | E9: =IF(_xlfn.XLOOKUP($A9,Data_final_model_format!$A$6:$A$16,Data_final_model_format!$K$6:$K$16)=0,"",(_xlfn.XLOOKUP($A9,Data_final_model_format!$A$6:$A$16,Data_final_model_format!$K$6:$K$16))) -> 23.944 | F9: =IFERROR(C9*1000000/E9,"") -> 1468230 | G9: =IFERROR(E9*(F$17/1000000),"") -> 27.37934 | H9: =IFERROR(G9-C9,"") -> -7.7759595 | J9: Deep Dive | K9: =_xlfn.XLOOKUP(A9,'Materiality & shallow dive'!B11:B21,'Materiality & shallow dive'!H11:H21) -> 0.05 | L9: 0.1 | M9: {=_xlfn.IFS(J9="Shallow Dive",C9*(1-K9),J9="Deep Dive",B9*(1-L9),J9="","")} -> 27.589876
A10: SWB | B10: =_xlfn.XLOOKUP($A10,'Materiality & shallow dive'!$B$7:$B$17,'Materiality & shallow dive'!$D$7:$D$17) -> 36.088 | C10: =_xlfn.XLOOKUP($A10,'Materiality & shallow dive'!$B$7:$B$17,'Materiality & shallow dive'!$E$7:$E$17) -> 31.18 | E10: =IF(_xlfn.XLOOKUP($A10,Data_final_model_format!$A$6:$A$16,Data_final_model_format!$K$6:$K$16)=0,"",(_xlfn.XLOOKUP($A10,Data_final_model_format!$A$6:$A$16,Data_final_model_format!$K$6:$K$16))) -> 19.356 | F10: =IFERROR(C10*1000000/E10,"") -> 1610870 | G10: =IFERROR(E10*(F$17/1000000),"") -> 22.133082 | H10: =IFERROR(G10-C10,"") -> -9.0469182 | J10: Deep Dive | K10: =_xlfn.XLOOKUP(A10,'Materiality & shallow dive'!B12:B22,'Materiality & shallow dive'!H12:H22) -> 0.01 | L10: 0.1 | M10: {=_xlfn.IFS(J10="Shallow Dive",C10*(1-K10),J10="Deep Dive",B10*(1-L10),J10="","")} -> 32.4792
A11: SRN | B11: =_xlfn.XLOOKUP($A11,'Materiality & shallow dive'!$B$7:$B$17,'Materiality & shallow dive'!$D$7:$D$17) -> 0 | C11: =_xlfn.XLOOKUP($A11,'Materiality & shallow dive'!$B$7:$B$17,'Materiality & shallow dive'!$E$7:$E$17) -> 0 | E11: =IF(_xlfn.XLOOKUP($A11,Data_final_model_format!$A$6:$A$16,Data_final_model_format!$K$6:$K$16)=0,"",(_xlfn.XLOOKUP($A11,Data_final_model_format!$A$6:$A$16,Data_final_model_format!$K$6:$K$16))) | F11: =IFERROR(C11*1000000/E11,"") | G11: =IFERROR(E11*(F$17/1000000),"") | H11: =IFERROR(G11-C11,"") | K11: =_xlfn.XLOOKUP(A11,'Materiality & shallow dive'!B13:B23,'Materiality & shallow dive'!H13:H23) -> 0.08 | M11: {=_xlfn.IFS(J11="Shallow Dive",C11*(1-K11),J11="Deep Dive",B11*(1-L11),J11="","")}
A12: TMS | B12: =_xlfn.XLOOKUP($A12,'Materiality & shallow dive'!$B$7:$B$17,'Materiality & shallow dive'!$D$7:$D$17) -> 0 | C12: =_xlfn.XLOOKUP($A12,'Materiality & shallow dive'!$B$7:$B$17,'Materiality & shallow dive'!$E$7:$E$17) -> 0 | E12: =IF(_xlfn.XLOOKUP($A12,Data_final_model_format!$A$6:$A$16,Data_final_model_format!$K$6:$K$16)=0,"",(_xlfn.XLOOKUP($A12,Data_final_model_format!$A$6:$A$16,Data_final_model_format!$K$6:$K$16))) | F12: =IFERROR(C12*1000000/E12,"") | G12: =IFERROR(E12*(F$17/1000000),"") | H12: =IFERROR(G12-C12,"") | K12: =_xlfn.XLOOKUP(A12,'Materiality & shallow dive'!B14:B24,'Materiality & shallow dive'!H14:H24) -> 0.1 | M12: {=_xlfn.IFS(J12="Shallow Dive",C12*(1-K12),J12="Deep Dive",B12*(1-L12),J12="","")}
A13: NWT | B13: =_xlfn.XLOOKUP($A13,'Materiality & shallow dive'!$B$7:$B$17,'Materiality & shallow dive'!$D$7:$D$17) -> 33.192123 | C13: =_xlfn.XLOOKUP($A13,'Materiality & shallow dive'!$B$7:$B$17,'Materiality & shallow dive'!$E$7:$E$17) -> 33.192123 | E13: =IF(_xlfn.XLOOKUP($A13,Data_final_model_format!$A$6:$A$16,Data_final_model_format!$K$6:$K$16)=0,"",(_xlfn.XLOOKUP($A13,Data_final_model_format!$A$6:$A$16,Data_final_model_format!$K$6:$K$16))) -> 29.027441 | F13: =IFERROR(C13*1000000/E13,"") -> 1143474 | G13: =IFERROR(E13*(F$17/1000000),"") -> 33.192123 | H13: =IFERROR(G13-C13,"") -> -7.1054274e-15 | J13: Shallow Dive | K13: =_xlfn.XLOOKUP(A13,'Materiality & shallow dive'!B15:B25,'Materiality & shallow dive'!H15:H25) -> 0 | M13: {=_xlfn.IFS(J13="Shallow Dive",C13*(1-K13),J13="Deep Dive",B13*(1-L13),J13="","")} -> 33.192123
A14: WSX | B14: =_xlfn.XLOOKUP($A14,'Materiality & shallow dive'!$B$7:$B$17,'Materiality & shallow dive'!$D$7:$D$17) -> 0 | C14: =_xlfn.XLOOKUP($A14,'Materiality & shallow dive'!$B$7:$B$17,'Materiality & shallow dive'!$E$7:$E$17) -> 0 | E14: =IF(_xlfn.XLOOKUP($A14,Data_final_model_format!$A$6:$A$16,Data_final_model_format!$K$6:$K$16)=0,"",(_xlfn.XLOOKUP($A14,Data_final_model_format!$A$6:$A$16,Data_final_model_format!$K$6:$K$16))) | F14: =IFERROR(C14*1000000/E14,"") | G14: =IFERROR(E14*(F$17/1000000),"") | H14: =IFERROR(G14-C14,"") | K14: =_xlfn.XLOOKUP(A14,'Materiality & shallow dive'!B16:B26,'Materiality & shallow dive'!H16:H26) -> 0.1 | M14: {=_xlfn.IFS(J14="Shallow Dive",C14*(1-K14),J14="Deep Dive",B14*(1-L14),J14="","")}
A15: YKY | B15: =_xlfn.XLOOKUP($A15,'Materiality & shallow dive'!$B$7:$B$17,'Materiality & shallow dive'!$D$7:$D$17) -> 6.0625712 | C15: =_xlfn.XLOOKUP($A15,'Materiality & shallow dive'!$B$7:$B$17,'Materiality & shallow dive'!$E$7:$E$17) -> 6.0625712 | E15: =IF(_xlfn.XLOOKUP($A15,Data_final_model_format!$A$6:$A$16,Data_final_model_format!$K$6:$K$16)=0,"",(_xlfn.XLOOKUP($A15,Data_final_model_format!$A$6:$A$16,Data_final_model_format!$K$6:$K$16))) -> 16.423 | F15: =IFERROR(C15*1000000/E15,"") -> 369151.26 | G15: =IFERROR(E15*(F$17/1000000),"") -> 18.779273 | H15: =IFERROR(G15-C15,"") -> 12.716701 | J15: Shallow Dive | K15: =_xlfn.XLOOKUP(A15,'Materiality & shallow dive'!B17:B27,'Materiality & shallow dive'!H17:H27) -> 0.05 | L15: 0 | M15: {=_xlfn.IFS(J15="Shallow Dive",C15*(1-K15),J15="Deep Dive",B15*(1-L15),J15="","")} -> 5.7594426
A16: TOTAL | B16: =SUM(B5:B15) -> 162.68411 | C16: =SUM(C5:C15) -> 162.27599 | E16: =SUM(E5:E15) -> 167.77044 | G16: =SUM(G5:G15) -> 191.84113 | H16: =SUM(H5:H15) -> 29.565135 | L16: =SUM(L5:L15) -> 0.5 | M16: =SUM(M5:M15) -> 148.13454
A17: Median | F17: =MEDIAN(F5:F15) -> 1143474 | G17: =MEDIAN(G5:G15) -> 27.37934 | M17: =MEDIAN(M5:M15) -> 18.0964
B20: Linear Regression
A21: Company | B21: Driver 1 data - ttds/yr | C21: Unit cost £/ttds/yr | D21: Allowance (based on linear regression) [£m] | E21: Difference between totex requested in business plan and allowance (based on median unit cost analysis) (£m)
A22: ANH | B22: =_xlfn.XLOOKUP($A22,Data_final_model_format!$A$6:$A$16,Data_final_model_format!$K$6:$K$16) -> 40 | C22: =_xlfn.XLOOKUP($A22,$A$5:$A$15,$F$5:$F$15) -> 425525 | D22: =($B$34*$C22)+$C$34 -> 29.812264 | E22: =$D22-(_xlfn.XLOOKUP($A22,$A$5:$A$15,$C$5:$C$15)) -> 12.791264
A23: WSH | B23: =_xlfn.XLOOKUP($A23,Data_final_model_format!$A$6:$A$16,Data_final_model_format!$K$6:$K$16) -> 10.935 | C23: =_xlfn.XLOOKUP($A23,$A$5:$A$15,$F$5:$F$15) -> 1828532.2 | D23: =($B$34*$C23)+$C$34 -> 17.244153 | E23: =$D23-(_xlfn.XLOOKUP($A23,$A$5:$A$15,$C$5:$C$15)) -> -2.750847
A24: NES | B24: =_xlfn.XLOOKUP($A24,Data_final_model_format!$A$6:$A$16,Data_final_model_format!$K$6:$K$16) -> 28.085 | C24: =_xlfn.XLOOKUP($A24,$A$5:$A$15,$F$5:$F$15) -> 700373.87 | D24: =($B$34*$C24)+$C$34 -> 27.350173 | E24: =$D24-(_xlfn.XLOOKUP($A24,$A$5:$A$15,$C$5:$C$15)) -> 7.6801735
A25: SVE | B25: =_xlfn.XLOOKUP($A25,Data_final_model_format!$A$6:$A$16,Data_final_model_format!$K$6:$K$16) -> 23.944 | C25: =_xlfn.XLOOKUP($A25,$A$5:$A$15,$F$5:$F$15) -> 1468230 | D25: =($B$34*$C25)+$C$34 -> 20.471733 | E25: =$D25-(_xlfn.XLOOKUP($A25,$A$5:$A$15,$C$5:$C$15)) -> -14.683567
A26: SWB | B26: =_xlfn.XLOOKUP($A26,Data_final_model_format!$A$6:$A$16,Data_final_model_format!$K$6:$K$16) -> 19.356 | C26: =_xlfn.XLOOKUP($A26,$A$5:$A$15,$F$5:$F$15) -> 1610870 | D26: =($B$34*$C26)+$C$34 -> 19.193967 | E26: =$D26-(_xlfn.XLOOKUP($A26,$A$5:$A$15,$C$5:$C$15)) -> -11.986033
A27: NWT | B27: =_xlfn.XLOOKUP($A27,Data_final_model_format!$A$6:$A$16,Data_final_model_format!$K$6:$K$16) -> 29.027441 | C27: =_xlfn.XLOOKUP($A27,$A$5:$A$15,$F$5:$F$15) -> 1143474 | D27: =($B$34*$C27)+$C$34 -> 23.380892 | E27: =$D27-(_xlfn.XLOOKUP($A27,$A$5:$A$15,$C$5:$C$15)) -> -9.8112314
A28: YKY | B28: =_xlfn.XLOOKUP($A28,Data_final_model_format!$A$6:$A$16,Data_final_model_format!$K$6:$K$16) -> 16.423 | C28: =_xlfn.XLOOKUP($A28,$A$5:$A$15,$F$5:$F$15) -> 369151.26 | D28: =($B$34*$C28)+$C$34 -> 30.317259 | E28: =$D28-(_xlfn.XLOOKUP($A28,$A$5:$A$15,$C$5:$C$15)) -> 24.254688
A29: TOTAL | B29: =SUM(B22:B28) -> 167.77044 | D29: =SUM(D22:D28) -> 167.77044 | E29: =SUM(E22:E28) -> 5.4944473
A30: Median | C30: =MEDIAN(C22:C28) -> 1143474 | D30: =MEDIAN(D22:D28) -> 23.380892
B33: Coefficient | C33: Constant
A34: Linear regression | B34: {=LINEST(B22:B28,C22:C28)} -> -8.9579803e-06 | C34: 33.624109

Sheet Deep dive WSH
A1: Deep dive_WSH
J2: Draft determination
C3: Company | D3: =Data_final_model_format!A7 -> WSH | J3: Company | K3: WSH
C4: Scheme/Programme name | D4: Sludge treatment - Thickening and/or dewatering; (WINEP/NEP) | J4: Scheme/Programme name | K4: Sludge treatment - Thickening and/or dewatering; (WINEP/NEP)
C5: Scheme/Programme overview | D5: Expenditure under WINEP/NEP for treatment processes to thicken and/or dewater sludge (under driver codes SUiAR_IMP / W_SUiAR_IMP1 and SUiAR_ND / W_SUiAR_NDIMP1). | J5: Scheme/Programme overview | K5: Expenditure under WINEP/NEP for treatment processes to thicken and/or dewater sludge (under driver codes SUiAR_IMP / W_SUiAR_IMP1 and SUiAR_ND / W_SUiAR_NDIMP1).
C6: PR24 table line allocation | D6: CWW3-143-145 | J6: PR24 table line allocation | K6: CWW3-143-145
C7: Total requested in business plan (totex, £m) | D7: =_xlfn.XLOOKUP($D$3,'Materiality & shallow dive'!$B$7:$B$17,'Materiality & shallow dive'!$D$7:$D$17) -> 19.995 | J7: Total requested in business plan (totex, £m) | K7: 3318.169
C8: Scheme/Programme value assessed in deep dive (totex, £m) | D8: =_xlfn.XLOOKUP($D$3,'Materiality & shallow dive'!$B$7:$B$17,'Materiality & shallow dive'!$E$7:$E$17) -> 19.995 | J8: Scheme/Programme value assessed in deep dive (totex, £m) | K8: 19.995
C9: Overall adjustment | D9: =SUM(F13:F36) -> 0.3 | J9: Overall adjustment | K9: 0.3
C10: Totex allowance from deep dive | D10: =IF($D$9<100%,$D$8-$D$8*$D$9,0) -> 13.9965 | J10: Totex allowance from deep dive | K10: 13.9965
C12: Enhancement assessment criteria grouping | D12: Assessment comments | E12: Criteria decision | F12: % adjustment | G12: Reference (e.g. document and page number) | J12: Enhancement assessment criteria grouping | K12: Assessment comments | L12: Criteria decision | M12: % adjustment | N12: Reference (e.g. document and page number)
C13: Need for enhancement investment | D13: In the draft determination the investment met the criteria for enhancement investment and additional customer funding. In its representation the company includes its proposed investment submitted in its October 2023 business plan, but it provides no additional supporting evidence. Therefore, we retain our draft determination approach for the final determination. | E13: Pass | F13: =IF(E13="Pass",0%,IF(E13="Partial pass","10% to 80% adjustment",100%)) -> 0 | G13: WSH65-PE09 pg 9-15 | J13: Need for enhancement investment | K13: Pass: The investment meets the criteria for enhancement investment and additional customer funding. The proposed investment is consistent with the company's national environment programme (NEP). The investment need states that under new regulations farmers are required to ensure treated bioresources products are stackable when placed on farmland. The company states that dryness of their product should be at least 25% dry solids. Dewatering to this dryness level will deliver the step change to meet requirements of the new regulations. The solution aligns clearly with the Long Term Delivery Strategy WSH01 Core pathway, ensuring Sludge Treatment Centres function effectively and allow for the efficient treatment of wastewater. Customer Support is shown for meeting statutory requirements and providing environmental care, which this solution does, though support has not been indicated for this specific action. The company provides evidence that this investment is driven by factors outside of management control. | L13: Pass | M13: =IF(L13="Pass",0%,IF(L13="Partial pass","10% to 80% adjustment",100%)) -> 0 | N13: WSH65-PE09 pg 9-15
C20: Best option for customers | D20: In the draft determination we had minor concerns that the proposed investment was the best option for customers and applied an adjustment. In its representation the company includes its proposed investment submitted in its October 2023 business plan, but it provides no additional supporting evidence. Therefore, we retain our draft determination approach for the final determination. In the draft determination we had concerns that the proposed investment was the best option for customers because the company did not provide evidence that a flexible approach to optioneering had been undertaken, in that the same approach had been proposed for all sites, rather than considering site-specific solutions. As the company has not provided any further comment or evidence, we still have minor concerns that the investment is the best option for customers. Therefore, we retain our draft determination approach for the final determination. | E20: Minor concerns | F20: =IF(E20="Pass",0%,IF(E20="Minor concerns",10%,IF(E20="Some concerns",20%,IF(E20="Significant concerns",30%)))) -> 0.1 | G20: WSH65-PE09 pg 16-22 | J20: Best option for customers | K20: Minor Concerns: We have minor concerns as to whether the investment is the best option for customers. The company considers a range of alternative options but does not provide sufficient and convincing evidence to demonstrate that the chosen options are the most cost beneficial in comparison to benchmarks. The company demonstrates that cost benefit analysis has been undertaken. This cost benefit analysis monetises natural capital and the carbon impact using Carbon Unit Cost database models. While the company has not considered a wide range of options for this cost line, the number of available options to deliver additional dewatering capacity are limited. We accept that an appropriate number of options has been considered. The company has not provided sufficient and convincing evidence of flexibility on a site-by-site basis in their optioneering, in that the same solution is selected for all sites. The best option evidence provided by the company analyses the options generally across all the sites. The company does not provide evidence that it considered site-specific factors when selecting the best option for that site. This leads to uncertainty that the option provides the best option for customers for the specific site. | L20: Minor concerns | M20: =IF(L20="Pass",0%,IF(L20="Minor concerns",10%,IF(L20="Some concerns",20%,IF(L20="Significant concerns",30%)))) -> 0.1 | N20: WSH65-PE09 pg 16-22
C28: Cost efficiency | D28: In the draft determination we had some concerns that the investment was efficient and applied an adjustment. In its representation the company includes its proposed investment submitted in its October 2023 business plan, but it provides no additional supporting evidence. Therefore, we retain our draft determination approach for the final determination. In the draft determination, we had concerns that the proposed investment was efficient because the company did not provide a description of its cost estimation approach and activity cost breakdown. Benchmarking evidence was provided for the company’s entire biosolids strategy rather than this specific investment, and the company provided no evidence to support its statement that the cost of this scheme was in line with industry costs. The company in its representation retains its proposed investment, but it provides no additional supporting evidence. Therefore, we retain our draft determination approach for the final determination | E28: Some concerns | F28: =IF(E28="Pass",0%,IF(E28="Minor concerns",10%,IF(E28="Some concerns",20%,IF(E28="Significant concerns",30%)))) -> 0.2 | G28: WSH65-PE09 pg 23-24 | J28: Cost efficiency | K28: Some concerns: We have some concerns whether the investment is efficient. The company does not provide sufficient and convincing evidence that the proposed costs are efficient. The company states that costing is in line with industry costs and achieves upper quartile, with the costs assured by Economic Insight. However, the company has not provided sufficient and convincing evidence that supports the statement that the cost is in line with industry costs. The benchmarked data shown is for the entire company biosolids strategy and does not sufficiently show that the benchmarked costs are efficient for this specific intervention of thickening/dewatering. It does not provide sufficient and convincing evidence on its costing approach. Data, calculations and assumptions made in its costing approach are not provided in sufficient detail. | L28: Some concerns | M28: =IF(L28="Pass",0%,IF(L28="Minor concerns",10%,IF(L28="Some concerns",20%,IF(L28="Significant concerns",30%)))) -> 0.2 | N28: WSH65-PE09 pg 23-24
C34: Customer Protection | D34: For the final determination, the company's proposed investment does not meet the materiality threshold for a price control deliverable (PCD). The company does not propose a PCD. Having considered the size of the proposed investment and our guidance on when there should be a PCD, our decision is that a PCD is not required for this investment. Therefore, for the final determination we do not apply a PCD. | J34: Customer Protection | K34: Pass - The company does not propose a price control deliverable (PCD) for this investment. The expenditure in this area is not material and so we do not consider a PCD is required. | L34: Pass

Sheet Deep dive SVE
A1: Deep dive_SVE
H2: Draft determination
A3: Company | B3: SVE | H3: Company | I3: SVE
A4: Scheme/Programme name | B4: Sludge treatment - Thickening and/or dewatering; (WINEP/NEP) | H4: Scheme/Programme name | I4: Sludge treatment - Thickening and/or dewatering; (WINEP/NEP)
A5: Scheme/Programme overview | B5: Expenditure under WINEP/NEP for treatment processes to thicken and/or dewater sludge (under driver codes SUiAR_IMP / W_SUiAR_IMP1 and SUiAR_ND / W_SUiAR_NDIMP1). | H5: Scheme/Programme overview | I5: Expenditure under WINEP/NEP for treatment processes to thicken and/or dewater sludge (under driver codes SUiAR_IMP / W_SUiAR_IMP1 and SUiAR_ND / W_SUiAR_NDIMP1). | K5: =138000000/2000 -> 69000
A6: PR24 table line allocation | B6: CWW3-143-145 | H6: PR24 table line allocation | I6: CWW3-143-145 | K6: =K5/1000000 -> 0.069
A7: Total requested in business plan (totex, £m) | B7: =_xlfn.XLOOKUP($B$3,'Materiality & shallow dive'!$B$7:$B$17,'Materiality & shallow dive'!$D$7:$D$17) -> 30.655418 | H7: Total requested in business plan (totex, £m) | I7: 7069.262
A8: Scheme/Programme value assessed in deep dive (totex, £m) | B8: =_xlfn.XLOOKUP($B$3,'Materiality & shallow dive'!$B$7:$B$17,'Materiality & shallow dive'!$E$7:$E$17) -> 35.1553 | H8: Scheme/Programme value assessed in deep dive (totex, £m) | I8: 20.155418
A9: Overall adjustment | B9: 0.1 | H9: Overall adjustment | I9: 0.1
A10: Totex allowance from deep dive | B10: =IF($B$9<100%,$B$8-$B$8*$B$9,0) -> 31.63977 | H10: Totex allowance from deep dive | I10: 18.139876
A12: Enhancement assessment criteria grouping | B12: Assessment comments | C12: Criteria decision | D12: % adjustment | E12: Reference (e.g. document and page number) | H12: Enhancement assessment criteria grouping | I12: Assessment comments | J12: Criteria decision | K12: % adjustment | L12: Reference (e.g. document and page number)
A13: Need for enhancement investment | B13: In the draft determination the investment met the criteria for enhancement investment and additional customer funding. In its representation the company includes its proposed investment submitted in its October 2023 business plan, but it provides no additional supporting evidence. Therefore, we retain our draft determination approach for the final determination. | C13: Pass | D13: =IF(C13="Pass",0%,IF(C13="Partial pass","10% to 80% adjustment",100%)) -> 0 | E13: SVE28 pg 9-18 | H13: Need for enhancement investment | I13: Pass: The investment meets the criteria for enhancement investment and additional customer funding. The company's proposed investment is consistent with its water industry national environment programme (WINEP). The investment need states that under new regulations farmers are required to ensure treated bioresources products are stackable when placed on farmland. The company states that dryness of their product should be at least 25% DS. Dewatering to this dryness level will deliver the step change to meet requirements of the new regulations. The solution aligns clearly with the Long Term Delivery Strategy of no regrets solution and supports adaptive planning. Customer support is shown for meeting statutory requirements and providing environmental care, which this solution does, although support has not been indicated for this specific action. The company demonstrates that this investment is driven by factors outside of management control. | J13: Pass | K13: =IF(J13="Pass",0%,IF(J13="Partial pass","10% to 80% adjustment",100%)) -> 0 | L13: SVE28 pg 9-18
A20: Best option for customers | B20: In the draft determination we had minor concerns that the proposed investment was the best option for customers and applied an adjustment. In its representation the company includes its proposed investment submitted in its October 2023 business plan, but it provides no additional supporting evidence. Therefore, we retain our draft determination approach for the final determination. In the draft determination we had concerns that the proposed investment was the best option for customers because the company did not sufficient cost and benefit data that would evidence why the option selected in the optioneering process was the best option for customers. As the company has not provided any further comment or evidence, we still have minor concerns that the investment is the best option for customers. Therefore, we retain our draft determination approach for the final determination. | C20: Minor concerns | D20: =IF(C20="Pass",0%,IF(C20="Minor concerns",10%,IF(C20="Some concerns",20%,IF(C20="Significant concerns",30%)))) -> 0.1 | E20: SVE28 pg 19-41 | H20: Best option for customers | I20: Minor Concerns: We have minor concerns whether the investment is the best option for customers. The company considers a range of alternative options but does not provide sufficient and convincing evidence to demonstrate that the chosen options are the most cost beneficial in comparison to benchmarks. The company shows that it has considered a broad number of options that would meet the need described. These options are reasonably flexible in nature as the company shows that different sites will be provided with different solutions to meet their dewatering needs, ranging from optimisation of existing assets, addition of optimising assets or wholesale addition of dewatering assets. The company does not provide evidence of the cost and benefits of different options, and so it is not clear that the chosen option provides the best option for customers. | J20: Minor concerns | K20: =IF(J20="Pass",0%,IF(J20="Minor concerns",10%,IF(J20="Some concerns",20%,IF(J20="Significant concerns",30%)))) -> 0.1 | L20: SVE28 pg 19-41
A28: Cost efficiency | B28: In the draft determination we did not apply an adjustment because the company provided sufficient and convincing evidence to demonstrate that the proposed investment was efficient. In its representation the company includes its proposed investment submitted in its October 2023 business plan , but it provides no additional supporting evidence. Therefore, we retain our draft determination approach for the final determination. | C28: Pass | D28: =IF(C28="Pass",0%,IF(C28="Minor concerns",10%,IF(C28="Some concerns",20%,IF(C28="Significant concerns",30%)))) -> 0 | E28: SVE28 pg 44-53 | H28: Cost efficiency | I28: Pass: The company has provided sufficient and convincing evidence that the investment proposed is efficient. The company provides robust cost information that evidences the cost breakdown and a basis for the estimations. The company has shown that they are taking actions to ensure costs are efficient by using the same size assets as currently exists on site where possible and procurement of compatible chemical dosing systems. The company has provided top-down benchmarking evidence that shows they are within the top 3 companies for efficiency and are efficient. Third party cost assurance has been provided. There is clear indication that modelling would not be sufficient for this assessment as there are measures that they are taking that other companies are not, to deliver the requirement. | J28: Pass | K28: =IF(J28="Pass",0%,IF(J28="Minor concerns",10%,IF(J28="Some concerns",20%,IF(J28="Significant concerns",30%)))) -> 0 | L28: SVE28 pg 44-53
A34: Customer Protection | B34: For the final determination, the company's proposed investment does not meet the materiality threshold for a price control deliverable (PCD). The company does not propose a PCD. Having considered the size of the proposed investment and our guidance on when there should be a PCD, our decision is that a PCD is not required for this investment. Therefore, for the final determination we do not apply a PCD. | H34: Customer Protection | I34: Pass: The company proposes to protect customers through two price control deliverables (PCDs) for this enhancement investment. The expenditure in this area is not material and so we do not consider a PCD is required. | J34: Pass

Sheet Deep dive SWB
A1: Deep dive_SWB | F1: DD- Deep dive_SWB
H2: Draft determination
A3: Company | B3: SWB | H3: Company | I3: SWB
A4: Scheme/Programme name | B4: Sludge treatment - Thickening and/or dewatering; (WINEP/NEP) | H4: Scheme/Programme name | I4: Sludge treatment - Thickening and/or dewatering; (WINEP/NEP)
A5: Scheme/Programme overview | B5: Expenditure under WINEP/NEP for treatment processes to thicken and/or dewater sludge (under driver codes SUiAR_IMP / W_SUiAR_IMP1 and SUiAR_ND / W_SUiAR_NDIMP1). | H5: Scheme/Programme overview | I5: Expenditure under WINEP/NEP for treatment processes to thicken and/or dewater sludge (under driver codes SUiAR_IMP / W_SUiAR_IMP1 and SUiAR_ND / W_SUiAR_NDIMP1). | K5: =138000000/2000 -> 69000
A6: PR24 table line allocation | B6: CWW3-143-145 | H6: PR24 table line allocation | I6: CWW3-143-145 | K6: =K5/1000000 -> 0.069
A7: Total requested in business plan (totex, £m) | B7: =_xlfn.XLOOKUP($B$3,'Materiality & shallow dive'!$B$7:$B$17,'Materiality & shallow dive'!$D$7:$D$17) -> 36.088 | H7: Total requested in business plan (totex, £m)
A8: Scheme/Programme value assessed in deep dive (totex, £m) | B8: =_xlfn.XLOOKUP($B$3,'Materiality & shallow dive'!$B$7:$B$17,'Materiality & shallow dive'!$E$7:$E$17) -> 31.18 | H8: Scheme/Programme value assessed in deep dive (totex, £m)
A9: Overall adjustment | B9: =SUM(D13:D36) -> 0.1 | H9: Overall adjustment
A10: Totex allowance from deep dive | B10: =IF($B$9<100%,$B$8-$B$8*$B$9,0) -> 28.062 | H10: Totex allowance from deep dive
A12: Enhancement assessment criteria grouping | B12: Assessment comments | C12: Criteria decision | D12: % adjustment | E12: Reference (e.g. document and page number) | H12: Enhancement assessment criteria grouping | I12: Assessment comments | J12: Criteria decision | K12: % adjustment | L12: Reference (e.g. document and page number)
A13: Need for enhancement investment | B13: The investment meets the criteria for enhancement investment and additional customer funding. The proposed investment is consistent with the company's water industry national environment programme (WINEP). In the draft determination we allowed the full costs of the proposal through shallow dive assessment as the company level efficiency challenge was 0% at draft determinations. Due to an increased cost request, this request now meets the materiality threshold for deep dive assessment. The company provides sufficient and convincing evidence of the need for enhancement. SWB are delivering solutions to meet the WINEP requirement of carrying out actions to improve resilience in the sludge supply chain to agriculture and actions to meet requirements to prevent deterioration in soil or water. The company states with the proposed solutions, the dryness of their product should be at least 25% dry solids from a current range of 20-25% across their asset base. Dewatering to this dryness level will deliver the step change to meet requirements of the new regulations. The solution aligns clearly with the Long-Term Delivery Strategy, with the company stating that this solution will reduce product yield and improve product quality. Customer Support is shown for reducing resilience on landbank for bioresources disposal, meeting the needs of an expanding population and reducing pollution, though support has not been indicated for this specific action. The company provides evidence that this investment is driven by factors outside of management control, such as new regulatory standards which govern the disposal and treatment of biosolids, and regulations causing the overall volume of biosolids generated by sewage treatment. | C13: Pass | D13: =IF(C13="Pass",0%,IF(C13="Partial pass","10% to 80% adjustment",100%)) -> 0 | E13: SBB32 pg 7-16 | H13: Need for enhancement investment | I13: Not assessed through deep dive at Draft Determinations | K13: - | L13: -
A20: Best option for customers | B20: The investment proposed has been supported with sufficient and convincing evidence that it is the best option for customers. The company provides evidence that an appropriate number of options and a range of intervention types have been considered. Alternative options have been considered. Although it should be noted that the company is proposing solutions at a large number of sites. The optioneering behind this could have been presented, compared with utilising a smaller number of schemes that were larger in throughput. On balance the company provides sufficient and convincing evidence that the best option has been selected. Therefore for the final determination we do not apply an adjustment. | C20: Pass | D20: =IF(C20="Pass",0%,IF(C20="Minor concerns",10%,IF(C20="Some concerns",20%,IF(C20="Significant concerns",30%)))) -> 0 | E20: SBB32 pg 17-22 | H20: Best option for customers | I20: Not assessed through deep dive at Draft Determinations | K20: - | L20: -
A28: Cost efficiency | B28: We have minor concerns whether the investment is efficient. The company does not provide sufficient and convincing evidence that the proposed costs are efficient. The company states that costing and the enhancement case has been externally assured through a third-party assurer. However, since Draft Determination the company has proposed a significant Opex cost alongside the proposed Capex cost, increasing overall cost from £25.32m to £31.18m. This proportion of Opex cost is higher than the average that other companies have proposed, and the company has not provided sufficient and convincing evidence for the high relative Opex cost. We have assessed other companies’ Opex:Capex %.This suggests that, when compared with the average, the company has proposed an additional £3.4m of Opex, that has not been justified through the enhancement case, company representations or query response. We have therefore applied an efficiency challenge of 10% to bring the proposed Opex costs in line with industry average. | C28: Minor concerns | D28: =IF(C28="Pass",0%,IF(C28="Minor concerns",10%,IF(C28="Some concerns",20%,IF(C28="Significant concerns",30%)))) -> 0.1 | E28: SBB32 pg 25-30 | H28: Cost efficiency | I28: Not assessed through deep dive at Draft Determinations | K28: - | L28: -
A34: Customer Protection | B34: For the final determination, the company's proposed investment meets the materiality threshold for a price control deliverable (PCD). The company proposes a PCD, and we consider one is required to provide customer protection. Therefore, for the final determination we apply a PCD. We discuss the PCD and our consideration of any consultation responses received in the Price Control Deliverables Appendix. | C34: Pass | D34: 0 | E34: SBB32 pg 39 Table 88 | H34: Customer Protection | I34: Not assessed through deep dive at Draft Determinations | K34: - | L34: -

Sheet Outputs >>

Sheet Allowance
A1: =RIGHT(CELL("filename", $A$1), LEN(CELL("filename", $A$1)) - SEARCH("]", CELL("filename", $A$1))) -> #VALUE!
A3: Summary of allowed costs
B7: BoN code(s) | C7: ='Final Input'!B15 -> CWW3_145TOT_PR24
B8: Enhancement line | C8: =F_Inputs_adjusted!C16 -> EA/NRW environmental programme bioresources (WINEP/NEP) - Sludge treatment - Thickening and/or dewatering; (WINEP/NEP) totex - Total
A11: Cost allowance for 2025-2030 (£m in 2023-24 prices)
B14: Company | C14: Totex requested in business plan (£m) - as submitted | D14: Net totex reallocated in/out | E14: Totex requested in business plan after reallocations and adjustments (£m) | F14: Shallow dive allowance | G14: Modelled allowance | H14: Deep dive allowance | I14: Totex allowed - wholesale wastewater
A15: 1 | B15: ANH | C15: =_xlfn.XLOOKUP($B15,'Materiality & shallow dive'!$B$7:$B$17,'Materiality & shallow dive'!$D$7:$D$17) -> 17.021 | E15: =_xlfn.XLOOKUP($B15,'Materiality & shallow dive'!$B$7:$B$17,'Materiality & shallow dive'!$E$7:$E$17) -> 17.021 | F15: =_xlfn.XLOOKUP($B15,'Materiality & shallow dive'!$B$7:$B$17,'Materiality & shallow dive'!$I$7:$I$17) -> 17.021 | I15: =SUM(F15:H15) -> 17.021
A16: 2 | B16: WSH | C16: =_xlfn.XLOOKUP($B16,'Materiality & shallow dive'!$B$7:$B$17,'Materiality & shallow dive'!$D$7:$D$17) -> 19.995 | E16: =_xlfn.XLOOKUP($B16,'Materiality & shallow dive'!$B$7:$B$17,'Materiality & shallow dive'!$E$7:$E$17) -> 19.995 | F16: =_xlfn.XLOOKUP($B16,'Materiality & shallow dive'!$B$7:$B$17,'Materiality & shallow dive'!$I$7:$I$17) | H16: ='Deep dive WSH'!D10 -> 13.9965 | I16: =SUM(F16:H16) -> 13.9965
A17: 3 | B17: HDD | C17: =_xlfn.XLOOKUP($B17,'Materiality & shallow dive'!$B$7:$B$17,'Materiality & shallow dive'!$D$7:$D$17) -> 0 | E17: =_xlfn.XLOOKUP($B17,'Materiality & shallow dive'!$B$7:$B$17,'Materiality & shallow dive'!$E$7:$E$17) -> 0 | F17: =_xlfn.XLOOKUP($B17,'Materiality & shallow dive'!$B$7:$B$17,'Materiality & shallow dive'!$I$7:$I$17) | I17: =SUM(F17:H17) -> 0
A18: 4 | B18: NES | C18: =_xlfn.XLOOKUP($B18,'Materiality & shallow dive'!$B$7:$B$17,'Materiality & shallow dive'!$D$7:$D$17) -> 19.67 | E18: =_xlfn.XLOOKUP($B18,'Materiality & shallow dive'!$B$7:$B$17,'Materiality & shallow dive'!$E$7:$E$17) -> 19.67 | F18: =_xlfn.XLOOKUP($B18,'Materiality & shallow dive'!$B$7:$B$17,'Materiality & shallow dive'!$I$7:$I$17) -> 18.0964 | I18: =SUM(F18:H18) -> 18.0964
A19: 5 | B19: SVE | C19: =_xlfn.XLOOKUP($B19,'Materiality & shallow dive'!$B$7:$B$17,'Materiality & shallow dive'!$D$7:$D$17) -> 30.655418 | E19: =_xlfn.XLOOKUP($B19,'Materiality & shallow dive'!$B$7:$B$17,'Materiality & shallow dive'!$E$7:$E$17) -> 35.1553 | F19: =_xlfn.XLOOKUP($B19,'Materiality & shallow dive'!$B$7:$B$17,'Materiality & shallow dive'!$I$7:$I$17) | H19: ='Deep dive SVE'!B10 -> 31.63977 | I19: =SUM(F19:H19) -> 31.63977
A20: 6 | B20: SWB | C20: =_xlfn.XLOOKUP($B20,'Materiality & shallow dive'!$B$7:$B$17,'Materiality & shallow dive'!$D$7:$D$17) -> 36.088 | E20: =_xlfn.XLOOKUP($B20,'Materiality & shallow dive'!$B$7:$B$17,'Materiality & shallow dive'!$E$7:$E$17) -> 31.18 | F20: =_xlfn.XLOOKUP($B20,'Materiality & shallow dive'!$B$7:$B$17,'Materiality & shallow dive'!$I$7:$I$17) | H20: ='Deep dive SWB'!B10 -> 28.062 | I20: =SUM(F20:H20) -> 28.062
A21: 7 | B21: SRN | C21: =_xlfn.XLOOKUP($B21,'Materiality & shallow dive'!$B$7:$B$17,'Materiality & shallow dive'!$D$7:$D$17) -> 0 | E21: =_xlfn.XLOOKUP($B21,'Materiality & shallow dive'!$B$7:$B$17,'Materiality & shallow dive'!$E$7:$E$17) -> 0 | F21: =_xlfn.XLOOKUP($B21,'Materiality & shallow dive'!$B$7:$B$17,'Materiality & shallow dive'!$I$7:$I$17) | I21: =SUM(F21:H21) -> 0
A22: 8 | B22: TMS | C22: =_xlfn.XLOOKUP($B22,'Materiality & shallow dive'!$B$7:$B$17,'Materiality & shallow dive'!$D$7:$D$17) -> 0 | E22: =_xlfn.XLOOKUP($B22,'Materiality & shallow dive'!$B$7:$B$17,'Materiality & shallow dive'!$E$7:$E$17) -> 0 | F22: =_xlfn.XLOOKUP($B22,'Materiality & shallow dive'!$B$7:$B$17,'Materiality & shallow dive'!$I$7:$I$17) | I22: =SUM(F22:H22) -> 0
A23: 9 | B23: NWT | C23: =_xlfn.XLOOKUP($B23,'Materiality & shallow dive'!$B$7:$B$17,'Materiality & shallow dive'!$D$7:$D$17) -> 33.192123 | E23: =_xlfn.XLOOKUP($B23,'Materiality & shallow dive'!$B$7:$B$17,'Materiality & shallow dive'!$E$7:$E$17) -> 33.192123 | F23: =_xlfn.XLOOKUP($B23,'Materiality & shallow dive'!$B$7:$B$17,'Materiality & shallow dive'!$I$7:$I$17) -> 33.192123 | I23: =SUM(F23:H23) -> 33.192123
A24: 10 | B24: WSX | C24: =_xlfn.XLOOKUP($B24,'Materiality & shallow dive'!$B$7:$B$17,'Materiality & shallow dive'!$D$7:$D$17) -> 0 | E24: =_xlfn.XLOOKUP($B24,'Materiality & shallow dive'!$B$7:$B$17,'Materiality & shallow dive'!$E$7:$E$17) -> 0 | F24: =_xlfn.XLOOKUP($B24,'Materiality & shallow dive'!$B$7:$B$17,'Materiality & shallow dive'!$I$7:$I$17) | I24: =SUM(F24:H24) -> 0
A25: 11 | B25: YKY | C25: =_xlfn.XLOOKUP($B25,'Materiality & shallow dive'!$B$7:$B$17,'Materiality & shallow dive'!$D$7:$D$17) -> 6.0625712 | E25: =_xlfn.XLOOKUP($B25,'Materiality & shallow dive'!$B$7:$B$17,'Materiality & shallow dive'!$E$7:$E$17) -> 6.0625712 | F25: =_xlfn.XLOOKUP($B25,'Materiality & shallow dive'!$B$7:$B$17,'Materiality & shallow dive'!$I$7:$I$17) -> 5.7594426 | I25: =SUM(F25:H25) -> 5.7594426
B26: Total | C26: ='Modelled costs'!B16 -> 162.68411 | E26: =C26 -> 162.68411 | F26: =SUM(F15:F25) -> 74.068966 | G26: =SUM(G15:G25) -> 0 | H26: =SUM(H15:H25) -> 73.69827 | I26: =SUM(I15:I25) -> 147.76724

Sheet Outputs to aggregator
A1: =RIGHT(CELL("filename", $A$1), LEN(CELL("filename", $A$1)) - SEARCH("]", CELL("filename", $A$1))) -> #VALUE!
A3: Summary of submitted costs before and after realocations
B5: Before reallocation | O5: After reallocation
B6: Company | C6: 2023/2024 - transition exp | D6: 2023/2024 - accelerated prog | E6: 2024/2025 - transition exp | F6: 2024/2025 - accelerated prog | G6: 2025/2026 | H6: 2026/2027 | I6: 2027/2028 | J6: 2028/2029 | K6: 2029/2030 | L6: Total | O6: Company | P6: Totex in business plan - wholesale water | Q6: 2023/2024 - transition exp | R6: 2023/2024 - accelerated prog | S6: 2024/2025 - transition exp | T6: 2024/2025 - accelerated prog | U6: 2025/2026 | V6: 2026/2027 | W6: 2027/2028 | X6: 2028/2029 | Y6: 2029/2030 | Z6: Total
B7: =Allowance!B15 -> ANH | C7: {=VLOOKUP($B7&"|"&'Consolidated Input'!$B$9,CHOOSE({1,2},Table1[Acronym]&"|"&Table1[BON code],Table1[2023-24]),2,FALSE)} -> 0 | D7: {=VLOOKUP($B7&"|"&'Consolidated Input'!$B$12,CHOOSE({1,2},Table1[Acronym]&"|"&Table1[BON code],Table1[2023-24]),2,FALSE)} -> 0 | E7: {=VLOOKUP($B7&"|"&'Consolidated Input'!$B$9,CHOOSE({1,2},Table1[Acronym]&"|"&Table1[BON code],Table1[2024-25]),2,FALSE)} -> 0 | F7: {=VLOOKUP($B7&"|"&'Consolidated Input'!$B$12,CHOOSE({1,2},Table1[Acronym]&"|"&Table1[BON code],Table1[2024-25]),2,FALSE)} -> 0 | G7: {=VLOOKUP($B7&"|"&'Consolidated Input'!$B$15,CHOOSE({1,2},Table1[Acronym]&"|"&Table1[BON code],Table1[2025-26]),2,FALSE)} -> 0 | H7: {=VLOOKUP($B7&"|"&'Consolidated Input'!$B$15,CHOOSE({1,2},Table1[Acronym]&"|"&Table1[BON code],Table1[2026-27]),2,FALSE)} -> 1.334 | I7: {=VLOOKUP($B7&"|"&'Consolidated Input'!$B$15,CHOOSE({1,2},Table1[Acronym]&"|"&Table1[BON code],Table1[2027-28]),2,FALSE)} -> 3.781 | J7: {=VLOOKUP($B7&"|"&'Consolidated Input'!$B$15,CHOOSE({1,2},Table1[Acronym]&"|"&Table1[BON code],Table1[2028-29]),2,FALSE)} -> 6.882 | K7: {=VLOOKUP($B7&"|"&'Consolidated Input'!$B$15,CHOOSE({1,2},Table1[Acronym]&"|"&Table1[BON code],Table1[2029-30]),2,FALSE)} -> 5.024 | L7: =SUM(C7:K7) -> 17.021 | O7: =B7 -> ANH | P7: =_xlfn.XLOOKUP($O7,Allowance!$B$15:$B$25,Allowance!$E$15:$E$25) -> 17.021 | Q7: {=VLOOKUP($B7&"|"&'Final Input'!$B$9,CHOOSE({1,2},Table3[Acronym]&"|"&Table3[BON code],Table3[2023-24]),2,FALSE)} -> 0 | R7: {=VLOOKUP($B7&"|"&'Final Input'!$B$12,CHOOSE({1,2},Table3[Acronym]&"|"&Table3[BON code],Table3[2023-24]),2,FALSE)} -> 0 | S7: {=VLOOKUP($B7&"|"&'Final Input'!$B$9,CHOOSE({1,2},Table3[Acronym]&"|"&Table3[BON code],Table3[2024-25]),2,FALSE)} -> 0 | T7: {=VLOOKUP($B7&"|"&'Final Input'!$B$12,CHOOSE({1,2},Table3[Acronym]&"|"&Table3[BON code],Table3[2024-25]),2,FALSE)} -> 0 | U7: {=VLOOKUP($O7&"|"&'Final Input'!$B$15,CHOOSE({1,2},Table3[Acronym]&"|"&Table3[BON code],Table3[2025-26]),2,FALSE)} -> 0 | V7: {=VLOOKUP($O7&"|"&'Final Input'!$B$15,CHOOSE({1,2},Table3[Acronym]&"|"&Table3[BON code],Table3[2026-27]),2,FALSE)} -> 1.334 | W7: {=VLOOKUP($O7&"|"&'Final Input'!$B$15,CHOOSE({1,2},Table3[Acronym]&"|"&Table3[BON code],Table3[2027-28]),2,FALSE)} -> 3.781 | X7: {=VLOOKUP($O7&"|"&'Final Input'!$B$15,CHOOSE({1,2},Table3[Acronym]&"|"&Table3[BON code],Table3[2028-29]),2,FALSE)} -> 6.882 | Y7: {=VLOOKUP($O7&"|"&'Final Input'!$B$15,CHOOSE({1,2},Table3[Acronym]&"|"&Table3[BON code],Table3[2029-30]),2,FALSE)} -> 5.024 | Z7: =SUM(Q7:Y7) -> 17.021
B8: =Allowance!B16 -> WSH | C8: {=VLOOKUP($B8&"|"&'Consolidated Input'!$B$9,CHOOSE({1,2},Table1[Acronym]&"|"&Table1[BON code],Table1[2023-24]),2,FALSE)} -> 0 | D8: {=VLOOKUP($B8&"|"&'Consolidated Input'!$B$12,CHOOSE({1,2},Table1[Acronym]&"|"&Table1[BON code],Table1[2023-24]),2,FALSE)} -> 0 | E8: {=VLOOKUP($B8&"|"&'Consolidated Input'!$B$9,CHOOSE({1,2},Table1[Acronym]&"|"&Table1[BON code],Table1[2024-25]),2,FALSE)} -> 0 | F8: {=VLOOKUP($B8&"|"&'Consolidated Input'!$B$12,CHOOSE({1,2},Table1[Acronym]&"|"&Table1[BON code],Table1[2024-25]),2,FALSE)} -> 0 | G8: {=VLOOKUP($B8&"|"&'Consolidated Input'!$B$15,CHOOSE({1,2},Table1[Acronym]&"|"&Table1[BON code],Table1[2025-26]),2,FALSE)} -> 1.933 | H8: {=VLOOKUP($B8&"|"&'Consolidated Input'!$B$15,CHOOSE({1,2},Table1[Acronym]&"|"&Table1[BON code],Table1[2026-27]),2,FALSE)} -> 3.781 | I8: {=VLOOKUP($B8&"|"&'Consolidated Input'!$B$15,CHOOSE({1,2},Table1[Acronym]&"|"&Table1[BON code],Table1[2027-28]),2,FALSE)} -> 5.622 | J8: {=VLOOKUP($B8&"|"&'Consolidated Input'!$B$15,CHOOSE({1,2},Table1[Acronym]&"|"&Table1[BON code],Table1[2028-29]),2,FALSE)} -> 5.031 | K8: {=VLOOKUP($B8&"|"&'Consolidated Input'!$B$15,CHOOSE({1,2},Table1[Acronym]&"|"&Table1[BON code],Table1[2029-30]),2,FALSE)} -> 3.628 | L8: =SUM(C8:K8) -> 19.995 | O8: =B8 -> WSH | P8: =_xlfn.XLOOKUP($O8,Allowance!$B$15:$B$25,Allowance!$E$15:$E$25) -> 19.995 | Q8: {=VLOOKUP($B8&"|"&'Final Input'!$B$9,CHOOSE({1,2},Table3[Acronym]&"|"&Table3[BON code],Table3[2023-24]),2,FALSE)} -> 0 | R8: {=VLOOKUP($B8&"|"&'Final Input'!$B$12,CHOOSE({1,2},Table3[Acronym]&"|"&Table3[BON code],Table3[2023-24]),2,FALSE)} -> 0 | S8: {=VLOOKUP($B8&"|"&'Final Input'!$B$9,CHOOSE({1,2},Table3[Acronym]&"|"&Table3[BON code],Table3[2024-25]),2,FALSE)} -> 0 | T8: {=VLOOKUP($B8&"|"&'Final Input'!$B$12,CHOOSE({1,2},Table3[Acronym]&"|"&Table3[BON code],Table3[2024-25]),2,FALSE)} -> 0 | U8: {=VLOOKUP($O8&"|"&'Final Input'!$B$15,CHOOSE({1,2},Table3[Acronym]&"|"&Table3[BON code],Table3[2025-26]),2,FALSE)} -> 1.933 | V8: {=VLOOKUP($O8&"|"&'Final Input'!$B$15,CHOOSE({1,2},Table3[Acronym]&"|"&Table3[BON code],Table3[2026-27]),2,FALSE)} -> 3.781 | W8: {=VLOOKUP($O8&"|"&'Final Input'!$B$15,CHOOSE({1,2},Table3[Acronym]&"|"&Table3[BON code],Table3[2027-28]),2,FALSE)} -> 5.622 | X8: {=VLOOKUP($O8&"|"&'Final Input'!$B$15,CHOOSE({1,2},Table3[Acronym]&"|"&Table3[BON code],Table3[2028-29]),2,FALSE)} -> 5.031 | Y8: {=VLOOKUP($O8&"|"&'Final Input'!$B$15,CHOOSE({1,2},Table3[Acronym]&"|"&Table3[BON code],Table3[2029-30]),2,FALSE)} -> 3.628 | Z8: =SUM(Q8:Y8) -> 19.995
B9: HDD | C9: {=VLOOKUP($B9&"|"&'Consolidated Input'!$B$9,CHOOSE({1,2},Table1[Acronym]&"|"&Table1[BON code],Table1[2023-24]),2,FALSE)} -> 0 | D9: {=VLOOKUP($B9&"|"&'Consolidated Input'!$B$12,CHOOSE({1,2},Table1[Acronym]&"|"&Table1[BON code],Table1[2023-24]),2,FALSE)} -> 0 | E9: {=VLOOKUP($B9&"|"&'Consolidated Input'!$B$9,CHOOSE({1,2},Table1[Acronym]&"|"&Table1[BON code],Table1[2024-25]),2,FALSE)} -> 0 | F9: {=VLOOKUP($B9&"|"&'Consolidated Input'!$B$12,CHOOSE({1,2},Table1[Acronym]&"|"&Table1[BON code],Table1[2024-25]),2,FALSE)} -> 0 | G9: {=VLOOKUP($B9&"|"&'Consolidated Input'!$B$15,CHOOSE({1,2},Table1[Acronym]&"|"&Table1[BON code],Table1[2025-26]),2,FALSE)} -> 0 | H9: {=VLOOKUP($B9&"|"&'Consolidated Input'!$B$15,CHOOSE({1,2},Table1[Acronym]&"|"&Table1[BON code],Table1[2026-27]),2,FALSE)} -> 0 | I9: {=VLOOKUP($B9&"|"&'Consolidated Input'!$B$15,CHOOSE({1,2},Table1[Acronym]&"|"&Table1[BON code],Table1[2027-28]),2,FALSE)} -> 0 | J9: {=VLOOKUP($B9&"|"&'Consolidated Input'!$B$15,CHOOSE({1,2},Table1[Acronym]&"|"&Table1[BON code],Table1[2028-29]),2,FALSE)} -> 0 | K9: {=VLOOKUP($B9&"|"&'Consolidated Input'!$B$15,CHOOSE({1,2},Table1[Acronym]&"|"&Table1[BON code],Table1[2029-30]),2,FALSE)} -> 0 | L9: =SUM(C9:K9) -> 0 | O9: =B9 -> HDD | P9: =_xlfn.XLOOKUP($O9,Allowance!$B$15:$B$25,Allowance!$E$15:$E$25) -> 0 | Q9: {=VLOOKUP($B9&"|"&'Final Input'!$B$9,CHOOSE({1,2},Table3[Acronym]&"|"&Table3[BON code],Table3[2023-24]),2,FALSE)} -> 0 | R9: {=VLOOKUP($B9&"|"&'Final Input'!$B$12,CHOOSE({1,2},Table3[Acronym]&"|"&Table3[BON code],Table3[2023-24]),2,FALSE)} -> 0 | S9: {=VLOOKUP($B9&"|"&'Final Input'!$B$9,CHOOSE({1,2},Table3[Acronym]&"|"&Table3[BON code],Table3[2024-25]),2,FALSE)} -> 0 | T9: {=VLOOKUP($B9&"|"&'Final Input'!$B$12,CHOOSE({1,2},Table3[Acronym]&"|"&Table3[BON code],Table3[2024-25]),2,FALSE)} -> 0 | U9: {=VLOOKUP($O9&"|"&'Final Input'!$B$15,CHOOSE({1,2},Table3[Acronym]&"|"&Table3[BON code],Table3[2025-26]),2,FALSE)} -> 0 | V9: {=VLOOKUP($O9&"|"&'Final Input'!$B$15,CHOOSE({1,2},Table3[Acronym]&"|"&Table3[BON code],Table3[2026-27]),2,FALSE)} -> 0 | W9: {=VLOOKUP($O9&"|"&'Final Input'!$B$15,CHOOSE({1,2},Table3[Acronym]&"|"&Table3[BON code],Table3[2027-28]),2,FALSE)} -> 0 | X9: {=VLOOKUP($O9&"|"&'Final Input'!$B$15,CHOOSE({1,2},Table3[Acronym]&"|"&Table3[BON code],Table3[2028-29]),2,FALSE)} -> 0 | Y9: {=VLOOKUP($O9&"|"&'Final Input'!$B$15,CHOOSE({1,2},Table3[Acronym]&"|"&Table3[BON code],Table3[2029-30]),2,FALSE)} -> 0 | Z9: =SUM(Q9:Y9) -> 0
B10: =Allowance!B18 -> NES | C10: {=VLOOKUP($B10&"|"&'Consolidated Input'!$B$9,CHOOSE({1,2},Table1[Acronym]&"|"&Table1[BON code],Table1[2023-24]),2,FALSE)} -> 0 | D10: {=VLOOKUP($B10&"|"&'Consolidated Input'!$B$12,CHOOSE({1,2},Table1[Acronym]&"|"&Table1[BON code],Table1[2023-24]),2,FALSE)} -> 0 | E10: {=VLOOKUP($B10&"|"&'Consolidated Input'!$B$9,CHOOSE({1,2},Table1[Acronym]&"|"&Table1[BON code],Table1[2024-25]),2,FALSE)} -> 0 | F10: {=VLOOKUP($B10&"|"&'Consolidated Input'!$B$12,CHOOSE({1,2},Table1[Acronym]&"|"&Table1[BON code],Table1[2024-25]),2,FALSE)} -> 0 | G10: {=VLOOKUP($B10&"|"&'Consolidated Input'!$B$15,CHOOSE({1,2},Table1[Acronym]&"|"&Table1[BON code],Table1[2025-26]),2,FALSE)} -> 0.718 | H10: {=VLOOKUP($B10&"|"&'Consolidated Input'!$B$15,CHOOSE({1,2},Table1[Acronym]&"|"&Table1[BON code],Table1[2026-27]),2,FALSE)} -> 0.718 | I10: {=VLOOKUP($B10&"|"&'Consolidated Input'!$B$15,CHOOSE({1,2},Table1[Acronym]&"|"&Table1[BON code],Table1[2027-28]),2,FALSE)} -> 8.884 | J10: {=VLOOKUP($B10&"|"&'Consolidated Input'!$B$15,CHOOSE({1,2},Table1[Acronym]&"|"&Table1[BON code],Table1[2028-29]),2,FALSE)} -> 8.8 | K10: {=VLOOKUP($B10&"|"&'Consolidated Input'!$B$15,CHOOSE({1,2},Table1[Acronym]&"|"&Table1[BON code],Table1[2029-30]),2,FALSE)} -> 0.55 | L10: =SUM(C10:K10) -> 19.67 | O10: =B10 -> NES | P10: =_xlfn.XLOOKUP($O10,Allowance!$B$15:$B$25,Allowance!$E$15:$E$25) -> 19.67 | Q10: {=VLOOKUP($B10&"|"&'Final Input'!$B$9,CHOOSE({1,2},Table3[Acronym]&"|"&Table3[BON code],Table3[2023-24]),2,FALSE)} -> 0 | R10: {=VLOOKUP($B10&"|"&'Final Input'!$B$12,CHOOSE({1,2},Table3[Acronym]&"|"&Table3[BON code],Table3[2023-24]),2,FALSE)} -> 0 | S10: {=VLOOKUP($B10&"|"&'Final Input'!$B$9,CHOOSE({1,2},Table3[Acronym]&"|"&Table3[BON code],Table3[2024-25]),2,FALSE)} -> 0 | T10: {=VLOOKUP($B10&"|"&'Final Input'!$B$12,CHOOSE({1,2},Table3[Acronym]&"|"&Table3[BON code],Table3[2024-25]),2,FALSE)} -> 0 | U10: {=VLOOKUP($O10&"|"&'Final Input'!$B$15,CHOOSE({1,2},Table3[Acronym]&"|"&Table3[BON code],Table3[2025-26]),2,FALSE)} -> 0.718 | V10: {=VLOOKUP($O10&"|"&'Final Input'!$B$15,CHOOSE({1,2},Table3[Acronym]&"|"&Table3[BON code],Table3[2026-27]),2,FALSE)} -> 0.718 | W10: {=VLOOKUP($O10&"|"&'Final Input'!$B$15,CHOOSE({1,2},Table3[Acronym]&"|"&Table3[BON code],Table3[2027-28]),2,FALSE)} -> 8.884 | X10: {=VLOOKUP($O10&"|"&'Final Input'!$B$15,CHOOSE({1,2},Table3[Acronym]&"|"&Table3[BON code],Table3[2028-29]),2,FALSE)} -> 8.8 | Y10: {=VLOOKUP($O10&"|"&'Final Input'!$B$15,CHOOSE({1,2},Table3[Acronym]&"|"&Table3[BON code],Table3[2029-30]),2,FALSE)} -> 0.55 | Z10: =SUM(Q10:Y10) -> 19.67
B11: =Allowance!B19 -> SVE | C11: {=VLOOKUP($B11&"|"&'Consolidated Input'!$B$9,CHOOSE({1,2},Table1[Acronym]&"|"&Table1[BON code],Table1[2023-24]),2,FALSE)} -> 0 | D11: {=VLOOKUP($B11&"|"&'Consolidated Input'!$B$12,CHOOSE({1,2},Table1[Acronym]&"|"&Table1[BON code],Table1[2023-24]),2,FALSE)} -> 0 | E11: {=VLOOKUP($B11&"|"&'Consolidated Input'!$B$9,CHOOSE({1,2},Table1[Acronym]&"|"&Table1[BON code],Table1[2024-25]),2,FALSE)} -> 0 | F11: {=VLOOKUP($B11&"|"&'Consolidated Input'!$B$12,CHOOSE({1,2},Table1[Acronym]&"|"&Table1[BON code],Table1[2024-25]),2,FALSE)} -> 0 | G11: {=VLOOKUP($B11&"|"&'Consolidated Input'!$B$15,CHOOSE({1,2},Table1[Acronym]&"|"&Table1[BON code],Table1[2025-26]),2,FALSE)} -> 31.417841 | H11: {=VLOOKUP($B11&"|"&'Consolidated Input'!$B$15,CHOOSE({1,2},Table1[Acronym]&"|"&Table1[BON code],Table1[2026-27]),2,FALSE)} -> -0.18887354 | I11: {=VLOOKUP($B11&"|"&'Consolidated Input'!$B$15,CHOOSE({1,2},Table1[Acronym]&"|"&Table1[BON code],Table1[2027-28]),2,FALSE)} -> -0.19002356 | J11: {=VLOOKUP($B11&"|"&'Consolidated Input'!$B$15,CHOOSE({1,2},Table1[Acronym]&"|"&Table1[BON code],Table1[2028-29]),2,FALSE)} -> -0.19118058 | K11: {=VLOOKUP($B11&"|"&'Consolidated Input'!$B$15,CHOOSE({1,2},Table1[Acronym]&"|"&Table1[BON code],Table1[2029-30]),2,FALSE)} -> -0.19234465 | L11: =SUM(C11:K11) -> 30.655418 | O11: =B11 -> SVE | P11: =_xlfn.XLOOKUP($O11,Allowance!$B$15:$B$25,Allowance!$E$15:$E$25) -> 35.1553 | Q11: {=VLOOKUP($B11&"|"&'Final Input'!$B$9,CHOOSE({1,2},Table3[Acronym]&"|"&Table3[BON code],Table3[2023-24]),2,FALSE)} -> 0 | R11: {=VLOOKUP($B11&"|"&'Final Input'!$B$12,CHOOSE({1,2},Table3[Acronym]&"|"&Table3[BON code],Table3[2023-24]),2,FALSE)} -> 0 | S11: {=VLOOKUP($B11&"|"&'Final Input'!$B$9,CHOOSE({1,2},Table3[Acronym]&"|"&Table3[BON code],Table3[2024-25]),2,FALSE)} -> 4.4998816 | T11: {=VLOOKUP($B11&"|"&'Final Input'!$B$12,CHOOSE({1,2},Table3[Acronym]&"|"&Table3[BON code],Table3[2024-25]),2,FALSE)} -> 0 | U11: {=VLOOKUP($O11&"|"&'Final Input'!$B$15,CHOOSE({1,2},Table3[Acronym]&"|"&Table3[BON code],Table3[2025-26]),2,FALSE)} -> 31.417841 | V11: {=VLOOKUP($O11&"|"&'Final Input'!$B$15,CHOOSE({1,2},Table3[Acronym]&"|"&Table3[BON code],Table3[2026-27]),2,FALSE)} -> -0.18887354 | W11: {=VLOOKUP($O11&"|"&'Final Input'!$B$15,CHOOSE({1,2},Table3[Acronym]&"|"&Table3[BON code],Table3[2027-28]),2,FALSE)} -> -0.19002356 | X11: {=VLOOKUP($O11&"|"&'Final Input'!$B$15,CHOOSE({1,2},Table3[Acronym]&"|"&Table3[BON code],Table3[2028-29]),2,FALSE)} -> -0.19118058 | Y11: {=VLOOKUP($O11&"|"&'Final Input'!$B$15,CHOOSE({1,2},Table3[Acronym]&"|"&Table3[BON code],Table3[2029-30]),2,FALSE)} -> -0.19234465 | Z11: =SUM(Q11:Y11) -> 35.1553
B12: =Allowance!B20 -> SWB | C12: {=VLOOKUP($B12&"|"&'Consolidated Input'!$B$9,CHOOSE({1,2},Table1[Acronym]&"|"&Table1[BON code],Table1[2023-24]),2,FALSE)} -> 0 | D12: {=VLOOKUP($B12&"|"&'Consolidated Input'!$B$12,CHOOSE({1,2},Table1[Acronym]&"|"&Table1[BON code],Table1[2023-24]),2,FALSE)} -> 0 | E12: {=VLOOKUP($B12&"|"&'Consolidated Input'!$B$9,CHOOSE({1,2},Table1[Acronym]&"|"&Table1[BON code],Table1[2024-25]),2,FALSE)} -> 0 | F12: {=VLOOKUP($B12&"|"&'Consolidated Input'!$B$12,CHOOSE({1,2},Table1[Acronym]&"|"&Table1[BON code],Table1[2024-25]),2,FALSE)} -> 0 | G12: {=VLOOKUP($B12&"|"&'Consolidated Input'!$B$15,CHOOSE({1,2},Table1[Acronym]&"|"&Table1[BON code],Table1[2025-26]),2,FALSE)} -> 2.532 | H12: {=VLOOKUP($B12&"|"&'Consolidated Input'!$B$15,CHOOSE({1,2},Table1[Acronym]&"|"&Table1[BON code],Table1[2026-27]),2,FALSE)} -> 6.33 | I12: {=VLOOKUP($B12&"|"&'Consolidated Input'!$B$15,CHOOSE({1,2},Table1[Acronym]&"|"&Table1[BON code],Table1[2027-28]),2,FALSE)} -> 11.186 | J12: {=VLOOKUP($B12&"|"&'Consolidated Input'!$B$15,CHOOSE({1,2},Table1[Acronym]&"|"&Table1[BON code],Table1[2028-29]),2,FALSE)} -> 9.92 | K12: {=VLOOKUP($B12&"|"&'Consolidated Input'!$B$15,CHOOSE({1,2},Table1[Acronym]&"|"&Table1[BON code],Table1[2029-30]),2,FALSE)} -> 6.12 | L12: =SUM(C12:K12) -> 36.088 | O12: =B12 -> SWB | P12: =_xlfn.XLOOKUP($O12,Allowance!$B$15:$B$25,Allowance!$E$15:$E$25) -> 31.18 | Q12: {=VLOOKUP($B12&"|"&'Final Input'!$B$9,CHOOSE({1,2},Table3[Acronym]&"|"&Table3[BON code],Table3[2023-24]),2,FALSE)} -> 0 | R12: {=VLOOKUP($B12&"|"&'Final Input'!$B$12,CHOOSE({1,2},Table3[Acronym]&"|"&Table3[BON code],Table3[2023-24]),2,FALSE)} -> 0 | S12: {=VLOOKUP($B12&"|"&'Final Input'!$B$9,CHOOSE({1,2},Table3[Acronym]&"|"&Table3[BON code],Table3[2024-25]),2,FALSE)} -> 0 | T12: {=VLOOKUP($B12&"|"&'Final Input'!$B$12,CHOOSE({1,2},Table3[Acronym]&"|"&Table3[BON code],Table3[2024-25]),2,FALSE)} -> 0 | U12: {=VLOOKUP($O12&"|"&'Final Input'!$B$15,CHOOSE({1,2},Table3[Acronym]&"|"&Table3[BON code],Table3[2025-26]),2,FALSE)} -> 2.532 | V12: {=VLOOKUP($O12&"|"&'Final Input'!$B$15,CHOOSE({1,2},Table3[Acronym]&"|"&Table3[BON code],Table3[2026-27]),2,FALSE)} -> 6.849 | W12: {=VLOOKUP($O12&"|"&'Final Input'!$B$15,CHOOSE({1,2},Table3[Acronym]&"|"&Table3[BON code],Table3[2027-28]),2,FALSE)} -> 8.601 | X12: {=VLOOKUP($O12&"|"&'Final Input'!$B$15,CHOOSE({1,2},Table3[Acronym]&"|"&Table3[BON code],Table3[2028-29]),2,FALSE)} -> 8.06 | Y12: {=VLOOKUP($O12&"|"&'Final Input'!$B$15,CHOOSE({1,2},Table3[Acronym]&"|"&Table3[BON code],Table3[2029-30]),2,FALSE)} -> 5.138 | Z12: =SUM(Q12:Y12) -> 31.18
B13: =Allowance!B21 -> SRN | C13: {=VLOOKUP($B13&"|"&'Consolidated Input'!$B$9,CHOOSE({1,2},Table1[Acronym]&"|"&Table1[BON code],Table1[2023-24]),2,FALSE)} -> 0 | D13: {=VLOOKUP($B13&"|"&'Consolidated Input'!$B$12,CHOOSE({1,2},Table1[Acronym]&"|"&Table1[BON code],Table1[2023-24]),2,FALSE)} -> 0 | E13: {=VLOOKUP($B13&"|"&'Consolidated Input'!$B$9,CHOOSE({1,2},Table1[Acronym]&"|"&Table1[BON code],Table1[2024-25]),2,FALSE)} -> 0 | F13: {=VLOOKUP($B13&"|"&'Consolidated Input'!$B$12,CHOOSE({1,2},Table1[Acronym]&"|"&Table1[BON code],Table1[2024-25]),2,FALSE)} -> 0 | G13: {=VLOOKUP($B13&"|"&'Consolidated Input'!$B$15,CHOOSE({1,2},Table1[Acronym]&"|"&Table1[BON code],Table1[2025-26]),2,FALSE)} -> 0 | H13: {=VLOOKUP($B13&"|"&'Consolidated Input'!$B$15,CHOOSE({1,2},Table1[Acronym]&"|"&Table1[BON code],Table1[2026-27]),2,FALSE)} -> 0 | I13: {=VLOOKUP($B13&"|"&'Consolidated Input'!$B$15,CHOOSE({1,2},Table1[Acronym]&"|"&Table1[BON code],Table1[2027-28]),2,FALSE)} -> 0 | J13: {=VLOOKUP($B13&"|"&'Consolidated Input'!$B$15,CHOOSE({1,2},Table1[Acronym]&"|"&Table1[BON code],Table1[2028-29]),2,FALSE)} -> 0 | K13: {=VLOOKUP($B13&"|"&'Consolidated Input'!$B$15,CHOOSE({1,2},Table1[Acronym]&"|"&Table1[BON code],Table1[2029-30]),2,FALSE)} -> 0 | L13: =SUM(C13:K13) -> 0 | O13: =B13 -> SRN | P13: =_xlfn.XLOOKUP($O13,Allowance!$B$15:$B$25,Allowance!$E$15:$E$25) -> 0 | Q13: {=VLOOKUP($B13&"|"&'Final Input'!$B$9,CHOOSE({1,2},Table3[Acronym]&"|"&Table3[BON code],Table3[2023-24]),2,FALSE)} -> 0 | R13: {=VLOOKUP($B13&"|"&'Final Input'!$B$12,CHOOSE({1,2},Table3[Acronym]&"|"&Table3[BON code],Table3[2023-24]),2,FALSE)} -> 0 | S13: {=VLOOKUP($B13&"|"&'Final Input'!$B$9,CHOOSE({1,2},Table3[Acronym]&"|"&Table3[BON code],Table3[2024-25]),2,FALSE)} -> 0 | T13: {=VLOOKUP($B13&"|"&'Final Input'!$B$12,CHOOSE({1,2},Table3[Acronym]&"|"&Table3[BON code],Table3[2024-25]),2,FALSE)} -> 0 | U13: {=VLOOKUP($O13&"|"&'Final Input'!$B$15,CHOOSE({1,2},Table3[Acronym]&"|"&Table3[BON code],Table3[2025-26]),2,FALSE)} -> 0 | V13: {=VLOOKUP($O13&"|"&'Final Input'!$B$15,CHOOSE({1,2},Table3[Acronym]&"|"&Table3[BON code],Table3[2026-27]),2,FALSE)} -> 0 | W13: {=VLOOKUP($O13&"|"&'Final Input'!$B$15,CHOOSE({1,2},Table3[Acronym]&"|"&Table3[BON code],Table3[2027-28]),2,FALSE)} -> 0 | X13: {=VLOOKUP($O13&"|"&'Final Input'!$B$15,CHOOSE({1,2},Table3[Acronym]&"|"&Table3[BON code],Table3[2028-29]),2,FALSE)} -> 0 | Y13: {=VLOOKUP($O13&"|"&'Final Input'!$B$15,CHOOSE({1,2},Table3[Acronym]&"|"&Table3[BON code],Table3[2029-30]),2,FALSE)} -> 0 | Z13: =SUM(Q13:Y13) -> 0
B14: =Allowance!B22 -> TMS | C14: {=VLOOKUP($B14&"|"&'Consolidated Input'!$B$9,CHOOSE({1,2},Table1[Acronym]&"|"&Table1[BON code],Table1[2023-24]),2,FALSE)} -> 0 | D14: {=VLOOKUP($B14&"|"&'Consolidated Input'!$B$12,CHOOSE({1,2},Table1[Acronym]&"|"&Table1[BON code],Table1[2023-24]),2,FALSE)} -> 0 | E14: {=VLOOKUP($B14&"|"&'Consolidated Input'!$B$9,CHOOSE({1,2},Table1[Acronym]&"|"&Table1[BON code],Table1[2024-25]),2,FALSE)} -> 0 | F14: {=VLOOKUP($B14&"|"&'Consolidated Input'!$B$12,CHOOSE({1,2},Table1[Acronym]&"|"&Table1[BON code],Table1[2024-25]),2,FALSE)} -> 0 | G14: {=VLOOKUP($B14&"|"&'Consolidated Input'!$B$15,CHOOSE({1,2},Table1[Acronym]&"|"&Table1[BON code],Table1[2025-26]),2,FALSE)} -> 0 | H14: {=VLOOKUP($B14&"|"&'Consolidated Input'!$B$15,CHOOSE({1,2},Table1[Acronym]&"|"&Table1[BON code],Table1[2026-27]),2,FALSE)} -> 0 | I14: {=VLOOKUP($B14&"|"&'Consolidated Input'!$B$15,CHOOSE({1,2},Table1[Acronym]&"|"&Table1[BON code],Table1[2027-28]),2,FALSE)} -> 0 | J14: {=VLOOKUP($B14&"|"&'Consolidated Input'!$B$15,CHOOSE({1,2},Table1[Acronym]&"|"&Table1[BON code],Table1[2028-29]),2,FALSE)} -> 0 | K14: {=VLOOKUP($B14&"|"&'Consolidated Input'!$B$15,CHOOSE({1,2},Table1[Acronym]&"|"&Table1[BON code],Table1[2029-30]),2,FALSE)} -> 0 | L14: =SUM(C14:K14) -> 0 | O14: =B14 -> TMS | P14: =_xlfn.XLOOKUP($O14,Allowance!$B$15:$B$25,Allowance!$E$15:$E$25) -> 0 | Q14: {=VLOOKUP($B14&"|"&'Final Input'!$B$9,CHOOSE({1,2},Table3[Acronym]&"|"&Table3[BON code],Table3[2023-24]),2,FALSE)} -> 0 | R14: {=VLOOKUP($B14&"|"&'Final Input'!$B$12,CHOOSE({1,2},Table3[Acronym]&"|"&Table3[BON code],Table3[2023-24]),2,FALSE)} -> 0 | S14: {=VLOOKUP($B14&"|"&'Final Input'!$B$9,CHOOSE({1,2},Table3[Acronym]&"|"&Table3[BON code],Table3[2024-25]),2,FALSE)} -> 0 | T14: {=VLOOKUP($B14&"|"&'Final Input'!$B$12,CHOOSE({1,2},Table3[Acronym]&"|"&Table3[BON code],Table3[2024-25]),2,FALSE)} -> 0 | U14: {=VLOOKUP($O14&"|"&'Final Input'!$B$15,CHOOSE({1,2},Table3[Acronym]&"|"&Table3[BON code],Table3[2025-26]),2,FALSE)} -> 0 | V14: {=VLOOKUP($O14&"|"&'Final Input'!$B$15,CHOOSE({1,2},Table3[Acronym]&"|"&Table3[BON code],Table3[2026-27]),2,FALSE)} -> 0 | W14: {=VLOOKUP($O14&"|"&'Final Input'!$B$15,CHOOSE({1,2},Table3[Acronym]&"|"&Table3[BON code],Table3[2027-28]),2,FALSE)} -> 0 | X14: {=VLOOKUP($O14&"|"&'Final Input'!$B$15,CHOOSE({1,2},Table3[Acronym]&"|"&Table3[BON code],Table3[2028-29]),2,FALSE)} -> 0 | Y14: {=VLOOKUP($O14&"|"&'Final Input'!$B$15,CHOOSE({1,2},Table3[Acronym]&"|"&Table3[BON code],Table3[2029-30]),2,FALSE)} -> 0 | Z14: =SUM(Q14:Y14) -> 0
B15: =Allowance!B23 -> NWT | C15: {=VLOOKUP($B15&"|"&'Consolidated Input'!$B$9,CHOOSE({1,2},Table1[Acronym]&"|"&Table1[BON code],Table1[2023-24]),2,FALSE)} -> 0 | D15: {=VLOOKUP($B15&"|"&'Consolidated Input'!$B$12,CHOOSE({1,2},Table1[Acronym]&"|"&Table1[BON code],Table1[2023-24]),2,FALSE)} -> 0 | E15: {=VLOOKUP($B15&"|"&'Consolidated Input'!$B$9,CHOOSE({1,2},Table1[Acronym]&"|"&Table1[BON code],Table1[2024-25]),2,FALSE)} -> 0 | F15: {=VLOOKUP($B15&"|"&'Consolidated Input'!$B$12,CHOOSE({1,2},Table1[Acronym]&"|"&Table1[BON code],Table1[2024-25]),2,FALSE)} -> 0 | G15: {=VLOOKUP($B15&"|"&'Consolidated Input'!$B$15,CHOOSE({1,2},Table1[Acronym]&"|"&Table1[BON code],Table1[2025-26]),2,FALSE)} -> 8.8363881 | H15: {=VLOOKUP($B15&"|"&'Consolidated Input'!$B$15,CHOOSE({1,2},Table1[Acronym]&"|"&Table1[BON code],Table1[2026-27]),2,FALSE)} -> 8.9779658 | I15: {=VLOOKUP($B15&"|"&'Consolidated Input'!$B$15,CHOOSE({1,2},Table1[Acronym]&"|"&Table1[BON code],Table1[2027-28]),2,FALSE)} -> 9.0851662 | J15: {=VLOOKUP($B15&"|"&'Consolidated Input'!$B$15,CHOOSE({1,2},Table1[Acronym]&"|"&Table1[BON code],Table1[2028-29]),2,FALSE)} -> 3.1513581 | K15: {=VLOOKUP($B15&"|"&'Consolidated Input'!$B$15,CHOOSE({1,2},Table1[Acronym]&"|"&Table1[BON code],Table1[2029-30]),2,FALSE)} -> 3.1412448 | L15: =SUM(C15:K15) -> 33.192123 | O15: =B15 -> NWT | P15: =_xlfn.XLOOKUP($O15,Allowance!$B$15:$B$25,Allowance!$E$15:$E$25) -> 33.192123 | Q15: {=VLOOKUP($B15&"|"&'Final Input'!$B$9,CHOOSE({1,2},Table3[Acronym]&"|"&Table3[BON code],Table3[2023-24]),2,FALSE)} -> 0 | R15: {=VLOOKUP($B15&"|"&'Final Input'!$B$12,CHOOSE({1,2},Table3[Acronym]&"|"&Table3[BON code],Table3[2023-24]),2,FALSE)} -> 0 | S15: {=VLOOKUP($B15&"|"&'Final Input'!$B$9,CHOOSE({1,2},Table3[Acronym]&"|"&Table3[BON code],Table3[2024-25]),2,FALSE)} -> 0 | T15: {=VLOOKUP($B15&"|"&'Final Input'!$B$12,CHOOSE({1,2},Table3[Acronym]&"|"&Table3[BON code],Table3[2024-25]),2,FALSE)} -> 0 | U15: {=VLOOKUP($O15&"|"&'Final Input'!$B$15,CHOOSE({1,2},Table3[Acronym]&"|"&Table3[BON code],Table3[2025-26]),2,FALSE)} -> 8.8363881 | V15: {=VLOOKUP($O15&"|"&'Final Input'!$B$15,CHOOSE({1,2},Table3[Acronym]&"|"&Table3[BON code],Table3[2026-27]),2,FALSE)} -> 8.9779658 | W15: {=VLOOKUP($O15&"|"&'Final Input'!$B$15,CHOOSE({1,2},Table3[Acronym]&"|"&Table3[BON code],Table3[2027-28]),2,FALSE)} -> 9.0851662 | X15: {=VLOOKUP($O15&"|"&'Final Input'!$B$15,CHOOSE({1,2},Table3[Acronym]&"|"&Table3[BON code],Table3[2028-29]),2,FALSE)} -> 3.1513581 | Y15: {=VLOOKUP($O15&"|"&'Final Input'!$B$15,CHOOSE({1,2},Table3[Acronym]&"|"&Table3[BON code],Table3[2029-30]),2,FALSE)} -> 3.1412448 | Z15: =SUM(Q15:Y15) -> 33.192123
B16: =Allowance!B24 -> WSX | C16: {=VLOOKUP($B16&"|"&'Consolidated Input'!$B$9,CHOOSE({1,2},Table1[Acronym]&"|"&Table1[BON code],Table1[2023-24]),2,FALSE)} -> 0 | D16: {=VLOOKUP($B16&"|"&'Consolidated Input'!$B$12,CHOOSE({1,2},Table1[Acronym]&"|"&Table1[BON code],Table1[2023-24]),2,FALSE)} -> 0 | E16: {=VLOOKUP($B16&"|"&'Consolidated Input'!$B$9,CHOOSE({1,2},Table1[Acronym]&"|"&Table1[BON code],Table1[2024-25]),2,FALSE)} -> 0 | F16: {=VLOOKUP($B16&"|"&'Consolidated Input'!$B$12,CHOOSE({1,2},Table1[Acronym]&"|"&Table1[BON code],Table1[2024-25]),2,FALSE)} -> 0 | G16: {=VLOOKUP($B16&"|"&'Consolidated Input'!$B$15,CHOOSE({1,2},Table1[Acronym]&"|"&Table1[BON code],Table1[2025-26]),2,FALSE)} -> 0 | H16: {=VLOOKUP($B16&"|"&'Consolidated Input'!$B$15,CHOOSE({1,2},Table1[Acronym]&"|"&Table1[BON code],Table1[2026-27]),2,FALSE)} -> 0 | I16: {=VLOOKUP($B16&"|"&'Consolidated Input'!$B$15,CHOOSE({1,2},Table1[Acronym]&"|"&Table1[BON code],Table1[2027-28]),2,FALSE)} -> 0 | J16: {=VLOOKUP($B16&"|"&'Consolidated Input'!$B$15,CHOOSE({1,2},Table1[Acronym]&"|"&Table1[BON code],Table1[2028-29]),2,FALSE)} -> 0 | K16: {=VLOOKUP($B16&"|"&'Consolidated Input'!$B$15,CHOOSE({1,2},Table1[Acronym]&"|"&Table1[BON code],Table1[2029-30]),2,FALSE)} -> 0 | L16: =SUM(C16:K16) -> 0 | O16: =B16 -> WSX | P16: =_xlfn.XLOOKUP($O16,Allowance!$B$15:$B$25,Allowance!$E$15:$E$25) -> 0 | Q16: {=VLOOKUP($B16&"|"&'Final Input'!$B$9,CHOOSE({1,2},Table3[Acronym]&"|"&Table3[BON code],Table3[2023-24]),2,FALSE)} -> 0 | R16: {=VLOOKUP($B16&"|"&'Final Input'!$B$12,CHOOSE({1,2},Table3[Acronym]&"|"&Table3[BON code],Table3[2023-24]),2,FALSE)} -> 0 | S16: {=VLOOKUP($B16&"|"&'Final Input'!$B$9,CHOOSE({1,2},Table3[Acronym]&"|"&Table3[BON code],Table3[2024-25]),2,FALSE)} -> 0 | T16: {=VLOOKUP($B16&"|"&'Final Input'!$B$12,CHOOSE({1,2},Table3[Acronym]&"|"&Table3[BON code],Table3[2024-25]),2,FALSE)} -> 0 | U16: {=VLOOKUP($O16&"|"&'Final Input'!$B$15,CHOOSE({1,2},Table3[Acronym]&"|"&Table3[BON code],Table3[2025-26]),2,FALSE)} -> 0 | V16: {=VLOOKUP($O16&"|"&'Final Input'!$B$15,CHOOSE({1,2},Table3[Acronym]&"|"&Table3[BON code],Table3[2026-27]),2,FALSE)} -> 0 | W16: {=VLOOKUP($O16&"|"&'Final Input'!$B$15,CHOOSE({1,2},Table3[Acronym]&"|"&Table3[BON code],Table3[2027-28]),2,FALSE)} -> 0 | X16: {=VLOOKUP($O16&"|"&'Final Input'!$B$15,CHOOSE({1,2},Table3[Acronym]&"|"&Table3[BON code],Table3[2028-29]),2,FALSE)} -> 0 | Y16: {=VLOOKUP($O16&"|"&'Final Input'!$B$15,CHOOSE({1,2},Table3[Acronym]&"|"&Table3[BON code],Table3[2029-30]),2,FALSE)} -> 0 | Z16: =SUM(Q16:Y16) -> 0
B17: =Allowance!B25 -> YKY | C17: {=VLOOKUP($B17&"|"&'Consolidated Input'!$B$9,CHOOSE({1,2},Table1[Acronym]&"|"&Table1[BON code],Table1[2023-24]),2,FALSE)} -> 0 | D17: {=VLOOKUP($B17&"|"&'Consolidated Input'!$B$12,CHOOSE({1,2},Table1[Acronym]&"|"&Table1[BON code],Table1[2023-24]),2,FALSE)} -> 0 | E17: {=VLOOKUP($B17&"|"&'Consolidated Input'!$B$9,CHOOSE({1,2},Table1[Acronym]&"|"&Table1[BON code],Table1[2024-25]),2,FALSE)} -> 0 | F17: {=VLOOKUP($B17&"|"&'Consolidated Input'!$B$12,CHOOSE({1,2},Table1[Acronym]&"|"&Table1[BON code],Table1[2024-25]),2,FALSE)} -> 0 | G17: {=VLOOKUP($B17&"|"&'Consolidated Input'!$B$15,CHOOSE({1,2},Table1[Acronym]&"|"&Table1[BON code],Table1[2025-26]),2,FALSE)} -> 0 | H17: {=VLOOKUP($B17&"|"&'Consolidated Input'!$B$15,CHOOSE({1,2},Table1[Acronym]&"|"&Table1[BON code],Table1[2026-27]),2,FALSE)} -> 0 | I17: {=VLOOKUP($B17&"|"&'Consolidated Input'!$B$15,CHOOSE({1,2},Table1[Acronym]&"|"&Table1[BON code],Table1[2027-28]),2,FALSE)} -> 2.131 | J17: {=VLOOKUP($B17&"|"&'Consolidated Input'!$B$15,CHOOSE({1,2},Table1[Acronym]&"|"&Table1[BON code],Table1[2028-29]),2,FALSE)} -> 2.531 | K17: {=VLOOKUP($B17&"|"&'Consolidated Input'!$B$15,CHOOSE({1,2},Table1[Acronym]&"|"&Table1[BON code],Table1[2029-30]),2,FALSE)} -> 1.4005712 | L17: =SUM(C17:K17) -> 6.0625712 | O17: =B17 -> YKY | P17: =_xlfn.XLOOKUP($O17,Allowance!$B$15:$B$25,Allowance!$E$15:$E$25) -> 6.0625712 | Q17: {=VLOOKUP($B17&"|"&'Final Input'!$B$9,CHOOSE({1,2},Table3[Acronym]&"|"&Table3[BON code],Table3[2023-24]),2,FALSE)} -> 0 | R17: {=VLOOKUP($B17&"|"&'Final Input'!$B$12,CHOOSE({1,2},Table3[Acronym]&"|"&Table3[BON code],Table3[2023-24]),2,FALSE)} -> 0 | S17: {=VLOOKUP($B17&"|"&'Final Input'!$B$9,CHOOSE({1,2},Table3[Acronym]&"|"&Table3[BON code],Table3[2024-25]),2,FALSE)} -> 0 | T17: {=VLOOKUP($B17&"|"&'Final Input'!$B$12,CHOOSE({1,2},Table3[Acronym]&"|"&Table3[BON code],Table3[2024-25]),2,FALSE)} -> 0 | U17: {=VLOOKUP($O17&"|"&'Final Input'!$B$15,CHOOSE({1,2},Table3[Acronym]&"|"&Table3[BON code],Table3[2025-26]),2,FALSE)} -> 0 | V17: {=VLOOKUP($O17&"|"&'Final Input'!$B$15,CHOOSE({1,2},Table3[Acronym]&"|"&Table3[BON code],Table3[2026-27]),2,FALSE)} -> 0 | W17: {=VLOOKUP($O17&"|"&'Final Input'!$B$15,CHOOSE({1,2},Table3[Acronym]&"|"&Table3[BON code],Table3[2027-28]),2,FALSE)} -> 2.131 | X17: {=VLOOKUP($O17&"|"&'Final Input'!$B$15,CHOOSE({1,2},Table3[Acronym]&"|"&Table3[BON code],Table3[2028-29]),2,FALSE)} -> 2.531 | Y17: {=VLOOKUP($O17&"|"&'Final Input'!$B$15,CHOOSE({1,2},Table3[Acronym]&"|"&Table3[BON code],Table3[2029-30]),2,FALSE)} -> 1.4005712 | Z17: =SUM(Q17:Y17) -> 6.0625712
B18: =Allowance!B26 -> Total | C18: =SUM(C7:C17) -> 0 | D18: =SUM(D7:D17) -> 0 | E18: =SUM(E7:E17) -> 0 | F18: =SUM(F7:F17) -> 0 | G18: =SUM(G7:G17) -> 45.437229 | H18: =SUM(H7:H17) -> 20.952092 | I18: =SUM(I7:I17) -> 40.499143 | J18: =SUM(J7:J17) -> 36.124178 | K18: =SUM(K7:K17) -> 19.671471 | L18: =SUM(C18:K18) -> 162.68411 | O18: =B18 -> Total | P18: =Allowance!E26 -> 162.68411 | Q18: =SUM(Q7:Q17) -> 0 | R18: =SUM(R7:R17) -> 0 | S18: =SUM(S7:S17) -> 4.4998816 | T18: =SUM(T7:T17) -> 0 | U18: =SUM(U7:U17) -> 45.437229 | V18: =SUM(V7:V17) -> 21.471092 | W18: =SUM(W7:W17) -> 37.914143 | X18: =SUM(X7:X17) -> 34.264178 | Y18: =SUM(Y7:Y17) -> 18.689471 | Z18: =SUM(Q18:Y18) -> 162.27599
A20: Summary of allowances based on temporal profiling of submitted costs - for company level allowances
B22: Temporal profiling | O22: Allowances
B23: Company | C23: 2023/2024 - transition exp | D23: 2023/2024 - accelerated prog | E23: 2024/2025 - transition exp | F23: 2024/2025 - accelerated prog | G23: 2025/2026 | H23: 2026/2027 | I23: 2027/2028 | J23: 2028/2029 | K23: 2029/2030 | L23: Check | O23: Company | P23: Total allowances | Q23: 2023/2024 - transition exp | R23: 2023/2024 - accelerated prog | S23: 2024/2025 - transition exp | T23: 2024/2025 - accelerated prog | U23: 2025/2026 | V23: 2026/2027 | W23: 2027/2028 | X23: 2028/2029 | Y23: 2029/2030
B24: =B7 -> ANH | C24: =IFERROR(C7/SUM($C7:$K7), 0) -> 0 | D24: =IFERROR(D7/SUM($C7:$K7), 0) -> 0 | E24: =IFERROR(E7/SUM($C7:$K7), 0) -> 0 | F24: =IFERROR(F7/SUM($C7:$K7), 0) -> 0 | G24: =IFERROR(G7/SUM($C7:$K7), 0) -> 0 | H24: =IFERROR(H7/SUM($C7:$K7), 0) -> 0.078373774 | I24: =IFERROR(I7/SUM($C7:$K7), 0) -> 0.22213736 | J24: =IFERROR(J7/SUM($C7:$K7), 0) -> 0.40432407 | K24: =IFERROR(K7/SUM($C7:$K7), 0) -> 0.2951648 | L24: =IF(SUM(C24:K24)=1, "reconciled","check") -> reconciled | O24: =B7 -> ANH | P24: =_xlfn.XLOOKUP($O24,Allowance!$B$15:$B$25,Allowance!$I$15:$I$25) -> 17.021 | Q24: =C24*$P24 -> 0 | R24: =D24*$P24 -> 0 | S24: =E24*$P24 -> 0 | T24: =F24*$P24 -> 0 | U24: =G24*$P24 -> 0 | V24: =H24*$P24 -> 1.334 | W24: =I24*$P24 -> 3.781 | X24: =J24*$P24 -> 6.882 | Y24: =K24*$P24 -> 5.024
B25: =B8 -> WSH | C25: =IFERROR(C8/SUM($C8:$K8), 0) -> 0 | D25: =IFERROR(D8/SUM($C8:$K8), 0) -> 0 | E25: =IFERROR(E8/SUM($C8:$K8), 0) -> 0 | F25: =IFERROR(F8/SUM($C8:$K8), 0) -> 0 | G25: =IFERROR(G8/SUM($C8:$K8), 0) -> 0.096674169 | H25: =IFERROR(H8/SUM($C8:$K8), 0) -> 0.18909727 | I25: =IFERROR(I8/SUM($C8:$K8), 0) -> 0.28117029 | J25: =IFERROR(J8/SUM($C8:$K8), 0) -> 0.2516129 | K25: =IFERROR(K8/SUM($C8:$K8), 0) -> 0.18144536 | L25: =IF(SUM(C25:K25)=1, "reconciled","check") -> reconciled | O25: =B8 -> WSH | P25: =_xlfn.XLOOKUP($O25,Allowance!$B$15:$B$25,Allowance!$I$15:$I$25) -> 13.9965 | Q25: =C25*$P25 -> 0 | R25: =D25*$P25 -> 0 | S25: =E25*$P25 -> 0 | T25: =F25*$P25 -> 0 | U25: =G25*$P25 -> 1.3531 | V25: =H25*$P25 -> 2.6467 | W25: =I25*$P25 -> 3.9354 | X25: =J25*$P25 -> 3.5217 | Y25: =K25*$P25 -> 2.5396
B26: HDD | C26: =IFERROR(C9/SUM($C9:$K9), 0) -> 0 | D26: =IFERROR(D9/SUM($C9:$K9), 0) -> 0 | E26: =IFERROR(E9/SUM($C9:$K9), 0) -> 0 | F26: =IFERROR(F9/SUM($C9:$K9), 0) -> 0 | G26: =IFERROR(G9/SUM($C9:$K9), 0) -> 0 | H26: =IFERROR(H9/SUM($C9:$K9), 0) -> 0 | I26: =IFERROR(I9/SUM($C9:$K9), 0) -> 0 | J26: =IFERROR(J9/SUM($C9:$K9), 0) -> 0 | K26: =IFERROR(K9/SUM($C9:$K9), 0) -> 0 | L26: =IF(SUM(C26:K26)=1, "reconciled","check") -> check | O26: =B9 -> HDD | P26: =_xlfn.XLOOKUP($O26,Allowance!$B$15:$B$25,Allowance!$I$15:$I$25) -> 0 | Q26: =C26*$P26 -> 0 | R26: =D26*$P26 -> 0 | S26: =E26*$P26 -> 0 | T26: =F26*$P26 -> 0 | U26: =G26*$P26 -> 0 | V26: =H26*$P26 -> 0 | W26: =I26*$P26 -> 0 | X26: =J26*$P26 -> 0 | Y26: =K26*$P26 -> 0
B27: =B10 -> NES | C27: =IFERROR(C10/SUM($C10:$K10), 0) -> 0 | D27: =IFERROR(D10/SUM($C10:$K10), 0) -> 0 | E27: =IFERROR(E10/SUM($C10:$K10), 0) -> 0 | F27: =IFERROR(F10/SUM($C10:$K10), 0) -> 0 | G27: =IFERROR(G10/SUM($C10:$K10), 0) -> 0.036502288 | H27: =IFERROR(H10/SUM($C10:$K10), 0) -> 0.036502288 | I27: =IFERROR(I10/SUM($C10:$K10), 0) -> 0.45165226 | J27: =IFERROR(J10/SUM($C10:$K10), 0) -> 0.4473818 | K27: =IFERROR(K10/SUM($C10:$K10), 0) -> 0.027961362 | L27: =IF(SUM(C27:K27)=1, "reconciled","check") -> reconciled | O27: =B10 -> NES | P27: =_xlfn.XLOOKUP($O27,Allowance!$B$15:$B$25,Allowance!$I$15:$I$25) -> 18.0964 | Q27: =C27*$P27 -> 0 | R27: =D27*$P27 -> 0 | S27: =E27*$P27 -> 0 | T27: =F27*$P27 -> 0 | U27: =G27*$P27 -> 0.66056 | V27: =H27*$P27 -> 0.66056 | W27: =I27*$P27 -> 8.17328 | X27: =J27*$P27 -> 8.096 | Y27: =K27*$P27 -> 0.506
B28: =B11 -> SVE | C28: =IFERROR(C11/SUM($C11:$K11), 0) -> 0 | D28: =IFERROR(D11/SUM($C11:$K11), 0) -> 0 | E28: =IFERROR(E11/SUM($C11:$K11), 0) -> 0 | F28: =IFERROR(F11/SUM($C11:$K11), 0) -> 0 | G28: =IFERROR(G11/SUM($C11:$K11), 0) -> 1.0248707 | H28: =IFERROR(H11/SUM($C11:$K11), 0) -> -0.0061611796 | I28: =IFERROR(I11/SUM($C11:$K11), 0) -> -0.0061986941 | J28: =IFERROR(J11/SUM($C11:$K11), 0) -> -0.0062364369 | K28: =IFERROR(K11/SUM($C11:$K11), 0) -> -0.0062744097 | L28: =IF(SUM(C28:K28)=1, "reconciled","check") -> reconciled | O28: =B11 -> SVE | P28: =_xlfn.XLOOKUP($O28,Allowance!$B$15:$B$25,Allowance!$I$15:$I$25) -> 31.63977 | Q28: =C28*$P28 -> 0 | R28: =D28*$P28 -> 0 | S28: =E28*$P28 -> 0 | T28: =F28*$P28 -> 0 | U28: =G28*$P28 -> 32.426674 | V28: =H28*$P28 -> -0.1949383 | W28: =I28*$P28 -> -0.19612525 | X28: =J28*$P28 -> -0.19731943 | Y28: =K28*$P28 -> -0.19852088
B29: =B12 -> SWB | C29: =IFERROR(C12/SUM($C12:$K12), 0) -> 0 | D29: =IFERROR(D12/SUM($C12:$K12), 0) -> 0 | E29: =IFERROR(E12/SUM($C12:$K12), 0) -> 0 | F29: =IFERROR(F12/SUM($C12:$K12), 0) -> 0 | G29: =IFERROR(G12/SUM($C12:$K12), 0) -> 0.070161827 | H29: =IFERROR(H12/SUM($C12:$K12), 0) -> 0.17540457 | I29: =IFERROR(I12/SUM($C12:$K12), 0) -> 0.30996453 | J29: =IFERROR(J12/SUM($C12:$K12), 0) -> 0.27488362 | K29: =IFERROR(K12/SUM($C12:$K12), 0) -> 0.16958546 | L29: =IF(SUM(C29:K29)=1, "reconciled","check") -> reconciled | O29: =B12 -> SWB | P29: =_xlfn.XLOOKUP($O29,Allowance!$B$15:$B$25,Allowance!$I$15:$I$25) -> 28.062 | Q29: =C29*$P29 -> 0 | R29: =D29*$P29 -> 0 | S29: =E29*$P29 -> 0 | T29: =F29*$P29 -> 0 | U29: =G29*$P29 -> 1.9688812 | V29: =H29*$P29 -> 4.9222029 | W29: =I29*$P29 -> 8.6982247 | X29: =J29*$P29 -> 7.7137841 | Y29: =K29*$P29 -> 4.7589071
B30: =B13 -> SRN | C30: =IFERROR(C13/SUM($C13:$K13), 0) -> 0 | D30: =IFERROR(D13/SUM($C13:$K13), 0) -> 0 | E30: =IFERROR(E13/SUM($C13:$K13), 0) -> 0 | F30: =IFERROR(F13/SUM($C13:$K13), 0) -> 0 | G30: =IFERROR(G13/SUM($C13:$K13), 0) -> 0 | H30: =IFERROR(H13/SUM($C13:$K13), 0) -> 0 | I30: =IFERROR(I13/SUM($C13:$K13), 0) -> 0 | J30: =IFERROR(J13/SUM($C13:$K13), 0) -> 0 | K30: =IFERROR(K13/SUM($C13:$K13), 0) -> 0 | L30: =IF(SUM(C30:K30)=1, "reconciled","check") -> check | O30: =B13 -> SRN | P30: =_xlfn.XLOOKUP($O30,Allowance!$B$15:$B$25,Allowance!$I$15:$I$25) -> 0 | Q30: =C30*$P30 -> 0 | R30: =D30*$P30 -> 0 | S30: =E30*$P30 -> 0 | T30: =F30*$P30 -> 0 | U30: =G30*$P30 -> 0 | V30: =H30*$P30 -> 0 | W30: =I30*$P30 -> 0 | X30: =J30*$P30 -> 0 | Y30: =K30*$P30 -> 0
B31: =B14 -> TMS | C31: =IFERROR(C14/SUM($C14:$K14), 0) -> 0 | D31: =IFERROR(D14/SUM($C14:$K14), 0) -> 0 | E31: =IFERROR(E14/SUM($C14:$K14), 0) -> 0 | F31: =IFERROR(F14/SUM($C14:$K14), 0) -> 0 | G31: =IFERROR(G14/SUM($C14:$K14), 0) -> 0 | H31: =IFERROR(H14/SUM($C14:$K14), 0) -> 0 | I31: =IFERROR(I14/SUM($C14:$K14), 0) -> 0 | J31: =IFERROR(J14/SUM($C14:$K14), 0) -> 0 | K31: =IFERROR(K14/SUM($C14:$K14), 0) -> 0 | L31: =IF(SUM(C31:K31)=1, "reconciled","check") -> check | O31: =B14 -> TMS | P31: =_xlfn.XLOOKUP($O31,Allowance!$B$15:$B$25,Allowance!$I$15:$I$25) -> 0 | Q31: =C31*$P31 -> 0 | R31: =D31*$P31 -> 0 | S31: =E31*$P31 -> 0 | T31: =F31*$P31 -> 0 | U31: =G31*$P31 -> 0 | V31: =H31*$P31 -> 0 | W31: =I31*$P31 -> 0 | X31: =J31*$P31 -> 0 | Y31: =K31*$P31 -> 0
B32: =B15 -> NWT | C32: =IFERROR(C15/SUM($C15:$K15), 0) -> 0 | D32: =IFERROR(D15/SUM($C15:$K15), 0) -> 0 | E32: =IFERROR(E15/SUM($C15:$K15), 0) -> 0 | F32: =IFERROR(F15/SUM($C15:$K15), 0) -> 0 | G32: =IFERROR(G15/SUM($C15:$K15), 0) -> 0.26621943 | H32: =IFERROR(H15/SUM($C15:$K15), 0) -> 0.27048483 | I32: =IFERROR(I15/SUM($C15:$K15), 0) -> 0.27371453 | J32: =IFERROR(J15/SUM($C15:$K15), 0) -> 0.094942951 | K32: =IFERROR(K15/SUM($C15:$K15), 0) -> 0.094638261 | L32: =IF(SUM(C32:K32)=1, "reconciled","check") -> reconciled | O32: =B15 -> NWT | P32: =_xlfn.XLOOKUP($O32,Allowance!$B$15:$B$25,Allowance!$I$15:$I$25) -> 33.192123 | Q32: =C32*$P32 -> 0 | R32: =D32*$P32 -> 0 | S32: =E32*$P32 -> 0 | T32: =F32*$P32 -> 0 | U32: =G32*$P32 -> 8.8363881 | V32: =H32*$P32 -> 8.9779658 | W32: =I32*$P32 -> 9.0851662 | X32: =J32*$P32 -> 3.1513581 | Y32: =K32*$P32 -> 3.1412448
B33: =B16 -> WSX | C33: =IFERROR(C16/SUM($C16:$K16), 0) -> 0 | D33: =IFERROR(D16/SUM($C16:$K16), 0) -> 0 | E33: =IFERROR(E16/SUM($C16:$K16), 0) -> 0 | F33: =IFERROR(F16/SUM($C16:$K16), 0) -> 0 | G33: =IFERROR(G16/SUM($C16:$K16), 0) -> 0 | H33: =IFERROR(H16/SUM($C16:$K16), 0) -> 0 | I33: =IFERROR(I16/SUM($C16:$K16), 0) -> 0 | J33: =IFERROR(J16/SUM($C16:$K16), 0) -> 0 | K33: =IFERROR(K16/SUM($C16:$K16), 0) -> 0 | L33: =IF(SUM(C33:K33)=1, "reconciled","check") -> check | O33: =B16 -> WSX | P33: =_xlfn.XLOOKUP($O33,Allowance!$B$15:$B$25,Allowance!$I$15:$I$25) -> 0 | Q33: =C33*$P33 -> 0 | R33: =D33*$P33 -> 0 | S33: =E33*$P33 -> 0 | T33: =F33*$P33 -> 0 | U33: =G33*$P33 -> 0 | V33: =H33*$P33 -> 0 | W33: =I33*$P33 -> 0 | X33: =J33*$P33 -> 0 | Y33: =K33*$P33 -> 0
B34: =B17 -> YKY | C34: =IFERROR(C17/SUM($C17:$K17), 0) -> 0 | D34: =IFERROR(D17/SUM($C17:$K17), 0) -> 0 | E34: =IFERROR(E17/SUM($C17:$K17), 0) -> 0 | F34: =IFERROR(F17/SUM($C17:$K17), 0) -> 0 | G34: =IFERROR(G17/SUM($C17:$K17), 0) -> 0 | H34: =IFERROR(H17/SUM($C17:$K17), 0) -> 0 | I34: =IFERROR(I17/SUM($C17:$K17), 0) -> 0.35150103 | J34: =IFERROR(J17/SUM($C17:$K17), 0) -> 0.41747963 | K34: =IFERROR(K17/SUM($C17:$K17), 0) -> 0.23101934 | L34: =IF(SUM(C34:K34)=1, "reconciled","check") -> reconciled | O34: =B17 -> YKY | P34: =_xlfn.XLOOKUP($O34,Allowance!$B$15:$B$25,Allowance!$I$15:$I$25) -> 5.7594426 | Q34: =C34*$P34 -> 0 | R34: =D34*$P34 -> 0 | S34: =E34*$P34 -> 0 | T34: =F34*$P34 -> 0 | U34: =G34*$P34 -> 0 | V34: =H34*$P34 -> 0 | W34: =I34*$P34 -> 2.02445 | X34: =J34*$P34 -> 2.40445 | Y34: =K34*$P34 -> 1.3305426
B35: =B18 -> Total | C35: =IFERROR(C18/SUM($C18:$K18), 0) -> 0 | D35: =IFERROR(D18/SUM($C18:$K18), 0) -> 0 | E35: =IFERROR(E18/SUM($C18:$K18), 0) -> 0 | F35: =IFERROR(F18/SUM($C18:$K18), 0) -> 0 | G35: =IFERROR(G18/SUM($C18:$K18), 0) -> 0.27929727 | H35: =IFERROR(H18/SUM($C18:$K18), 0) -> 0.12879003 | I35: =IFERROR(I18/SUM($C18:$K18), 0) -> 0.24894344 | J35: =IFERROR(J18/SUM($C18:$K18), 0) -> 0.22205105 | K35: =IFERROR(K18/SUM($C18:$K18), 0) -> 0.12091821 | L35: =IF(SUM(C35:K35)=1, "reconciled","check") -> reconciled | O35: =B18 -> Total | P35: =SUM(P24:P34) -> 147.76724 | Q35: =C35*$P35 -> 0 | R35: =D35*$P35 -> 0 | S35: =E35*$P35 -> 0 | T35: =F35*$P35 -> 0 | U35: =G35*$P35 -> 41.270986 | V35: =H35*$P35 -> 19.030947 | W35: =I35*$P35 -> 36.785684 | X35: =J35*$P35 -> 32.811869 | Y35: =K35*$P35 -> 17.867749
A37: Summary of allowances based on ad-hoc profiling - for scheme based allowances
B39: Input costs (in £m per year) for scheme(s) that are to be excluded from allowances | O39: Allowances based on ad-hoc profiling
B40: Company | C40: 2023/2024 - transition exp | D40: 2023/2024 - accelerated prog | E40: 2024/2025 - transition exp | F40: 2024/2025 - accelerated prog | G40: 2025/2026 | H40: 2026/2027 | I40: 2027/2028 | J40: 2028/2029 | K40: 2029/2030 | L40: Total | M40: Comment | O40: Company | P40: Total allowances | Q40: 2023/2024 - transition exp | R40: 2023/2024 - accelerated prog | S40: 2024/2025 - transition exp | T40: 2024/2025 - accelerated prog | U40: 2025/2026 | V40: 2026/2027 | W40: 2027/2028 | X40: 2028/2029 | Y40: 2029/2030 | Z40: Checks
B41: =B7 -> ANH | L41: =SUM(C41:K41) -> 0 | O41: =B7 -> ANH | P41: =P24 -> 17.021 | Q41: =IFERROR((Q7-C41)/(SUM($Q7:$Y7)-SUM($C41:$K41))*$P41, 0) -> 0 | R41: =IFERROR((R7-D41)/(SUM($Q7:$Y7)-SUM($C41:$K41))*$P41, 0) -> 0 | S41: =IFERROR((S7-E41)/(SUM($Q7:$Y7)-SUM($C41:$K41))*$P41, 0) -> 0 | T41: =IFERROR((T7-F41)/(SUM($Q7:$Y7)-SUM($C41:$K41))*$P41, 0) -> 0 | U41: =IFERROR((U7-G41)/(SUM($Q7:$Y7)-SUM($C41:$K41))*$P41, 0) -> 0 | V41: =IFERROR((V7-H41)/(SUM($Q7:$Y7)-SUM($C41:$K41))*$P41, 0) -> 1.334 | W41: =IFERROR((W7-I41)/(SUM($Q7:$Y7)-SUM($C41:$K41))*$P41, 0) -> 3.781 | X41: =IFERROR((X7-J41)/(SUM($Q7:$Y7)-SUM($C41:$K41))*$P41, 0) -> 6.882 | Y41: =IFERROR((Y7-K41)/(SUM($Q7:$Y7)-SUM($C41:$K41))*$P41, 0) -> 5.024 | Z41: =IF(SUM(Q41:Y41)=P41, "reconciled","check") -> reconciled
B42: =B8 -> WSH | L42: =SUM(C42:K42) -> 0 | O42: =B8 -> WSH | P42: =P25 -> 13.9965 | Q42: =IFERROR((Q8-C42)/(SUM($Q8:$Y8)-SUM($C42:$K42))*$P42, 0) -> 0 | R42: =IFERROR((R8-D42)/(SUM($Q8:$Y8)-SUM($C42:$K42))*$P42, 0) -> 0 | S42: =IFERROR((S8-E42)/(SUM($Q8:$Y8)-SUM($C42:$K42))*$P42, 0) -> 0 | T42: =IFERROR((T8-F42)/(SUM($Q8:$Y8)-SUM($C42:$K42))*$P42, 0) -> 0 | U42: =IFERROR((U8-G42)/(SUM($Q8:$Y8)-SUM($C42:$K42))*$P42, 0) -> 1.3531 | V42: =IFERROR((V8-H42)/(SUM($Q8:$Y8)-SUM($C42:$K42))*$P42, 0) -> 2.6467 | W42: =IFERROR((W8-I42)/(SUM($Q8:$Y8)-SUM($C42:$K42))*$P42, 0) -> 3.9354 | X42: =IFERROR((X8-J42)/(SUM($Q8:$Y8)-SUM($C42:$K42))*$P42, 0) -> 3.5217 | Y42: =IFERROR((Y8-K42)/(SUM($Q8:$Y8)-SUM($C42:$K42))*$P42, 0) -> 2.5396 | Z42: =IF(SUM(Q42:Y42)=P42, "reconciled","check") -> reconciled
B43: =B10 -> NES | L43: =SUM(C43:K43) -> 0 | O43: =B10 -> NES | P43: =P27 -> 18.0964 | Q43: =IFERROR((Q10-C43)/(SUM($Q10:$Y10)-SUM($C43:$K43))*$P43, 0) -> 0 | R43: =IFERROR((R10-D43)/(SUM($Q10:$Y10)-SUM($C43:$K43))*$P43, 0) -> 0 | S43: =IFERROR((S10-E43)/(SUM($Q10:$Y10)-SUM($C43:$K43))*$P43, 0) -> 0 | T43: =IFERROR((T10-F43)/(SUM($Q10:$Y10)-SUM($C43:$K43))*$P43, 0) -> 0 | U43: =IFERROR((U10-G43)/(SUM($Q10:$Y10)-SUM($C43:$K43))*$P43, 0) -> 0.66056 | V43: =IFERROR((V10-H43)/(SUM($Q10:$Y10)-SUM($C43:$K43))*$P43, 0) -> 0.66056 | W43: =IFERROR((W10-I43)/(SUM($Q10:$Y10)-SUM($C43:$K43))*$P43, 0) -> 8.17328 | X43: =IFERROR((X10-J43)/(SUM($Q10:$Y10)-SUM($C43:$K43))*$P43, 0) -> 8.096 | Y43: =IFERROR((Y10-K43)/(SUM($Q10:$Y10)-SUM($C43:$K43))*$P43, 0) -> 0.506 | Z43: =IF(SUM(Q43:Y43)=P43, "reconciled","check") -> reconciled
B44: =B11 -> SVE | L44: =SUM(C44:K44) -> 0 | O44: =B11 -> SVE | P44: =P28 -> 31.63977 | Q44: =IFERROR((Q11-C44)/(SUM($Q11:$Y11)-SUM($C44:$K44))*$P44, 0) -> 0 | R44: =IFERROR((R11-D44)/(SUM($Q11:$Y11)-SUM($C44:$K44))*$P44, 0) -> 0 | S44: =IFERROR((S11-E44)/(SUM($Q11:$Y11)-SUM($C44:$K44))*$P44, 0) -> 4.0498935 | T44: =IFERROR((T11-F44)/(SUM($Q11:$Y11)-SUM($C44:$K44))*$P44, 0) -> 0 | U44: =IFERROR((U11-G44)/(SUM($Q11:$Y11)-SUM($C44:$K44))*$P44, 0) -> 28.276056 | V44: =IFERROR((V11-H44)/(SUM($Q11:$Y11)-SUM($C44:$K44))*$P44, 0) -> -0.16998618 | W44: =IFERROR((W11-I44)/(SUM($Q11:$Y11)-SUM($C44:$K44))*$P44, 0) -> -0.1710212 | X44: =IFERROR((X11-J44)/(SUM($Q11:$Y11)-SUM($C44:$K44))*$P44, 0) -> -0.17206252 | Y44: =IFERROR((Y11-K44)/(SUM($Q11:$Y11)-SUM($C44:$K44))*$P44, 0) -> -0.17311019 | Z44: =IF(SUM(Q44:Y44)=P44, "reconciled","check") -> reconciled
B45: =B12 -> SWB | L45: =SUM(C45:K45) -> 0 | O45: =B12 -> SWB | P45: =P29 -> 28.062 | Q45: =IFERROR((Q12-C45)/(SUM($Q12:$Y12)-SUM($C45:$K45))*$P45, 0) -> 0 | R45: =IFERROR((R12-D45)/(SUM($Q12:$Y12)-SUM($C45:$K45))*$P45, 0) -> 0 | S45: =IFERROR((S12-E45)/(SUM($Q12:$Y12)-SUM($C45:$K45))*$P45, 0) -> 0 | T45: =IFERROR((T12-F45)/(SUM($Q12:$Y12)-SUM($C45:$K45))*$P45, 0) -> 0 | U45: =IFERROR((U12-G45)/(SUM($Q12:$Y12)-SUM($C45:$K45))*$P45, 0) -> 2.2788 | V45: =IFERROR((V12-H45)/(SUM($Q12:$Y12)-SUM($C45:$K45))*$P45, 0) -> 6.1641 | W45: =IFERROR((W12-I45)/(SUM($Q12:$Y12)-SUM($C45:$K45))*$P45, 0) -> 7.7409 | X45: =IFERROR((X12-J45)/(SUM($Q12:$Y12)-SUM($C45:$K45))*$P45, 0) -> 7.254 | Y45: =IFERROR((Y12-K45)/(SUM($Q12:$Y12)-SUM($C45:$K45))*$P45, 0) -> 4.6242 | Z45: =IF(SUM(Q45:Y45)=P45, "reconciled","check") -> reconciled
B46: =B13 -> SRN | L46: =SUM(C46:K46) -> 0 | O46: =B13 -> SRN | P46: =P30 -> 0 | Q46: =IFERROR((Q13-C46)/(SUM($Q13:$Y13)-SUM($C46:$K46))*$P46, 0) -> 0 | R46: =IFERROR((R13-D46)/(SUM($Q13:$Y13)-SUM($C46:$K46))*$P46, 0) -> 0 | S46: =IFERROR((S13-E46)/(SUM($Q13:$Y13)-SUM($C46:$K46))*$P46, 0) -> 0 | T46: =IFERROR((T13-F46)/(SUM($Q13:$Y13)-SUM($C46:$K46))*$P46, 0) -> 0 | U46: =IFERROR((U13-G46)/(SUM($Q13:$Y13)-SUM($C46:$K46))*$P46, 0) -> 0 | V46: =IFERROR((V13-H46)/(SUM($Q13:$Y13)-SUM($C46:$K46))*$P46, 0) -> 0 | W46: =IFERROR((W13-I46)/(SUM($Q13:$Y13)-SUM($C46:$K46))*$P46, 0) -> 0 | X46: =IFERROR((X13-J46)/(SUM($Q13:$Y13)-SUM($C46:$K46))*$P46, 0) -> 0 | Y46: =IFERROR((Y13-K46)/(SUM($Q13:$Y13)-SUM($C46:$K46))*$P46, 0) -> 0 | Z46: =IF(SUM(Q46:Y46)=P46, "reconciled","check") -> reconciled
